Workbook

Sheet Instrucciones
A1: Advertencias
B2: 1 | C2: SÓLO HAGA CAMBIOS O DIGITE INFORMACIÓN EN LA PESTAÑA DE SUPUESTOS.
B3: 2 | C3: NO HAGA NINGÚN CAMBIO EN LAS DEMÁS PESTAÑAS NI DIGITE INFORMACIÓN EN LAS CASILLAS DEL MODELO.
B4: 3 | C4: NO ELIMINE COLUMNAS O FILAS DEL MODELO.
A5: Instrucciones
B6: 4 | C6: Lea atentamente las ADVERTENCIAS y las INSTRUCCIONES completas.
B7: 5 | C7: Los resultados del modelo están unificados en la pestaña FLUJO DE CAJA. Se presentan los flujos anuales y los supuestos sobre las variables principales.
B8: 6 | C8: Se pueden evaluar 6 ESCENARIOS y hasta 4 CASOS de manera independiente: pestaña FLUJO DE CAJA /casillas B31 y B36. Escoger en el 'Drop-down menu' la opción deseada.
B9: 7 | C9: Los supuestos BASE están en la pestaña SUPUESTOS/columna I
A10: Modificaciones
B11: 8 | C11: Las modificaciones se deben hacer SOLAMENTE en las casillas con fondo azul claro, en las pestañas FLUJO DE CAJA y SUPUESTOS.
B12: 9 | C12: Puede modificar los supuestos en la pestaña SUPUESTOS/columna I
B13: 10 | C13: Puede modificar las variables de los escenarios en la tabla ubicada en la pestaña FLUJO DE CAJA/casilla D30.
B14: 11 | C14: Para modificar los CASOS, vaya al tabla ubicada en la pestaña SUPUESTOS/casilla M23. y casilla M102
A15: Casos adicionales
B16: 12 | C16: Se pueden adicionar dos (2) CASOS nuevos. Ir a la tabla y
A17: Flujo de Caja
B18: 13 | C18: Tiene los resultados acumulados por año de todos los ingresos y egresos.
B19: 14 | C19: TIR: se incluye al valor de la inversión incluyendo lo ejecutado de los convenios 346 de 2019 y 326 de 2020, más el contrato para el desarrollo del Modelo de Sostenibilidad (2020).
A20: Supuestos
B21: Lista de supuestos del modelo:
B22: 15 | C22: IPC anual.
B23: 16 | C23: Carga prestacional de 0% para todos los contratos laborales.
B24: 17 | C24: Cálculo de gastos administrativos sobre la base de los egresos.
B25: 18 | C25: Cantidades, frecuencia y duración de las CONSULTORÍAS de Innovación abierta y Solución de Problemas
B26: 19 | C26: Cantidades, tasas de crecimiento y de desaceleración de los Servicios de Plataforma.
B27: 20 | C27: Precios de LICENCIAS, SERVICIOS DE VALOR y CONSULTORÍAS.
B28: 21 | C28: Salarios mensuales de los diferentes cargos.
B29: 22 | C29: Tiempo de ingreso de los diferentes cargos.
B30: 23 | C30: Coeficiente por consultor: la capacidad de trabajo de los consultores que se traduce en la cantidad de proyectos que un/a CONSULTOR/A puede trabajar en simultáneo.
B31: 24 | C31: Time-to-market: el tiempo que se toma para vender el primer producto/servicio. Dependerá de la capacidad comercial y de desarrollo.
B32: 25 | C32: Costos de plataforma: incluye los costos de desarrollo, de capacidades analíticas, infraestructura.
B33: 26 | C33: Mercadeo: valor mensual del presupuesto para inversión en mercadeo digital.

Sheet Flujo de Caja
A1: valores $ en COP '000,000
A2: Precios | B2: Flujo de caja anual | D2: Año | E2: Año | F2: Año | G2: Año | H2: Año | M2: Escenario: | N2: =B24 -> Mínimo | O2: Año | P2: Año | Q2: Año | R2: Año | S2: Año
A3: =HLOOKUP($B$24,$D$23:$J$27,2,0) -> 1.08 | B3: Escenario: | C3: =B24 -> Mínimo | D3: 1 | E3: 2 | F3: 3 | G3: 4 | H3: 5 | M3: Caso: | N3: =B29 -> Caso 1 | O3: 1 | P3: 2 | Q3: 3 | R3: 4 | S3: 5
A4: Cantidades | B4: Caso: | C4: =B29 -> Caso 1 | M4: Cantidades x línea
A5: =HLOOKUP($B$24,$D$23:$J$27,3,0) -> 1.3 | B5: Ingresos | D5: =SUM(D6:D8) -> 45.36 | E5: =SUM(E6:E8) -> 1030.078 | F5: =SUM(F6:F8) -> 1552.6495 | G5: =SUM(G6:G8) -> 2019.8298 | H5: =SUM(H6:H8) -> 2679.5397 | N5: Lic. Básicas x año | O5: =SUMIF('Ingresos detallado'!$F$2:$BM$2,'Flujo de Caja'!D$3,'Ingresos detallado'!$F$20:$BM$20) -> 6 | P5: =SUMIF('Ingresos detallado'!$F$2:$BM$2,'Flujo de Caja'!E$3,'Ingresos detallado'!$F$20:$BM$20) -> 12 | Q5: =SUMIF('Ingresos detallado'!$F$2:$BM$2,'Flujo de Caja'!F$3,'Ingresos detallado'!$F$20:$BM$20) -> 20 | R5: =SUMIF('Ingresos detallado'!$F$2:$BM$2,'Flujo de Caja'!G$3,'Ingresos detallado'!$F$20:$BM$20) -> 28 | S5: =SUMIF('Ingresos detallado'!$F$2:$BM$2,'Flujo de Caja'!H$3,'Ingresos detallado'!$F$20:$BM$20) -> 36
A6: Time-2-market | C6: Saas | D6: =SUMIF('Ingresos detallado'!$F$2:$BM$2,D$3,'Ingresos detallado'!$F$12:$BM$12) -> 45.36 | E6: =SUMIF('Ingresos detallado'!$F$2:$BM$2,E$3,'Ingresos detallado'!$F$12:$BM$12) -> 479.44 | F6: =SUMIF('Ingresos detallado'!$F$2:$BM$2,F$3,'Ingresos detallado'!$F$12:$BM$12) -> 796.44 | G6: =SUMIF('Ingresos detallado'!$F$2:$BM$2,G$3,'Ingresos detallado'!$F$12:$BM$12) -> 1046.21 | H6: =SUMIF('Ingresos detallado'!$F$2:$BM$2,H$3,'Ingresos detallado'!$F$12:$BM$12) -> 1275.58 | N6: Lic. Premium x año | O6: =SUMIF('Ingresos detallado'!$F$2:$BM$2,'Flujo de Caja'!D$3,'Ingresos detallado'!$F$34:$BM$34) -> 3 | P6: =SUMIF('Ingresos detallado'!$F$2:$BM$2,'Flujo de Caja'!E$3,'Ingresos detallado'!$F$34:$BM$34) -> 12 | Q6: =SUMIF('Ingresos detallado'!$F$2:$BM$2,'Flujo de Caja'!F$3,'Ingresos detallado'!$F$34:$BM$34) -> 20 | R6: =SUMIF('Ingresos detallado'!$F$2:$BM$2,'Flujo de Caja'!G$3,'Ingresos detallado'!$F$34:$BM$34) -> 28 | S6: =SUMIF('Ingresos detallado'!$F$2:$BM$2,'Flujo de Caja'!H$3,'Ingresos detallado'!$F$34:$BM$34) -> 36
A7: =HLOOKUP($B$24,$D$23:$J$27,4,0) -> 1 | C7: Consultoria Bogotech | D7: =SUMIF('Ingresos detallado'!$F$2:$BM$2,D$3,'Ingresos detallado'!$F$75:$BM$75) -> 0 | E7: =SUMIF('Ingresos detallado'!$F$2:$BM$2,E$3,'Ingresos detallado'!$F$75:$BM$75) -> 550.638 | F7: =SUMIF('Ingresos detallado'!$F$2:$BM$2,F$3,'Ingresos detallado'!$F$75:$BM$75) -> 756.20952 | G7: =SUMIF('Ingresos detallado'!$F$2:$BM$2,G$3,'Ingresos detallado'!$F$75:$BM$75) -> 973.61976 | H7: =SUMIF('Ingresos detallado'!$F$2:$BM$2,H$3,'Ingresos detallado'!$F$75:$BM$75) -> 1403.9597 | N7: Segmentación Avanzada x año | O7: =SUMIF('Ingresos detallado'!$F$2:$BM$2,'Flujo de Caja'!D$3,'Ingresos detallado'!$F$47:$BM$47) -> 1 | P7: =SUMIF('Ingresos detallado'!$F$2:$BM$2,'Flujo de Caja'!E$3,'Ingresos detallado'!$F$47:$BM$47) -> 4 | Q7: =SUMIF('Ingresos detallado'!$F$2:$BM$2,'Flujo de Caja'!F$3,'Ingresos detallado'!$F$47:$BM$47) -> 4 | R7: =SUMIF('Ingresos detallado'!$F$2:$BM$2,'Flujo de Caja'!G$3,'Ingresos detallado'!$F$47:$BM$47) -> 6 | S7: =SUMIF('Ingresos detallado'!$F$2:$BM$2,'Flujo de Caja'!H$3,'Ingresos detallado'!$F$47:$BM$47) -> 8
A8: Crecim. Lic | N8: Com. Target nuevas x año | O8: =SUMIF('Ingresos detallado'!$F$2:$BM$2,'Flujo de Caja'!D$3,'Ingresos detallado'!$F$55:$BM$55) -> 0 | P8: =SUMIF('Ingresos detallado'!$F$2:$BM$2,'Flujo de Caja'!E$3,'Ingresos detallado'!$F$55:$BM$55) -> 12 | Q8: =SUMIF('Ingresos detallado'!$F$2:$BM$2,'Flujo de Caja'!F$3,'Ingresos detallado'!$F$55:$BM$55) -> 16 | R8: =SUMIF('Ingresos detallado'!$F$2:$BM$2,'Flujo de Caja'!G$3,'Ingresos detallado'!$F$55:$BM$55) -> 22 | S8: =SUMIF('Ingresos detallado'!$F$2:$BM$2,'Flujo de Caja'!H$3,'Ingresos detallado'!$F$55:$BM$55) -> 26
A9: =B29 -> Caso 1 | B9: Egresos | D9: =SUM(D10:D13) -> 198.64 | E9: =SUM(E10:E13) -> 1001.572 | F9: =SUM(F10:F13) -> 1399.03 | G9: =SUM(G10:G13) -> 1679.6525 | H9: =SUM(H10:H13) -> 1961.8069 | N9: Reportes x año | O9: =SUMIF('Ingresos detallado'!$F$2:$BM$2,'Flujo de Caja'!D$3,'Ingresos detallado'!$F$66:$BM$66) -> 0 | P9: =SUMIF('Ingresos detallado'!$F$2:$BM$2,'Flujo de Caja'!E$3,'Ingresos detallado'!$F$66:$BM$66) -> 468 | Q9: =SUMIF('Ingresos detallado'!$F$2:$BM$2,'Flujo de Caja'!F$3,'Ingresos detallado'!$F$66:$BM$66) -> 1053 | R9: =SUMIF('Ingresos detallado'!$F$2:$BM$2,'Flujo de Caja'!G$3,'Ingresos detallado'!$F$66:$BM$66) -> 1053 | S9: =SUMIF('Ingresos detallado'!$F$2:$BM$2,'Flujo de Caja'!H$3,'Ingresos detallado'!$F$66:$BM$66) -> 1053
A10: =HLOOKUP($B$24,$D$23:$J$27,5,0) -> 1 | C10: Equipo | D10: =SUMIF('Equipo Núcleo'!$F$2:$BM$2,'Flujo de Caja'!D$3,'Equipo Núcleo'!$F$6:$BM$6) -> 136 | E10: =SUMIF('Equipo Núcleo'!$F$2:$BM$2,'Flujo de Caja'!E$3,'Equipo Núcleo'!$F$6:$BM$6) -> 284.28 | F10: =SUMIF('Equipo Núcleo'!$F$2:$BM$2,'Flujo de Caja'!F$3,'Equipo Núcleo'!$F$6:$BM$6) -> 407.3856 | G10: =SUMIF('Equipo Núcleo'!$F$2:$BM$2,'Flujo de Caja'!G$3,'Equipo Núcleo'!$F$6:$BM$6) -> 485.17079 | H10: =SUMIF('Equipo Núcleo'!$F$2:$BM$2,'Flujo de Caja'!H$3,'Equipo Núcleo'!$F$6:$BM$6) -> 567.25644
A11: Mes 1era venta | C11: Plataforma | D11: =SUMIF(Plataforma!$F$2:$BM$2,'Flujo de Caja'!D$3,Plataforma!$F$6:$BM$6) -> 55 | E11: =SUMIF(Plataforma!$F$2:$BM$2,'Flujo de Caja'!E$3,Plataforma!$F$6:$BM$6) -> 310.03 | F11: =SUMIF(Plataforma!$F$2:$BM$2,'Flujo de Caja'!F$3,Plataforma!$F$6:$BM$6) -> 440.2735 | G11: =SUMIF(Plataforma!$F$2:$BM$2,'Flujo de Caja'!G$3,Plataforma!$F$6:$BM$6) -> 453.4817 | H11: =SUMIF(Plataforma!$F$2:$BM$2,'Flujo de Caja'!H$3,Plataforma!$F$6:$BM$6) -> 467.08616 | N11: Proyectos Solución expertos | O11: =SUMIF('Ingresos detallado'!$F$2:$BM$2,'Flujo de Caja'!D$3,'Ingresos detallado'!$F$134:$BM$134) -> 0 | P11: =SUMIF('Ingresos detallado'!$F$2:$BM$2,'Flujo de Caja'!E$3,'Ingresos detallado'!$F$134:$BM$134) -> 6 | Q11: =SUMIF('Ingresos detallado'!$F$2:$BM$2,'Flujo de Caja'!F$3,'Ingresos detallado'!$F$134:$BM$134) -> 8 | R11: =SUMIF('Ingresos detallado'!$F$2:$BM$2,'Flujo de Caja'!G$3,'Ingresos detallado'!$F$134:$BM$134) -> 10 | S11: =SUMIF('Ingresos detallado'!$F$2:$BM$2,'Flujo de Caja'!H$3,'Ingresos detallado'!$F$134:$BM$134) -> 14
A12: =Supuestos!D80 -> 4 | C12: Consultoría Bogotech | D12: =SUMIF(Consult_Bogotech!$F$2:$BM$2,'Flujo de Caja'!D$3,Consult_Bogotech!$F$6:$BM$6) -> 0 | E12: =SUMIF(Consult_Bogotech!$F$2:$BM$2,'Flujo de Caja'!E$3,Consult_Bogotech!$F$6:$BM$6) -> 368.74 | F12: =SUMIF(Consult_Bogotech!$F$2:$BM$2,'Flujo de Caja'!F$3,Consult_Bogotech!$F$6:$BM$6) -> 497.5621 | G12: =SUMIF(Consult_Bogotech!$F$2:$BM$2,'Flujo de Caja'!G$3,Consult_Bogotech!$F$6:$BM$6) -> 676.39801 | H12: =SUMIF(Consult_Bogotech!$F$2:$BM$2,'Flujo de Caja'!H$3,Consult_Bogotech!$F$6:$BM$6) -> 852.01017 | N12: Consultorías solución univ | O12: =SUMIF('Ingresos detallado'!$F$2:$BM$2,'Flujo de Caja'!D$3,'Ingresos detallado'!$F$146:$BM$146) -> 0 | P12: =SUMIF('Ingresos detallado'!$F$2:$BM$2,'Flujo de Caja'!E$3,'Ingresos detallado'!$F$146:$BM$146) -> 9 | Q12: =SUMIF('Ingresos detallado'!$F$2:$BM$2,'Flujo de Caja'!F$3,'Ingresos detallado'!$F$146:$BM$146) -> 12 | R12: =SUMIF('Ingresos detallado'!$F$2:$BM$2,'Flujo de Caja'!G$3,'Ingresos detallado'!$F$146:$BM$146) -> 15 | S12: =SUMIF('Ingresos detallado'!$F$2:$BM$2,'Flujo de Caja'!H$3,'Ingresos detallado'!$F$146:$BM$146) -> 21
C13: Gastos admin | D13: =SUMIF(Consult_Bogotech!$F$2:$BM$2,'Flujo de Caja'!D$3,Consult_Bogotech!$F$7:$BM$7)+SUMIF(Plataforma!$F$2:$BM$2,'Flujo de Caja'!D$3,Plataforma!$F$7:$BM$7)+SUMIF('Equipo Núcleo'!$F$2:$BM$2,'Flujo de Caja'!D$3,'Equipo Núcleo'!$F$7:$BM$7) -> 7.64 | E13: =SUMIF(Consult_Bogotech!$F$2:$BM$2,'Flujo de Caja'!E$3,Consult_Bogotech!$F$7:$BM$7)+SUMIF(Plataforma!$F$2:$BM$2,'Flujo de Caja'!E$3,Plataforma!$F$7:$BM$7)+SUMIF('Equipo Núcleo'!$F$2:$BM$2,'Flujo de Caja'!E$3,'Equipo Núcleo'!$F$7:$BM$7) -> 38.522 | F13: =SUMIF(Consult_Bogotech!$F$2:$BM$2,'Flujo de Caja'!F$3,Consult_Bogotech!$F$7:$BM$7)+SUMIF(Plataforma!$F$2:$BM$2,'Flujo de Caja'!F$3,Plataforma!$F$7:$BM$7)+SUMIF('Equipo Núcleo'!$F$2:$BM$2,'Flujo de Caja'!F$3,'Equipo Núcleo'!$F$7:$BM$7) -> 53.808848 | G13: =SUMIF(Consult_Bogotech!$F$2:$BM$2,'Flujo de Caja'!G$3,Consult_Bogotech!$F$7:$BM$7)+SUMIF(Plataforma!$F$2:$BM$2,'Flujo de Caja'!G$3,Plataforma!$F$7:$BM$7)+SUMIF('Equipo Núcleo'!$F$2:$BM$2,'Flujo de Caja'!G$3,'Equipo Núcleo'!$F$7:$BM$7) -> 64.60202 | H13: =SUMIF(Consult_Bogotech!$F$2:$BM$2,'Flujo de Caja'!H$3,Consult_Bogotech!$F$7:$BM$7)+SUMIF(Plataforma!$F$2:$BM$2,'Flujo de Caja'!H$3,Plataforma!$F$7:$BM$7)+SUMIF('Equipo Núcleo'!$F$2:$BM$2,'Flujo de Caja'!H$3,'Equipo Núcleo'!$F$7:$BM$7) -> 75.454111
A14: IPC
A15: 0.03 | B15: Utilidad Bogotech Abierta | D15: =D5-D9 -> -153.28 | E15: =E5-E9 -> 28.506 | F15: =F5-F9 -> 153.61947 | G15: =G5-G9 -> 340.17723 | H15: =H5-H9 -> 717.73281 | M15: Ventas $$
K16: ='Flujo Mensual'!F12 -> 3 | N16: Lic. Básicas x año | O16: =SUMIF('Ingresos detallado'!$F$2:$BM$2,'Flujo de Caja'!D$3,'Ingresos detallado'!$F$14:$BM$14) -> 22.68 | P16: =SUMIF('Ingresos detallado'!$F$2:$BM$2,'Flujo de Caja'!E$3,'Ingresos detallado'!$F$14:$BM$14) -> 46.8 | Q16: =SUMIF('Ingresos detallado'!$F$2:$BM$2,'Flujo de Caja'!F$3,'Ingresos detallado'!$F$14:$BM$14) -> 80.4 | R16: =SUMIF('Ingresos detallado'!$F$2:$BM$2,'Flujo de Caja'!G$3,'Ingresos detallado'!$F$14:$BM$14) -> 116.2 | S16: =SUMIF('Ingresos detallado'!$F$2:$BM$2,'Flujo de Caja'!H$3,'Ingresos detallado'!$F$14:$BM$14) -> 154.08
N17: Lic. Premium x año | O17: =SUMIF('Ingresos detallado'!$F$2:$BM$2,'Flujo de Caja'!D$3,'Ingresos detallado'!$F$28:$BM$28) -> 22.68 | P17: =SUMIF('Ingresos detallado'!$F$2:$BM$2,'Flujo de Caja'!E$3,'Ingresos detallado'!$F$28:$BM$28) -> 93.48 | Q17: =SUMIF('Ingresos detallado'!$F$2:$BM$2,'Flujo de Caja'!F$3,'Ingresos detallado'!$F$28:$BM$28) -> 160.6 | R17: =SUMIF('Ingresos detallado'!$F$2:$BM$2,'Flujo de Caja'!G$3,'Ingresos detallado'!$F$28:$BM$28) -> 231.84 | S17: =SUMIF('Ingresos detallado'!$F$2:$BM$2,'Flujo de Caja'!H$3,'Ingresos detallado'!$F$28:$BM$28) -> 307.08
A18: TIR | C18: =C3 -> Mínimo | D18: =D3 -> 1 | E18: =E3 -> 2 | F18: =F3 -> 3 | G18: =G3 -> 4 | H18: =H3 -> 5 | N18: Segmentación Avanzada x año | O18: =SUMIF('Ingresos detallado'!$F$2:$BM$2,'Flujo de Caja'!D$3,'Ingresos detallado'!$F$42:$BM$42) -> 0 | P18: =SUMIF('Ingresos detallado'!$F$2:$BM$2,'Flujo de Caja'!E$3,'Ingresos detallado'!$F$42:$BM$42) -> 44.56 | Q18: =SUMIF('Ingresos detallado'!$F$2:$BM$2,'Flujo de Caja'!F$3,'Ingresos detallado'!$F$42:$BM$42) -> 45.92 | R18: =SUMIF('Ingresos detallado'!$F$2:$BM$2,'Flujo de Caja'!G$3,'Ingresos detallado'!$F$42:$BM$42) -> 71.04 | S18: =SUMIF('Ingresos detallado'!$F$2:$BM$2,'Flujo de Caja'!H$3,'Ingresos detallado'!$F$42:$BM$42) -> 97.6
A19: Saldo flujo caja anual | C19: =-300.419988-60.516 -> -360.93599 | D19: =D15 -> -153.28 | E19: =E15 -> 28.506 | F19: =F15 -> 153.61947 | G19: =G15 -> 340.17723 | H19: =H15 -> 717.73281 | N19: Com. Target nuevas x año | O19: =SUMIF('Ingresos detallado'!$F$2:$BM$2,'Flujo de Caja'!D$3,'Ingresos detallado'!$F$52:$BM$52) -> 0 | P19: =SUMIF('Ingresos detallado'!$F$2:$BM$2,'Flujo de Caja'!E$3,'Ingresos detallado'!$F$52:$BM$52) -> 186.96 | Q19: =SUMIF('Ingresos detallado'!$F$2:$BM$2,'Flujo de Caja'!F$3,'Ingresos detallado'!$F$52:$BM$52) -> 256.8 | R19: =SUMIF('Ingresos detallado'!$F$2:$BM$2,'Flujo de Caja'!G$3,'Ingresos detallado'!$F$52:$BM$52) -> 363.88 | S19: =SUMIF('Ingresos detallado'!$F$2:$BM$2,'Flujo de Caja'!H$3,'Ingresos detallado'!$F$52:$BM$52) -> 443.04
B20: TIR Bogotech Abierta | C20: =IRR(C19:H19,25%) -> 0.24208541 | N20: Reportes x año | O20: =SUMIF('Ingresos detallado'!$F$2:$BM$2,'Flujo de Caja'!D$3,'Ingresos detallado'!$F$64:$BM$64) -> 0 | P20: =SUMIF('Ingresos detallado'!$F$2:$BM$2,'Flujo de Caja'!E$3,'Ingresos detallado'!$F$64:$BM$64) -> 107.64 | Q20: =SUMIF('Ingresos detallado'!$F$2:$BM$2,'Flujo de Caja'!F$3,'Ingresos detallado'!$F$64:$BM$64) -> 252.72 | R20: =SUMIF('Ingresos detallado'!$F$2:$BM$2,'Flujo de Caja'!G$3,'Ingresos detallado'!$F$64:$BM$64) -> 263.25 | S20: =SUMIF('Ingresos detallado'!$F$2:$BM$2,'Flujo de Caja'!H$3,'Ingresos detallado'!$F$64:$BM$64) -> 273.78
A21: valores $ en COP '000,000 | O21: =SUM(O16:O20) -> 45.36 | P21: =SUM(P16:P20) -> 479.44 | Q21: =SUM(Q16:Q20) -> 796.44 | R21: =SUM(R16:R20) -> 1046.21 | S21: =SUM(S16:S20) -> 1275.58
P22: =P21/O21-1 -> 9.5696649 | Q22: =Q21/P21-1 -> 0.66118805 | R22: =R21/Q21-1 -> 0.31360806 | S22: =S21/R21-1 -> 0.21923897
A23: Escenario | D23: Base | E23: Mínimo | F23: Pesimista | G23: Optimista | H23: Lím. Precios | I23: Lím. Cantidades | J23: Lím. Time2Market | N23: Solución expertos | O23: =SUMIF('Ingresos detallado'!$F$2:$BM$2,'Flujo de Caja'!D$3,'Ingresos detallado'!$F$131:$BM$131) -> 0 | P23: =SUMIF('Ingresos detallado'!$F$2:$BM$2,'Flujo de Caja'!E$3,'Ingresos detallado'!$F$131:$BM$131) -> 300.348 | Q23: =SUMIF('Ingresos detallado'!$F$2:$BM$2,'Flujo de Caja'!F$3,'Ingresos detallado'!$F$131:$BM$131) -> 412.47792 | R23: =SUMIF('Ingresos detallado'!$F$2:$BM$2,'Flujo de Caja'!G$3,'Ingresos detallado'!$F$131:$BM$131) -> 531.06532 | S23: =SUMIF('Ingresos detallado'!$F$2:$BM$2,'Flujo de Caja'!H$3,'Ingresos detallado'!$F$131:$BM$131) -> 765.79619
A24: Elija la opción " | B24: Mínimo | C24: Precios | D24: 1.1 | E24: 1.08 | F24: 1.08 | G24: 1.1 | H24: 1.1 | I24: 1.1 | J24: 1.1 | N24: Solución universidades | O24: =SUMIF('Ingresos detallado'!$F$2:$BM$2,'Flujo de Caja'!D$3,'Ingresos detallado'!$F$143:$BM$143) -> 0 | P24: =SUMIF('Ingresos detallado'!$F$2:$BM$2,'Flujo de Caja'!E$3,'Ingresos detallado'!$F$143:$BM$143) -> 250.29 | Q24: =SUMIF('Ingresos detallado'!$F$2:$BM$2,'Flujo de Caja'!F$3,'Ingresos detallado'!$F$143:$BM$143) -> 343.7316 | R24: =SUMIF('Ingresos detallado'!$F$2:$BM$2,'Flujo de Caja'!G$3,'Ingresos detallado'!$F$143:$BM$143) -> 442.55444 | S24: =SUMIF('Ingresos detallado'!$F$2:$BM$2,'Flujo de Caja'!H$3,'Ingresos detallado'!$F$143:$BM$143) -> 638.1635
C25: Cantidades | D25: 1.1 | E25: 1.3 | F25: 0.9 | G25: 1.5 | H25: 1.1 | I25: 1.1 | J25: 1.1 | O25: =SUM(O23:O24) -> 0 | P25: =SUM(P23:P24) -> 550.638 | Q25: =SUM(Q23:Q24) -> 756.20952 | R25: =SUM(R23:R24) -> 973.61976 | S25: =SUM(S23:S24) -> 1403.9597
C26: Time-2-Market | D26: 1 | E26: 1 | F26: 1.8 | G26: 1 | H26: 1 | I26: 1 | J26: 3 | Q26: =Q25/P25-1 -> 0.37333333 | R26: =R25/Q25-1 -> 0.2875 | S26: =S25/R25-1 -> 0.442
C27: Crecim. Lic | D27: 2 | E27: 1 | F27: 1 | G27: 1 | H27: =G27 -> 1 | I27: 2 | J27: 2
A28: Caso
A29: Elija la opción " | B29: Caso 1 | C29: ver casos

Sheet Supuestos
A1: ='Flujo de Caja'!$A$1 -> valores $ en COP '000,000
D2: Año | E2: Año | F2: Año | G2: Año | H2: Año | I2: Base
A3: 1 | D3: 1 | E3: 2 | F3: 3 | G3: 4 | H3: 5
A4: 2 | B4: Ipc | D4: =I4 -> 0.03 | E4: =D4 -> 0.03 | F4: =E4 -> 0.03 | G4: =F4 -> 0.03 | H4: =G4 -> 0.03 | I4: 0.03
A5: 3 | B5: Carga prestacional | D5: =I5 -> 0 | E5: =D5 -> 0 | F5: =E5 -> 0 | G5: =F5 -> 0 | H5: =G5 -> 0 | I5: 0
A6: 4 | B6: Costos administrativos | D6: =I6 -> 0.04 | E6: =D6 -> 0.04 | F6: =E6 -> 0.04 | G6: =F6 -> 0.04 | H6: =G6 -> 0.04 | I6: 0.04
A7: 5
A8: 6 | B8: Consultorías | D8: Año 1 | E8: Año 2 | F8: Año 3 | G8: Año 4 | H8: Año 5 | I8: Base | J8: ='Flujo de Caja'!$A$5 -> 1.3
A9: 7 | B9: Alcance Primario x frecuencia | D9: =I9 -> 2 | E9: 2 | F9: 4 | G9: 6 | H9: 8 | I9: 2
A10: 8 | B10: Duración Alcance Primario (meses) | D10: =$I10 -> 6 | E10: =$I10 -> 6 | F10: =$I10 -> 6 | G10: =$I10 -> 6 | H10: =$I10 -> 6 | I10: 6
A11: 9 | B11: Frecuencia Alcance Primario (meses) | D11: =$I11 -> 6 | E11: =$I11 -> 6 | F11: =$I11 -> 6 | G11: =$I11 -> 6 | H11: =$I11 -> 6 | I11: 6
A12: 10 | B12: Alcance Medio x frecuencia | D12: =I12 -> 2 | E12: 2 | F12: 4 | G12: 6 | H12: 8 | I12: 2
A13: 11 | B13: Duración Alcance Medio (meses) | D13: =$I13 -> 8 | E13: =$I13 -> 8 | F13: =$I13 -> 8 | G13: =$I13 -> 8 | H13: =$I13 -> 8 | I13: 8
A14: 12 | B14: Frecuencia Alcance Medio (meses) | D14: =$I14 -> 6 | E14: =$I14 -> 6 | F14: =$I14 -> 6 | G14: =$I14 -> 6 | H14: =$I14 -> 6 | I14: 6
A15: 13 | B15: Alcance Profundo x frecuencia | D15: =I15 -> 1 | E15: 2 | F15: 4 | G15: 6 | H15: 8 | I15: 1
A16: 14 | B16: Duración Alcance Profundo (meses) | D16: =$I16 -> 12 | E16: =$I16 -> 12 | F16: =$I16 -> 12 | G16: =$I16 -> 12 | H16: =$I16 -> 12 | I16: 12
A17: 15 | B17: Frecuencia Alcance Profundo (meses) | D17: =$I17 -> 6 | E17: =$I17 -> 6 | F17: =$I17 -> 6 | G17: =$I17 -> 6 | H17: =$I17 -> 6 | I17: 6
A18: 16 | B18: Grandes proyectos x frecuencia | D18: =ROUND(I18*$J$116,0) -> 1 | E18: =ROUND(1*$J$116,0) -> 1 | F18: =ROUND(1*$J$116,0) -> 1 | G18: =ROUND(1*$J$116,0) -> 1 | H18: =ROUND(1*$J$116,0) -> 1 | I18: 1
A19: 17 | B19: Duración Grandes proyectos (meses) | D19: =I19 -> 12 | E19: =D19 -> 12 | F19: =E19 -> 12 | G19: =F19 -> 12 | H19: =G19 -> 12 | I19: 12
A20: 18 | B20: Frecuencia Grandes proyectos (meses) | D20: =I20 -> 6 | E20: =D20 -> 6 | F20: =E20 -> 6 | G20: =F20 -> 6 | H20: =G20 -> 6 | I20: 6
A21: 19
A22: 20 | B22: Solución Expertos x frecuencia | D22: =ROUND(D23*$J$8,0) -> 1 | E22: =ROUND(E23*$J$8,0) -> 3 | F22: =ROUND(F23*$J$8,0) -> 4 | G22: =ROUND(G23*$J$8,0) -> 5 | H22: =ROUND(H23*$J$8,0) -> 7
A23: 21 | B23: base Solución Expertos. x frecuencia | D23: =ROUND((0+I23),1) -> 1 | E23: =ROUND(D23*(1+E24),1) -> 2 | F23: =ROUND(E23*(1+F24),1) -> 3 | G23: =ROUND(F23*(1+G24),1) -> 4 | H23: =ROUND(G23*(1+H24),1) -> 5 | I23: 1
A24: 22 | B24: Crecim. Solución Expertos | E24: =I24 -> 1 | F24: =E24*1/2 -> 0.5 | G24: =F24*2/3 -> 0.33333333 | H24: =G24*3/4 -> 0.25 | I24: 1
A26: 23 | B26: Duración Solución Expertos (meses) | D26: =$I26 -> 3 | E26: =$I26 -> 3 | F26: =$I26 -> 3 | G26: =$I26 -> 3 | H26: =$I26 -> 3 | I26: 3
A27: 24 | B27: Frecuencia Solución Expertos (meses) | D27: =$I27 -> 6 | E27: =$I27 -> 6 | F27: =$I27 -> 6 | G27: =$I27 -> 6 | H27: =$I27 -> 6 | I27: 6
A28: 25 | B28: Solución Univ. x frecuencia | D28: =ROUND(D29*$J$8,0) -> 1 | E28: =ROUND(E29*$J$8,0) -> 3 | F28: =ROUND(F29*$J$8,0) -> 4 | G28: =ROUND(G29*$J$8,0) -> 5 | H28: =ROUND(H29*$J$8,0) -> 7
A29: 26 | B29: base Solución Univ. x frecuencia | D29: =ROUND((0+I29),1) -> 1 | E29: =ROUND(D29*(1+E30),1) -> 2 | F29: =ROUND(E29*(1+F30),1) -> 3 | G29: =ROUND(F29*(1+G30),1) -> 4 | H29: =ROUND(G29*(1+H30),1) -> 5 | I29: 1
A30: 27 | B30: Crecim. Solución Univ. | E30: =I30 -> 1 | F30: =E30*1/2 -> 0.5 | G30: =F30*2/3 -> 0.33333333 | H30: =G30*3/4 -> 0.25 | I30: =I24 -> 1
A31: 28 | B31: Duración Solución Univ. (meses) | D31: =$I31 -> 3 | E31: =$I31 -> 3 | F31: =$I31 -> 3 | G31: =$I31 -> 3 | H31: =$I31 -> 3 | I31: 3
A32: 29 | B32: Frecuencia Solución Univ. (meses) | D32: =$I32 -> 4 | E32: =$I32 -> 4 | F32: =$I32 -> 4 | G32: =$I32 -> 4 | H32: =$I32 -> 4 | I32: 4
A33: 30
A34: 31
A35: 32 | D35: Año 1 | E35: Año 2 | F35: Año 3 | G35: Año 4 | H35: Año 5 | I35: Base | J35: ='Flujo de Caja'!$A$5 -> 1.3
A36: 33 | B36: Base Lic. Básicas nuevas x frecuencia | D36: =ROUND((0+I36),1) -> 2 | E36: =ROUND(D36*(1+E37),1) -> 4 | F36: =ROUND(E36*(1+F37),1) -> 7 | G36: =ROUND(F36*(1+G37),1) -> 10.5 | H36: =ROUND(G36*(1+H37),1) -> 13.1 | I36: 2 | J36: =SUM(D36:H36) -> 36.6
A37: 34 | B37: Crecimiento Lic. Básicas | E37: =I37 -> 1 | F37: =E37*(1-$I$38) -> 0.75 | G37: =E37*(1-$I38*2) -> 0.5 | H37: =E37*(1-I$38*3) -> 0.25 | I37: ='Flujo de Caja'!A10 -> 1 | K37: 0.2
I38: 0.25
A39: 35 | B39: Duración Lic. Básica (meses) | D39: =$I$39 -> 6 | E39: =$I$39 -> 6 | F39: =$I$39 -> 6 | G39: =$I$39 -> 6 | H39: =$I$39 -> 6 | I39: 6
A40: 36 | B40: Licencias Básicas nuevas x frecuencia | D40: =ROUNDUP(D36*$J$35,0) -> 3 | E40: =ROUNDUP(E36*$J$35,0) -> 6 | F40: =ROUNDUP(F36*$J$35,0) -> 10 | G40: =ROUNDUP(G36*$J$35,0) -> 14 | H40: =ROUNDUP(H36*$J$35,0) -> 18 | J40: =SUM(D40:H40) -> 51
A41: 37 | B41: Base Lic. Premium nuevas x semestre | D41: =ROUND((0+I41),1) -> 2 | E41: =ROUND(D41*(1+E42),1) -> 4 | F41: =ROUND(E41*(1+F42),1) -> 7 | G41: =ROUND(F41*(1+G42),1) -> 10.5 | H41: =ROUND(G41*(1+H42),1) -> 13.1 | I41: 2 | J41: =SUM(D41:H41) -> 36.6
A42: 38 | B42: Crecimiento Lic. Premium | E42: =I42 -> 1 | F42: =E42*(1-$I$38) -> 0.75 | G42: =E42*(1-$I43*2) -> 0.5 | H42: =E42*(1-I$38*3) -> 0.25 | I42: ='Flujo de Caja'!A10 -> 1
I43: =I38 -> 0.25
A44: 39 | B44: Duración Lic. Premium (meses) | D44: =$I$39 -> 6 | E44: =$I$39 -> 6 | F44: =$I$39 -> 6 | G44: =$I$39 -> 6 | H44: =$I$39 -> 6 | I44: 6
A45: 40 | B45: Licencias Premium nuevas x frecuencia | D45: =ROUNDUP(D41*$J$35,0) -> 3 | E45: =ROUNDUP(E41*$J$35,0) -> 6 | F45: =ROUNDUP(F41*$J$35,0) -> 10 | G45: =ROUNDUP(G41*$J$35,0) -> 14 | H45: =ROUNDUP(H41*$J$35,0) -> 18 | J45: =SUM(D45:H45) -> 51
A46: 41 | B46: Segmentación Avanzada
A47: 42 | B47: Conversión Básicas | D47: =I47 -> 0.2 | E47: =D47 -> 0.2 | F47: =E47 -> 0.2 | G47: =F47 -> 0.2 | H47: =G47 -> 0.2 | I47: 0.2
A48: 43 | B48: Conversión Premium | D48: =I48 -> 0.2 | E48: =D48 -> 0.2 | F48: =E48 -> 0.2 | G48: =F48 -> 0.2 | H48: =G48 -> 0.2 | I48: =I47 -> 0.2
A49: 44 | B49: Com. Target nuevas x frecuencia | D49: =ROUNDUP(D50*$J$35,0) -> 3 | E49: =ROUNDUP(E50*$J$35,0) -> 6 | F49: =ROUNDUP(F50*$J$35,0) -> 8 | G49: =ROUNDUP(G50*$J$35,0) -> 11 | H49: =ROUNDUP(H50*$J$35,0) -> 13 | I49: 2
A50: 45 | B50: base Com. Target x frecuencia | D50: =ROUND((0+I50),1) -> 2 | E50: =ROUND((D50+$I50),1) -> 4 | F50: =ROUND((E50+$I50),1) -> 6 | G50: =ROUND((F50+$I50),1) -> 8 | H50: =ROUND((G50+$I50),1) -> 10 | I50: 2
A51: 46 | B51: Duración Com. Target (meses) | D51: =$I51 -> 3 | E51: =$I51 -> 3 | F51: =$I51 -> 3 | G51: =$I51 -> 3 | H51: =$I51 -> 3 | I51: 3
A52: 47 | B52: Frecuencia Com. Target (meses) | D52: =$I52 -> 6 | E52: =$I52 -> 6 | F52: =$I52 -> 6 | G52: =$I52 -> 6 | H52: =$I52 -> 6 | I52: 6
A53: 48 | B53: Reportes x mes | D53: =I53*$J$53 -> 39 | E53: =D53*(1.5) -> 58.5 | F53: =E53*(1.5) -> 87.75 | G53: =F53*(1+0) -> 87.75 | H53: =G53*(1+0) -> 87.75 | I53: 30 | J53: =J35 -> 1.3
A54: 49 | B54: Precio Licencia Básica x proyecto | D54: =I54*$J$54 -> 3.78 | E54: =ROUNDUP(D54*(1+D$59),2) -> 3.9 | F54: =ROUNDUP(E54*(1+E$59),2) -> 4.02 | G54: =ROUNDUP(F54*(1+F$59),2) -> 4.15 | H54: =ROUNDUP(G54*(1+G$59),2) -> 4.28 | I54: 3.5 | J54: ='Flujo de Caja'!A3 -> 1.08
A55: 50 | B55: Precio Licencia Premium x proyecto | D55: =I55*$J$54 -> 7.56 | E55: =ROUNDUP(D55*(1+D$59),2) -> 7.79 | F55: =ROUNDUP(E55*(1+E$59),2) -> 8.03 | G55: =ROUNDUP(F55*(1+F$59),2) -> 8.28 | H55: =ROUNDUP(G55*(1+G$59),2) -> 8.53 | I55: 7
A56: 51 | B56: Precio segmentación avanzada | D56: =I56*$J$54 -> 5.4 | E56: =ROUNDUP(D56*(1+D$59),2) -> 5.57 | F56: =ROUNDUP(E56*(1+E$59),2) -> 5.74 | G56: =ROUNDUP(F56*(1+F$59),2) -> 5.92 | H56: =ROUNDUP(G56*(1+G$59),2) -> 6.1 | I56: 5
A57: 52 | B57: Precio promedio por campaña target | D57: =I57*$J$54 -> 15.12 | E57: =ROUNDUP(D57*(1+D$59),2) -> 15.58 | F57: =ROUNDUP(E57*(1+E$59),2) -> 16.05 | G57: =ROUNDUP(F57*(1+F$59),2) -> 16.54 | H57: =ROUNDUP(G57*(1+G$59),2) -> 17.04 | I57: 14
A58: 53 | B58: Precio por reporte | D58: =I58*$J$54 -> 0.216 | E58: =ROUNDUP(D58*(1+D$59),2) -> 0.23 | F58: =ROUNDUP(E58*(1+E$59),2) -> 0.24 | G58: =ROUNDUP(F58*(1+F$59),2) -> 0.25 | H58: =ROUNDUP(G58*(1+G$59),2) -> 0.26 | I58: 0.2
A59: 54 | B59: Incremento precio Licencias | D59: =D4 -> 0.03 | E59: =D59 -> 0.03 | F59: =E59 -> 0.03 | G59: =F59 -> 0.03
A60: 55 | B60: valores $ en COP '000,000
A61: 56 | L61: Casos | M61: regresar
A62: 57 | B62: Equipo Plataforma (salarios mensuales) | D62: Año 1 | E62: Año 2 | F62: Año 3 | G62: Año 4 | H62: Año 5 | I62: Base | J62: ='Flujo de Caja'!A7 -> 1 | K62: 1 | L62: Base | M62: Caso 1 | N62: Caso 2 | O62: Caso 3
A63: 58 | B63: Salario Dirección | D63: =HLOOKUP($J$64,$L$62:$O$75,K63,0)*$J$63 -> 8 | E63: =D63*(1+D$75) -> 8.24 | F63: =E63*(1+E$75) -> 8.4872 | G63: =F63*(1+F$75) -> 8.741816 | H63: =G63*(1+G$75) -> 9.0040705 | I63: 14 | J63: 1 | K63: =K62+1 -> 2 | L63: =I63 -> 14 | M63: 8 | N63: 8 | O63: 8
A64: 59 | B64: Mes ingreso | D64: =HLOOKUP($J$64,$L$62:$O$75,K64,0) -> 1 | I64: 1 | J64: ='Flujo de Caja'!$B$29 -> Caso 1 | K64: =K63+1 -> 3 | L64: =I64 -> 1 | M64: 1 | N64: 1 | O64: 1
A65: 60 | B65: Cantidad Direccion plataforma | D65: =HLOOKUP($J$64,$L$62:$O$75,K65,0) -> 1 | E65: =D65 -> 1 | F65: =E65 -> 1 | G65: =F65 -> 1 | H65: =G65 -> 1 | I65: 1 | K65: =K64+1 -> 4 | L65: =I65 -> 1 | M65: 1 | N65: 1 | O65: 1
A66: 61 | B66: Salario Product Owner | D66: =HLOOKUP($J$64,$L$62:$O$75,K66,0)*$J$63 -> 5 | E66: =D66*(1+D$75) -> 5.15 | F66: =E66*(1+E$75) -> 5.3045 | G66: =F66*(1+F$75) -> 5.463635 | H66: =G66*(1+G$75) -> 5.6275441 | I66: 8 | K66: =K65+1 -> 5 | L66: =I66 -> 8 | M66: 5 | N66: 5 | O66: 5
A67: 62 | B67: Mes ingreso | D67: =HLOOKUP($J$64,$L$62:$O$75,K67,0) -> 5 | I67: 1 | K67: =K66+1 -> 6 | L67: =I67 -> 1 | M67: 5 | N67: 4 | O67: 1
A68: 63 | B68: Cantidad Product Owner | D68: =HLOOKUP($J$64,$L$62:$O$75,K68,0)*$J$63+IF($E$84=D3,1,0) -> 1 | E68: =IF($E$84=E3,D68+1,D68) -> 2 | F68: =IF($E$84=F3,E68+1,E68) -> 2 | G68: =IF($E$84=G3,F68+1,F68) -> 2 | H68: =IF($E$84=H3,G68+1,G68) -> 2 | I68: 1 | K68: =K67+1 -> 7 | L68: =I68 -> 1 | M68: 1 | N68: 1 | O68: 1
A69: 64 | B69: Salario Apoyo plataforma | D69: =HLOOKUP($J$64,$L$62:$O$75,K69,0)*$J$63 -> 2.5 | E69: =D69*(1+D$75) -> 2.575 | F69: =E69*(1+E$75) -> 2.65225 | G69: =F69*(1+F$75) -> 2.7318175 | H69: =G69*(1+G$75) -> 2.813772 | I69: 2.5 | K69: =K68+1 -> 8 | L69: =I69 -> 2.5 | M69: 2.5 | N69: 2.5 | O69: 2.5
A70: 65 | B70: Mes ingreso | D70: =ROUNDUP(HLOOKUP($J$64,$L$62:$O$75,K70,0)*$J$62,0) -> 13 | I70: 7 | K70: =K69+1 -> 9 | L70: =I70 -> 7 | M70: 13 | N70: 13 | O70: 7
A71: 66 | B71: Cantidad apoyo plataforma | D71: =HLOOKUP($J$64,$L$62:$O$75,K71,0)*$J$63 -> 1 | E71: 2 | F71: 4 | G71: 6 | H71: 8 | I71: 1 | K71: =K70+1 -> 10 | L71: =I71 -> 1 | M71: 1 | N71: 1 | O71: 1
A72: 67 | B72: Salario Gestión Comercial | D72: =HLOOKUP($J$64,$L$62:$O$75,K72,0)*$J$63 -> 4 | E72: =D72*(1+D$75) -> 4.12 | F72: =E72*(1+E$75) -> 4.2436 | G72: =F72*(1+F$75) -> 4.370908 | H72: =G72*(1+G$75) -> 4.5020352 | I72: 6 | K72: =K71+1 -> 11 | L72: =I72 -> 6 | M72: 4 | N72: 4 | O72: 4
A73: 68 | B73: Mes ingreso | D73: =ROUNDUP(HLOOKUP($J$64,$L$62:$O$75,K73,0)*$J$62,0) -> 25 | I73: 25 | K73: =K72+1 -> 12 | L73: =I73 -> 25 | M73: 25 | N73: 25 | O73: 1
A74: 69 | B74: Cantidad Comercial plataforma | D74: =HLOOKUP($J$64,$L$62:$O$75,K74,0)*$J$63 -> 1 | E74: =D74 -> 1 | F74: =E74 -> 1 | G74: =F74 -> 1 | H74: =G74 -> 1 | I74: 1 | K74: =K73+1 -> 13 | L74: =I74 -> 1 | M74: 1 | N74: 1 | O74: 1
A75: 70 | B75: Incremento salarios | D75: =D59 -> 0.03 | E75: =D75 -> 0.03 | F75: =E75 -> 0.03 | G75: =F75 -> 0.03
A76: 71 | B76: valores $ en COP '000,000
A77: 72
A78: 73 | B78: Tabla de inicio de Ingresos | D78: Mes de Inicio | I78: Mes base | J78: ='Flujo de Caja'!A7 -> 1
A79: 74 | B79: SaaS
A80: 75 | B80: Licencia Básica | D80: =ROUND(I80*$J$78,0) -> 4 | I80: 4
A81: 76 | B81: Licencia Premium | D81: =ROUND(I81*$J$78,0) -> 7 | I81: 7
A82: 77 | B82: Segmentación Avanzada | D82: =ROUND(I82*$J$78,0) -> 13 | I82: 13
A83: 78 | B83: Comunicación Target | D83: =ROUND(I83*$J$78,0) -> 13 | I83: 13
A84: 79 | B84: Vigilancia Tecnológica | D84: =ROUND(I84*$J$78,0) -> 17 | E84: =ROUNDUP((D84-4)/12,0) -> 2 | I84: 17
A85: 80 | B85: Licencia Básica Academia | D85: 6
A86: 81 | B86: Licencia Premium Academia | D86: 6
A87: 82 | B87: Consultoría | J87: =J78 -> 1
A88: 83 | B88: Principiante | D88: =ROUND(I88*$J$78,0) -> 4 | I88: =I80 -> 4
A89: 84 | B89: Mediano | D89: =ROUND(I89*$J$78,0) -> 4 | I89: =I80 -> 4
A90: 85 | B90: Avanzado | D90: =ROUND(I90*$J$78,0) -> 10 | I90: 10
A91: 86 | B91: Gran Proyecto | D91: =ROUND(I91*$J$78,0) -> 7 | I91: 7
A92: 87 | B92: Solución Expertos | D92: =ROUND(I92*$J$78,0) -> 13 | I92: 13
A93: 88 | B93: Solución Universidades | D93: =ROUND(I93*$J$78,0) -> 13 | I93: 13
A94: 89 | B94: Patrocinios | J94: =J87 -> 1
A95: 90 | B95: Retos de ciudad | D95: =ROUND(I95*$J$78,0) -> 7 | I95: 7
A96: 91
A97: 92 | B97: Consultorías | D97: Año 1 | E97: Año 2 | F97: Año 3 | G97: Año 4 | H97: Año 5 | I97: Precios Base | J97: ='Flujo de Caja'!A3 -> 1.08
A98: 93 | B98: Valor Alcance primario | D98: =I98*$J$97 -> 10.8 | E98: =D98*(1+D$104) -> 11.124 | F98: =E98*(1+E$104) -> 11.45772 | G98: =F98*(1+F$104) -> 11.801452 | H98: =G98*(1+G$104) -> 12.155495 | I98: 10
A99: 94 | B99: Valor Alcance medio | D99: =I99*$J$97 -> 43.2 | E99: =D99*(1+D$104) -> 44.496 | F99: =E99*(1+E$104) -> 45.83088 | G99: =F99*(1+F$104) -> 47.205806 | H99: =G99*(1+G$104) -> 48.621981 | I99: 40
A100: 95 | B100: Valor Alcance profundo | D100: =I100*$J$97 -> 86.4 | E100: =D100*(1+D$104) -> 88.992 | F100: =E100*(1+E$104) -> 91.66176 | G100: =F100*(1+F$104) -> 94.411613 | H100: =G100*(1+G$104) -> 97.243961 | I100: 80
A101: 96 | B101: Valor promedio Gran proyecto | D101: =I101*$J$97 -> 162 | E101: =D101*(1+D$104) -> 166.86 | F101: =E101*(1+E$104) -> 171.8658 | G101: =F101*(1+F$104) -> 177.02177 | H101: =G101*(1+G$104) -> 182.33243 | I101: 150
...

Sheet Ingresos detallado
A1: ='Flujo de Caja'!$A$1 -> valores $ en COP '000,000 | F1: Año | G1: Año | H1: Año | I1: Año | J1: Año | K1: Año | L1: Año | M1: Año | N1: Año | O1: Año | P1: Año | Q1: Año | R1: Año | S1: Año | T1: Año | U1: Año | V1: Año | W1: Año | X1: Año | Y1: Año | Z1: Año | AA1: Año | AB1: Año | AC1: Año | AD1: Año | AE1: Año | AF1: Año | AG1: Año | AH1: Año | AI1: Año | AJ1: Año | AK1: Año | AL1: Año | AM1: Año | AN1: Año | AO1: Año | AP1: Año | AQ1: Año | AR1: Año | AS1: Año | AT1: Año | AU1: Año | AV1: Año | AW1: Año | AX1: Año | AY1: Año | AZ1: Año | BA1: Año | BB1: Año | BC1: Año | BD1: Año | BE1: Año | BF1: Año | BG1: Año | BH1: Año | BI1: Año | BJ1: Año | BK1: Año | BL1: Año | BM1: Año
F2: =ROUNDUP(F4/12,0) -> 1 | G2: =ROUNDUP(G4/12,0) -> 1 | H2: =ROUNDUP(H4/12,0) -> 1 | I2: =ROUNDUP(I4/12,0) -> 1 | J2: =ROUNDUP(J4/12,0) -> 1 | K2: =ROUNDUP(K4/12,0) -> 1 | L2: =ROUNDUP(L4/12,0) -> 1 | M2: =ROUNDUP(M4/12,0) -> 1 | ... BM2: =ROUNDUP(BM4/12,0) -> 5
F3: Mes | G3: Mes | H3: Mes | I3: Mes | J3: Mes | K3: Mes | L3: Mes | M3: Mes | N3: Mes | O3: Mes | P3: Mes | Q3: Mes | R3: Mes | S3: Mes | T3: Mes | U3: Mes | V3: Mes | W3: Mes | X3: Mes | Y3: Mes | Z3: Mes | AA3: Mes | AB3: Mes | AC3: Mes | AD3: Mes | AE3: Mes | AF3: Mes | AG3: Mes | AH3: Mes | AI3: Mes | AJ3: Mes | AK3: Mes | AL3: Mes | AM3: Mes | AN3: Mes | AO3: Mes | AP3: Mes | AQ3: Mes | AR3: Mes | AS3: Mes | AT3: Mes | AU3: Mes | AV3: Mes | AW3: Mes | AX3: Mes | AY3: Mes | AZ3: Mes | BA3: Mes | BB3: Mes | BC3: Mes | BD3: Mes | BE3: Mes | BF3: Mes | BG3: Mes | BH3: Mes | BI3: Mes | BJ3: Mes | BK3: Mes | BL3: Mes | BM3: Mes
F4: 1 | G4: =F4+1 -> 2 | H4: =G4+1 -> 3 | I4: =H4+1 -> 4 | J4: =I4+1 -> 5 | K4: =J4+1 -> 6 | L4: =K4+1 -> 7 | M4: =L4+1 -> 8 | N4: =M4+1 -> 9 | ... BM4: =BL4+1 -> 60
B6: Ingresos totales | F6: =F12+F73+F155 -> 0 | G6: =G12+G73+G155 -> 0 | H6: =H12+H73+H155 -> 0 | I6: =I12+I73+I155 -> 119.34 | J6: =J12+J73+J155 -> 0 | K6: =K12+K73+K155 -> 0 | L6: =L12+L73+L155 -> 184.68 | M6: =M12+M73+M155 -> 0 | ... BM6: =BM12+BM73+BM155 -> 22.815
E7: SaaS | F7: =F12 -> 0 | G7: =F7+G12 -> 0 | H7: =G7+H12 -> 0 | I7: =H7+I12 -> 11.34 | J7: =I7+J12 -> 11.34 | K7: =J7+K12 -> 11.34 | L7: =K7+L12 -> 34.02 | M7: =L7+M12 -> 34.02 | N7: =M7+N12 -> 34.02 | ... BM7: =BL7+BM12 -> 3643.03
E8: Consultoría | F8: =F73 -> 0 | G8: =F8+G73 -> 0 | H8: =G8+H73 -> 0 | I8: =H8+I73 -> 108 | J8: =I8+J73 -> 108 | K8: =J8+K73 -> 108 | L8: =K8+L73 -> 270 | M8: =L8+M73 -> 270 | N8: =M8+N73 -> 270 | ... BM8: =BL8+BM73 -> 11684.407
E9: Patrocinios | F9: =F155 -> 0 | G9: =F9+F155 -> 0 | H9: =G9+G155 -> 0 | I9: =H9+H155 -> 0 | J9: =I9+I155 -> 0 | K9: =J9+J155 -> 0 | L9: =K9+K155 -> 0 | M9: =L9+L155 -> 0 | N9: =M9+M155 -> 0 | ... BM9: =BL9+BL155 -> 0
E10: Acumulado | F10: =SUM(F7:F9) -> 0 | G10: =SUM(G7:G9) -> 0 | H10: =SUM(H7:H9) -> 0 | I10: =SUM(I7:I9) -> 119.34 | J10: =SUM(J7:J9) -> 119.34 | K10: =SUM(K7:K9) -> 119.34 | L10: =SUM(L7:L9) -> 304.02 | M10: =SUM(M7:M9) -> 304.02 | ... BM10: =SUM(BM7:BM9) -> 15327.437
B12: Ingresos SaaS | F12: =F14+F28+F42+F52+F64 -> 0 | G12: =G14+G28+G42+G52+G64 -> 0 | H12: =H14+H28+H42+H52+H64 -> 0 | I12: =I14+I28+I42+I52+I64 -> 11.34 | J12: =J14+J28+J42+J52+J64 -> 0 | K12: =K14+K28+K42+K52+K64 -> 0 | L12: =L14+L28+L42+L52+L64 -> 22.68 | M12: =M14+M28+M42+M52+M64 -> 0 | ... BM12: =BM14+BM28+BM42+BM52+BM64 -> 22.815
B13: SaaS
C14: Licencias Básicas | F14: =(F15*F20) -> 0 | G14: =(G15*G20) -> 0 | H14: =(H15*H20) -> 0 | I14: =(I15*I20) -> 11.34 | J14: =(J15*J20) -> 0 | K14: =(K15*K20) -> 0 | L14: =(L15*L20) -> 0 | M14: =(M15*M20) -> 0 | ... BM14: =(BM15*BM20) -> 0
B15: =MATCH(C15,Supuestos!$B$3:$B$149,0) -> 52 | C15: Precio Licencia Básica x proyecto | E15: =Supuestos!D54 -> 3.78 | F15: =HLOOKUP(F$2,Supuestos!$D$3:$H$59,$B$15,0) -> 3.78 | G15: =HLOOKUP(G$2,Supuestos!$D$3:$H$59,$B$15,0) -> 3.78 | H15: =HLOOKUP(H$2,Supuestos!$D$3:$H$59,$B$15,0) -> 3.78 | I15: =HLOOKUP(I$2,Supuestos!$D$3:$H$59,$B$15,0) -> 3.78 | J15: =HLOOKUP(J$2,Supuestos!$D$3:$H$59,$B$15,0) -> 3.78 | K15: =HLOOKUP(K$2,Supuestos!$D$3:$H$59,$B$15,0) -> 3.78 | L15: =HLOOKUP(L$2,Supuestos!$D$3:$H$59,$B$15,0) -> 3.78 | M15: =HLOOKUP(M$2,Supuestos!$D$3:$H$59,$B$15,0) -> 3.78 | ... BM15: =HLOOKUP(BM$2,Supuestos!$D$3:$H$59,$B$15,0) -> 4.28
B16: =MATCH(C16,Supuestos!$B$3:$B$149,0) -> 103 | C16: =Supuestos!B105 -> Conversión de Primario a Básicas | F16: =HLOOKUP(F$2,Supuestos!$D$3:$H$186,$B16,0) -> 1 | G16: =HLOOKUP(G$2,Supuestos!$D$3:$H$186,$B16,0) -> 1 | H16: =HLOOKUP(H$2,Supuestos!$D$3:$H$186,$B16,0) -> 1 | I16: =HLOOKUP(I$2,Supuestos!$D$3:$H$186,$B16,0) -> 1 | J16: =HLOOKUP(J$2,Supuestos!$D$3:$H$186,$B16,0) -> 1 | K16: =HLOOKUP(K$2,Supuestos!$D$3:$H$186,$B16,0) -> 1 | L16: =HLOOKUP(L$2,Supuestos!$D$3:$H$186,$B16,0) -> 1 | M16: =HLOOKUP(M$2,Supuestos!$D$3:$H$186,$B16,0) -> 1 | ... BM16: =HLOOKUP(BM$2,Supuestos!$D$3:$H$186,$B16,0) -> 1
B17: =MATCH(C17,Supuestos!$B$3:$B$149,0) -> 104 | C17: =Supuestos!B106 -> Conversión de Medio a Básicas | F17: =HLOOKUP(F$2,Supuestos!$D$3:$H$186,$B17,0) -> 0 | G17: =HLOOKUP(G$2,Supuestos!$D$3:$H$186,$B17,0) -> 0 | H17: =HLOOKUP(H$2,Supuestos!$D$3:$H$186,$B17,0) -> 0 | I17: =HLOOKUP(I$2,Supuestos!$D$3:$H$186,$B17,0) -> 0 | J17: =HLOOKUP(J$2,Supuestos!$D$3:$H$186,$B17,0) -> 0 | K17: =HLOOKUP(K$2,Supuestos!$D$3:$H$186,$B17,0) -> 0 | L17: =HLOOKUP(L$2,Supuestos!$D$3:$H$186,$B17,0) -> 0 | M17: =HLOOKUP(M$2,Supuestos!$D$3:$H$186,$B17,0) -> 0 | ... BM17: =HLOOKUP(BM$2,Supuestos!$D$3:$H$186,$B17,0) -> 0
B18: =MATCH(C18,Supuestos!$B$3:$B$149,0) -> 105 | C18: =Supuestos!B107 -> Conversión de Profundo a Básicas | F18: =HLOOKUP(F$2,Supuestos!$D$3:$H$186,$B18,0) -> 0 | G18: =HLOOKUP(G$2,Supuestos!$D$3:$H$186,$B18,0) -> 0 | H18: =HLOOKUP(H$2,Supuestos!$D$3:$H$186,$B18,0) -> 0 | I18: =HLOOKUP(I$2,Supuestos!$D$3:$H$186,$B18,0) -> 0 | J18: =HLOOKUP(J$2,Supuestos!$D$3:$H$186,$B18,0) -> 0 | K18: =HLOOKUP(K$2,Supuestos!$D$3:$H$186,$B18,0) -> 0 | L18: =HLOOKUP(L$2,Supuestos!$D$3:$H$186,$B18,0) -> 0 | M18: =HLOOKUP(M$2,Supuestos!$D$3:$H$186,$B18,0) -> 0 | ... BM18: =HLOOKUP(BM$2,Supuestos!$D$3:$H$186,$B18,0) -> 0
C19: Mes de vencicmiento | F19: =IF(F20>0,F$4+F24,0) -> 0 | G19: =IF(G20>0,G4+G24,0) -> 0 | H19: =IF(H20>0,H4+H24,0) -> 0 | I19: =IF(I20>0,I4+I24,0) -> 10 | J19: =IF(J20>0,J4+J24,0) -> 0 | K19: =IF(K20>0,K4+K24,0) -> 0 | L19: =IF(L20>0,L4+L24,0) -> 0 | M19: =IF(M20>0,M4+M24,0) -> 0 | N19: =IF(N20>0,N4+N24,0) -> 0 | ... BM19: =IF(BM20>0,BM4+BM24,0) -> 0
B20: =MATCH(C20,Supuestos!$B$3:$B$149,0) -> 38 | C20: Licencias Básicas nuevas x frecuencia | F20: =HLOOKUP(F$2,Supuestos!$D$3:$H$59,$B20,0)*E21 -> 0 | G20: =HLOOKUP(G$2,Supuestos!$D$3:$H$59,$B20,0)*F21 -> 0 | H20: =HLOOKUP(H$2,Supuestos!$D$3:$H$59,$B20,0)*G21 -> 0 | I20: =HLOOKUP(I$2,Supuestos!$D$3:$H$59,$B20,0)*H21 -> 3 | J20: =HLOOKUP(J$2,Supuestos!$D$3:$H$59,$B20,0)*I21 -> 0 | K20: =HLOOKUP(K$2,Supuestos!$D$3:$H$59,$B20,0)*J21 -> 0 | L20: =HLOOKUP(L$2,Supuestos!$D$3:$H$59,$B20,0)*K21 -> 0 | M20: =HLOOKUP(M$2,Supuestos!$D$3:$H$59,$B20,0)*L21 -> 0 | ... BM20: =HLOOKUP(BM$2,Supuestos!$D$3:$H$59,$B20,0)*BL21 -> 0
C21: ¿Ciclo completo? | E21: =IF(F$4=$E$25,1,IF(SUM(E26:$F26)<E24,0,IF(MOD(SUM(E$26:$F26)/E24,INT(SUM(E$26:$F26)/E24))=0,1,0))) -> 0 | F21: =IF(G$4=$E$25,1,IF(SUM($F26:F26)<F24,0,IF(MOD(SUM($F$26:F26)/F24,INT(SUM($F$26:F26)/F24))=0,1,0))) -> 0 | G21: =IF(H$4=$E$25,1,IF(SUM($F26:G26)<G24,0,IF(MOD(SUM($F$26:G26)/G24,INT(SUM($F$26:G26)/G24))=0,1,0))) -> 0 | H21: =IF(I$4=$E$25,1,IF(SUM($F26:H26)<H24,0,IF(MOD(SUM($F$26:H26)/H24,INT(SUM($F$26:H26)/H24))=0,1,0))) -> 1 | I21: =IF(J$4=$E$25,1,IF(SUM($F26:I26)<I24,0,IF(MOD(SUM($F$26:I26)/I24,INT(SUM($F$26:I26)/I24))=0,1,0))) -> 0 | J21: =IF(K$4=$E$25,1,IF(SUM($F26:J26)<J24,0,IF(MOD(SUM($F$26:J26)/J24,INT(SUM($F$26:J26)/J24))=0,1,0))) -> 0 | K21: =IF(L$4=$E$25,1,IF(SUM($F26:K26)<K24,0,IF(MOD(SUM($F$26:K26)/K24,INT(SUM($F$26:K26)/K24))=0,1,0))) -> 0 | L21: =IF(M$4=$E$25,1,IF(SUM($F26:L26)<L24,0,IF(MOD(SUM($F$26:L26)/L24,INT(SUM($F$26:L26)/L24))=0,1,0))) -> 0 | M21: =IF(N$4=$E$25,1,IF(SUM($F26:M26)<M24,0,IF(MOD(SUM($F$26:M26)/M24,INT(SUM($F$26:M26)/M24))=0,1,0))) -> 0 | ... BM21: =IF(BN$4=$E$25,1,IF(SUM($F26:BM26)<BM24,0,IF(MOD(SUM($F$26:BM26)/BM24,INT(SUM($F$26:BM26)/BM24))=0,1,0))) -> 0
C22: Licencias a dar de baja | F22: =IF(ISERROR(HLOOKUP(F$4,$F19:$BM23,2,0))=TRUE,0,HLOOKUP(F$4,$F19:$BM23,2,0)) -> 0 | G22: =IF(ISERROR(HLOOKUP(G$4,$F19:$BM23,2,0))=TRUE,0,HLOOKUP(G$4,$F19:$BM23,2,0)) -> 0 | H22: =IF(ISERROR(HLOOKUP(H$4,$F19:$BM23,2,0))=TRUE,0,HLOOKUP(H$4,$F19:$BM23,2,0)) -> 0 | I22: =IF(ISERROR(HLOOKUP(I$4,$F19:$BM23,2,0))=TRUE,0,HLOOKUP(I$4,$F19:$BM23,2,0)) -> 0 | J22: =IF(ISERROR(HLOOKUP(J$4,$F19:$BM23,2,0))=TRUE,0,HLOOKUP(J$4,$F19:$BM23,2,0)) -> 0 | K22: =IF(ISERROR(HLOOKUP(K$4,$F19:$BM23,2,0))=TRUE,0,HLOOKUP(K$4,$F19:$BM23,2,0)) -> 0 | L22: =IF(ISERROR(HLOOKUP(L$4,$F19:$BM23,2,0))=TRUE,0,HLOOKUP(L$4,$F19:$BM23,2,0)) -> 0 | M22: =IF(ISERROR(HLOOKUP(M$4,$F19:$BM23,2,0))=TRUE,0,HLOOKUP(M$4,$F19:$BM23,2,0)) -> 0 | ... BM22: =IF(ISERROR(HLOOKUP(BM$4,$F19:$BM23,2,0))=TRUE,0,HLOOKUP(BM$4,$F19:$BM23,2,0)) -> 0
C23: Licencias corrientes | F23: =F20-F22 -> 0 | G23: =F23+G20-G22 -> 0 | H23: =G23+H20-H22 -> 0 | I23: =H23+I20-I22 -> 3 | J23: =I23+J20-J22 -> 3 | K23: =J23+K20-K22 -> 3 | L23: =K23+L20-L22 -> 3 | M23: =L23+M20-M22 -> 3 | N23: =M23+N20-N22 -> 3 | ... BM23: =BL23+BM20-BM22 -> 18
C24: Duración (meses) | E24: =Supuestos!$I$39 -> 6 | F24: =E24 -> 6 | G24: =F24 -> 6 | H24: =G24 -> 6 | I24: =H24 -> 6 | J24: =I24 -> 6 | K24: =J24 -> 6 | L24: =K24 -> 6 | M24: =L24 -> 6 | ... BM24: =BL24 -> 6
C25: Inicio (mes) | E25: =Supuestos!D80 -> 4
C26: Activo | E26: 0 | F26: =IF(E26=1,E26,IF($E25=F$4,1,0)) -> 0 | G26: =IF(F26=1,F26,IF($E25=G$4,1,0)) -> 0 | H26: =IF(G26=1,G26,IF($E25=H$4,1,0)) -> 0 | I26: =IF(H26=1,H26,IF($E25=I$4,1,0)) -> 1 | J26: =IF(I26=1,I26,IF($E25=J$4,1,0)) -> 1 | K26: =IF(J26=1,J26,IF($E25=K$4,1,0)) -> 1 | L26: =IF(K26=1,K26,IF($E25=L$4,1,0)) -> 1 | M26: =IF(L26=1,L26,IF($E25=M$4,1,0)) -> 1 | ... BM26: =IF(BL26=1,BL26,IF($E25=BM$4,1,0)) -> 1
C28: Licencias Premium | F28: =(F29*F34) -> 0 | G28: =(G29*G34) -> 0 | H28: =(H29*H34) -> 0 | I28: =(I29*I34) -> 0 | J28: =(J29*J34) -> 0 | K28: =(K29*K34) -> 0 | L28: =(L29*L34) -> 22.68 | M28: =(M29*M34) -> 0 | ... BM28: =(BM29*BM34) -> 0
B29: =MATCH(C29,Supuestos!$B$3:$B$149,0) -> 53 | C29: Precio Licencia Premium x proyecto | E29: =Supuestos!D55 -> 7.56 | F29: =HLOOKUP(F$2,Supuestos!$D$3:$H$59,$B$29,0) -> 7.56 | G29: =HLOOKUP(G$2,Supuestos!$D$3:$H$59,$B$29,0) -> 7.56 | H29: =HLOOKUP(H$2,Supuestos!$D$3:$H$59,$B$29,0) -> 7.56 | I29: =HLOOKUP(I$2,Supuestos!$D$3:$H$59,$B$29,0) -> 7.56 | J29: =HLOOKUP(J$2,Supuestos!$D$3:$H$59,$B$29,0) -> 7.56 | K29: =HLOOKUP(K$2,Supuestos!$D$3:$H$59,$B$29,0) -> 7.56 | L29: =HLOOKUP(L$2,Supuestos!$D$3:$H$59,$B$29,0) -> 7.56 | M29: =HLOOKUP(M$2,Supuestos!$D$3:$H$59,$B$29,0) -> 7.56 | ... BM29: =HLOOKUP(BM$2,Supuestos!$D$3:$H$59,$B$29,0) -> 8.53
B30: =MATCH(C30,Supuestos!$B$3:$B$149,0) -> 108 | C30: =Supuestos!B110 -> Conversión de Primario a Premium | F30: =HLOOKUP(F$2,Supuestos!$D$3:$H$186,$B30,0) -> 0 | G30: =HLOOKUP(G$2,Supuestos!$D$3:$H$186,$B30,0) -> 0 | H30: =HLOOKUP(H$2,Supuestos!$D$3:$H$186,$B30,0) -> 0 | I30: =HLOOKUP(I$2,Supuestos!$D$3:$H$186,$B30,0) -> 0 | J30: =HLOOKUP(J$2,Supuestos!$D$3:$H$186,$B30,0) -> 0 | K30: =HLOOKUP(K$2,Supuestos!$D$3:$H$186,$B30,0) -> 0 | L30: =HLOOKUP(L$2,Supuestos!$D$3:$H$186,$B30,0) -> 0 | M30: =HLOOKUP(M$2,Supuestos!$D$3:$H$186,$B30,0) -> 0 | ... BM30: =HLOOKUP(BM$2,Supuestos!$D$3:$H$186,$B30,0) -> 0
B31: =MATCH(C31,Supuestos!$B$3:$B$149,0) -> 109 | C31: =Supuestos!B111 -> Conversión de Medio a Premium | F31: =HLOOKUP(F$2,Supuestos!$D$3:$H$186,$B31,0) -> 1 | G31: =HLOOKUP(G$2,Supuestos!$D$3:$H$186,$B31,0) -> 1 | H31: =HLOOKUP(H$2,Supuestos!$D$3:$H$186,$B31,0) -> 1 | I31: =HLOOKUP(I$2,Supuestos!$D$3:$H$186,$B31,0) -> 1 | J31: =HLOOKUP(J$2,Supuestos!$D$3:$H$186,$B31,0) -> 1 | K31: =HLOOKUP(K$2,Supuestos!$D$3:$H$186,$B31,0) -> 1 | L31: =HLOOKUP(L$2,Supuestos!$D$3:$H$186,$B31,0) -> 1 | M31: =HLOOKUP(M$2,Supuestos!$D$3:$H$186,$B31,0) -> 1 | ... BM31: =HLOOKUP(BM$2,Supuestos!$D$3:$H$186,$B31,0) -> 1
B32: =MATCH(C32,Supuestos!$B$3:$B$149,0) -> 110 | C32: =Supuestos!B112 -> Conversión de Profundo a Premium | F32: =HLOOKUP(F$2,Supuestos!$D$3:$H$186,$B32,0) -> 1 | G32: =HLOOKUP(G$2,Supuestos!$D$3:$H$186,$B32,0) -> 1 | H32: =HLOOKUP(H$2,Supuestos!$D$3:$H$186,$B32,0) -> 1 | I32: =HLOOKUP(I$2,Supuestos!$D$3:$H$186,$B32,0) -> 1 | J32: =HLOOKUP(J$2,Supuestos!$D$3:$H$186,$B32,0) -> 1 | K32: =HLOOKUP(K$2,Supuestos!$D$3:$H$186,$B32,0) -> 1 | L32: =HLOOKUP(L$2,Supuestos!$D$3:$H$186,$B32,0) -> 1 | M32: =HLOOKUP(M$2,Supuestos!$D$3:$H$186,$B32,0) -> 1 | ... BM32: =HLOOKUP(BM$2,Supuestos!$D$3:$H$186,$B32,0) -> 1
C33: Mes de vencimiento | F33: =IF(F34>0,F$4+F38,0) -> 0 | G33: =IF(G34>0,G$4+G38,0) -> 0 | H33: =IF(H34>0,H$4+H38,0) -> 0 | I33: =IF(I34>0,I$4+I38,0) -> 0 | J33: =IF(J34>0,J$4+J38,0) -> 0 | K33: =IF(K34>0,K$4+K38,0) -> 0 | L33: =IF(L34>0,L$4+L38,0) -> 13 | M33: =IF(M34>0,M$4+M38,0) -> 0 | ... BM33: =IF(BM34>0,BM$4+BM38,0) -> 0
B34: =MATCH(C34,Supuestos!$B$3:$B$149,0) -> 43 | C34: Licencias Premium nuevas x frecuencia | F34: =HLOOKUP(F$2,Supuestos!$D$3:$H$59,$B34,0)*E35 -> 0 | G34: =HLOOKUP(G$2,Supuestos!$D$3:$H$59,$B34,0)*F35 -> 0 | H34: =HLOOKUP(H$2,Supuestos!$D$3:$H$59,$B34,0)*G35 -> 0 | I34: =HLOOKUP(I$2,Supuestos!$D$3:$H$59,$B34,0)*H35 -> 0 | J34: =HLOOKUP(J$2,Supuestos!$D$3:$H$59,$B34,0)*I35 -> 0 | K34: =HLOOKUP(K$2,Supuestos!$D$3:$H$59,$B34,0)*J35 -> 0 | L34: =HLOOKUP(L$2,Supuestos!$D$3:$H$59,$B34,0)*K35 -> 3 | M34: =HLOOKUP(M$2,Supuestos!$D$3:$H$59,$B34,0)*L35 -> 0 | ... BM34: =HLOOKUP(BM$2,Supuestos!$D$3:$H$59,$B34,0)*BL35 -> 0
C35: ¿Ciclo completo? | E35: =IF(F$4=$E$25,1,IF(SUM(E40:$F40)<E38,0,IF(MOD(SUM(E$26:$F40)/E38,INT(SUM(E$26:$F40)/E38))=0,1,0))) -> 0 | F35: =IF(G$4=$E$39,1,IF(SUM($F40:F40)<F38,0,IF(MOD(SUM($F40:F40)/F38,INT(SUM($F40:F40)/F38))=0,1,0))) -> 0 | G35: =IF(H$4=$E$39,1,IF(SUM($F40:G40)<G38,0,IF(MOD(SUM($F40:G40)/G38,INT(SUM($F40:G40)/G38))=0,1,0))) -> 0 | H35: =IF(I$4=$E$39,1,IF(SUM($F40:H40)<H38,0,IF(MOD(SUM($F40:H40)/H38,INT(SUM($F40:H40)/H38))=0,1,0))) -> 0 | I35: =IF(J$4=$E$39,1,IF(SUM($F40:I40)<I38,0,IF(MOD(SUM($F40:I40)/I38,INT(SUM($F40:I40)/I38))=0,1,0))) -> 0 | J35: =IF(K$4=$E$39,1,IF(SUM($F40:J40)<J38,0,IF(MOD(SUM($F40:J40)/J38,INT(SUM($F40:J40)/J38))=0,1,0))) -> 0 | K35: =IF(L$4=$E$39,1,IF(SUM($F40:K40)<K38,0,IF(MOD(SUM($F40:K40)/K38,INT(SUM($F40:K40)/K38))=0,1,0))) -> 1 | L35: =IF(M$4=$E$39,1,IF(SUM($F40:L40)<L38,0,IF(MOD(SUM($F40:L40)/L38,INT(SUM($F40:L40)/L38))=0,1,0))) -> 0 | M35: =IF(N$4=$E$39,1,IF(SUM($F40:M40)<M38,0,IF(MOD(SUM($F40:M40)/M38,INT(SUM($F40:M40)/M38))=0,1,0))) -> 0 | ... BM35: =IF(BN$4=$E$39,1,IF(SUM($F40:BM40)<BM38,0,IF(MOD(SUM($F40:BM40)/BM38,INT(SUM($F40:BM40)/BM38))=0,1,0))) -> 1
C36: Licencias a dar de baja | F36: =IF(ISERROR(HLOOKUP(F$4,$F$33:R$37,2,0))=TRUE,0,HLOOKUP(F$4,$F$33:R$37,2,0)) -> 0 | G36: =IF(ISERROR(HLOOKUP(G$4,$F$33:S$37,2,0))=TRUE,0,HLOOKUP(G$4,$F$33:S$37,2,0)) -> 0 | H36: =IF(ISERROR(HLOOKUP(H$4,$F$33:T$37,2,0))=TRUE,0,HLOOKUP(H$4,$F$33:T$37,2,0)) -> 0 | I36: =IF(ISERROR(HLOOKUP(I$4,$F$33:U$37,2,0))=TRUE,0,HLOOKUP(I$4,$F$33:U$37,2,0)) -> 0 | J36: =IF(ISERROR(HLOOKUP(J$4,$F$33:V$37,2,0))=TRUE,0,HLOOKUP(J$4,$F$33:V$37,2,0)) -> 0 | K36: =IF(ISERROR(HLOOKUP(K$4,$F$33:W$37,2,0))=TRUE,0,HLOOKUP(K$4,$F$33:W$37,2,0)) -> 0 | L36: =IF(ISERROR(HLOOKUP(L$4,$F$33:X$37,2,0))=TRUE,0,HLOOKUP(L$4,$F$33:X$37,2,0)) -> 0 | M36: =IF(ISERROR(HLOOKUP(M$4,$F$33:Y$37,2,0))=TRUE,0,HLOOKUP(M$4,$F$33:Y$37,2,0)) -> 0 | ... BM36: =IF(ISERROR(HLOOKUP(BM$4,$F$33:BY$37,2,0))=TRUE,0,HLOOKUP(BM$4,$F$33:BY$37,2,0)) -> 0
C37: Licencias corrientes | E37: =E34 -> 0 | F37: =F34-F36 -> 0 | G37: =F37+G34-G36 -> 0 | H37: =G37+H34-H36 -> 0 | I37: =H37+I34-I36 -> 0 | J37: =I37+J34-J36 -> 0 | K37: =J37+K34-K36 -> 0 | L37: =K37+L34-L36 -> 3 | M37: =L37+M34-M36 -> 3 | N37: =M37+N34-N36 -> 3 | ... BM37: =BL37+BM34-BM36 -> 18
C38: Duración promedio (meses) | E38: 6 | F38: =E38 -> 6 | G38: =F38 -> 6 | H38: =G38 -> 6 | I38: =H38 -> 6 | J38: =I38 -> 6 | K38: =J38 -> 6 | L38: =K38 -> 6 | M38: =L38 -> 6 | ... BM38: =BL38 -> 6
C39: Inicio (mes) | E39: =Supuestos!D81 -> 7
C40: Activo | E40: 0 | F40: =IF(E40=1,E40,IF($E39=F$4,1,0)) -> 0 | G40: =IF(F40=1,F40,IF($E39=G$4,1,0)) -> 0 | H40: =IF(G40=1,G40,IF($E39=H$4,1,0)) -> 0 | I40: =IF(H40=1,H40,IF($E39=I$4,1,0)) -> 0 | J40: =IF(I40=1,I40,IF($E39=J$4,1,0)) -> 0 | K40: =IF(J40=1,J40,IF($E39=K$4,1,0)) -> 0 | L40: =IF(K40=1,K40,IF($E39=L$4,1,0)) -> 1 | M40: =IF(L40=1,L40,IF($E39=M$4,1,0)) -> 1 | ... BM40: =IF(BL40=1,BL40,IF($E39=BM$4,1,0)) -> 1
C42: Segmentación avanzada | F42: =(F43*F48) -> 0 | G42: =(G43*G48) -> 0 | H42: =(H43*H48) -> 0 | I42: =(I43*I48) -> 0 | J42: =(J43*J48) -> 0 | K42: =(K43*K48) -> 0 | L42: =(L43*L48) -> 0 | M42: =(M43*M48) -> 0 | ... BM42: =(BM43*BM48) -> 0
B43: =MATCH(C43,Supuestos!$B$3:$B$149,0) -> 54 | C43: =Supuestos!B56 -> Precio segmentación avanzada | E43: =Supuestos!D56 -> 5.4 | F43: =HLOOKUP(F$2,Supuestos!$D$3:$H$59,$B$43,0) -> 5.4 | G43: =HLOOKUP(G$2,Supuestos!$D$3:$H$59,$B$43,0) -> 5.4 | H43: =HLOOKUP(H$2,Supuestos!$D$3:$H$59,$B$43,0) -> 5.4 | I43: =HLOOKUP(I$2,Supuestos!$D$3:$H$59,$B$43,0) -> 5.4 | J43: =HLOOKUP(J$2,Supuestos!$D$3:$H$59,$B$43,0) -> 5.4 | K43: =HLOOKUP(K$2,Supuestos!$D$3:$H$59,$B$43,0) -> 5.4 | L43: =HLOOKUP(L$2,Supuestos!$D$3:$H$59,$B$43,0) -> 5.4 | M43: =HLOOKUP(M$2,Supuestos!$D$3:$H$59,$B$43,0) -> 5.4 | ... BM43: =HLOOKUP(BM$2,Supuestos!$D$3:$H$59,$B$43,0) -> 6.1
B44: =MATCH(C44,Supuestos!$B$3:$B$149,0) -> 45 | C44: Conversión Básicas | E44: =Supuestos!I47 -> 0.2 | F44: =HLOOKUP(F$2,Supuestos!$D$3:$H$59,$B44,0) -> 0.2 | G44: =HLOOKUP(G$2,Supuestos!$D$3:$H$59,$B44,0) -> 0.2 | H44: =HLOOKUP(H$2,Supuestos!$D$3:$H$59,$B44,0) -> 0.2 | I44: =HLOOKUP(I$2,Supuestos!$D$3:$H$59,$B44,0) -> 0.2 | J44: =HLOOKUP(J$2,Supuestos!$D$3:$H$59,$B44,0) -> 0.2 | K44: =HLOOKUP(K$2,Supuestos!$D$3:$H$59,$B44,0) -> 0.2 | L44: =HLOOKUP(L$2,Supuestos!$D$3:$H$59,$B44,0) -> 0.2 | M44: =HLOOKUP(M$2,Supuestos!$D$3:$H$59,$B44,0) -> 0.2 | ... BM44: =HLOOKUP(BM$2,Supuestos!$D$3:$H$59,$B44,0) -> 0.2
C45: Básicas con Segmentación | E45: =ROUNDUP(E20*E44,0) -> 0 | F45: =ROUNDUP(F20*F44,0) -> 0 | G45: =ROUNDUP(G20*G44,0) -> 0 | H45: =ROUNDUP(H20*H44,0) -> 0 | I45: =ROUNDUP(I20*I44,0) -> 1 | J45: =ROUNDUP(J20*J44,0) -> 0 | K45: =ROUNDUP(K20*K44,0) -> 0 | L45: =ROUNDUP(L20*L44,0) -> 0 | ... BM45: =ROUNDUP(BM20*BM44,0) -> 0
B46: =MATCH(C46,Supuestos!$B$3:$B$149,0) -> 46 | C46: Conversión Premium | E46: =Supuestos!I48 -> 0.2 | F46: =HLOOKUP(F$2,Supuestos!$D$3:$H$59,$B46,0) -> 0.2 | G46: =HLOOKUP(G$2,Supuestos!$D$3:$H$59,$B46,0) -> 0.2 | H46: =HLOOKUP(H$2,Supuestos!$D$3:$H$59,$B46,0) -> 0.2 | I46: =HLOOKUP(I$2,Supuestos!$D$3:$H$59,$B46,0) -> 0.2 | J46: =HLOOKUP(J$2,Supuestos!$D$3:$H$59,$B46,0) -> 0.2 | K46: =HLOOKUP(K$2,Supuestos!$D$3:$H$59,$B46,0) -> 0.2 | L46: =HLOOKUP(L$2,Supuestos!$D$3:$H$59,$B46,0) -> 0.2 | M46: =HLOOKUP(M$2,Supuestos!$D$3:$H$59,$B46,0) -> 0.2 | ... BM46: =HLOOKUP(BM$2,Supuestos!$D$3:$H$59,$B46,0) -> 0.2
C47: Premium con Segmentación | E47: =ROUNDUP(E23*E46,0) -> 0 | F47: =ROUNDUP(F34*F46,0) -> 0 | G47: =ROUNDUP(G34*G46,0) -> 0 | H47: =ROUNDUP(H34*H46,0) -> 0 | I47: =ROUNDUP(I34*I46,0) -> 0 | J47: =ROUNDUP(J34*J46,0) -> 0 | K47: =ROUNDUP(K34*K46,0) -> 0 | L47: =ROUNDUP(L34*L46,0) -> 1 | M47: =ROUNDUP(M34*M46,0) -> 0 | ... BM47: =ROUNDUP(BM34*BM46,0) -> 0
C48: Total Segementaciones | F48: =(F47+F45)*F50 -> 0 | G48: =(G47+G45)*G50 -> 0 | H48: =(H47+H45)*H50 -> 0 | I48: =(I47+I45)*I50 -> 0 | J48: =(J47+J45)*J50 -> 0 | K48: =(K47+K45)*K50 -> 0 | L48: =(L47+L45)*L50 -> 0 | M48: =(M47+M45)*M50 -> 0 | ... BM48: =(BM47+BM45)*BM50 -> 0
C49: Inicio (mes) | E49: =Supuestos!D82 -> 13
C50: Activo | E50: 0 | F50: =IF(E50=1,E50,IF($E49=F$4,1,0)) -> 0 | G50: =IF(F50=1,F50,IF($E49=G$4,1,0)) -> 0 | H50: =IF(G50=1,G50,IF($E49=H$4,1,0)) -> 0 | I50: =IF(H50=1,H50,IF($E49=I$4,1,0)) -> 0 | J50: =IF(I50=1,I50,IF($E49=J$4,1,0)) -> 0 | K50: =IF(J50=1,J50,IF($E49=K$4,1,0)) -> 0 | L50: =IF(K50=1,K50,IF($E49=L$4,1,0)) -> 0 | M50: =IF(L50=1,L50,IF($E49=M$4,1,0)) -> 0 | ... BM50: =IF(BL50=1,BL50,IF($E49=BM$4,1,0)) -> 1
C52: Comunicación Target | F52: =F53*F55*F62 -> 0 | G52: =G53*G55*G62 -> 0 | H52: =H53*H55*H62 -> 0 | I52: =I53*I55*I62 -> 0 | J52: =J53*J55*J62 -> 0 | K52: =K53*K55*K62 -> 0 | L52: =L53*L55*L62 -> 0 | M52: =M53*M55*M62 -> 0 | ... BM52: =BM53*BM55*BM62 -> 0
B53: =MATCH(C53,Supuestos!$B$3:$B$149,0) -> 55 | C53: =Supuestos!B57 -> Precio promedio por campaña target | E53: =Supuestos!$D$57 -> 15.12 | F53: =HLOOKUP(F$2,Supuestos!$D$3:$H$59,$B$53,0) -> 15.12 | G53: =HLOOKUP(G$2,Supuestos!$D$3:$H$59,$B$53,0) -> 15.12 | H53: =HLOOKUP(H$2,Supuestos!$D$3:$H$59,$B$53,0) -> 15.12 | I53: =HLOOKUP(I$2,Supuestos!$D$3:$H$59,$B$53,0) -> 15.12 | J53: =HLOOKUP(J$2,Supuestos!$D$3:$H$59,$B$53,0) -> 15.12 | K53: =HLOOKUP(K$2,Supuestos!$D$3:$H$59,$B$53,0) -> 15.12 | L53: =HLOOKUP(L$2,Supuestos!$D$3:$H$59,$B$53,0) -> 15.12 | M53: =HLOOKUP(M$2,Supuestos!$D$3:$H$59,$B$53,0) -> 15.12 | ... BM53: =HLOOKUP(BM$2,Supuestos!$D$3:$H$59,$B$53,0) -> 17.04
C54: Mes de vencimiento | F54: =IF(F55>0,F$4+F59,0) -> 0 | G54: =IF(G55>0,G$4+G59,0) -> 0 | H54: =IF(H55>0,H$4+H59,0) -> 0 | I54: =IF(I55>0,I$4+I59,0) -> 0 | J54: =IF(J55>0,J$4+J59,0) -> 0 | K54: =IF(K55>0,K$4+K59,0) -> 0 | L54: =IF(L55>0,L$4+L59,0) -> 0 | M54: =IF(M55>0,M$4+M59,0) -> 0 | ... BM54: =IF(BM55>0,BM$4+BM59,0) -> 0
B55: =MATCH(C55,Supuestos!$B$3:$B$149,0) -> 47 | C55: =Supuestos!B49 -> Com. Target nuevas x frecuencia | F55: =HLOOKUP(F$2,Supuestos!$D$3:$H$59,$B55,0)*E56 -> 0 | G55: =HLOOKUP(G$2,Supuestos!$D$3:$H$59,$B55,0)*F56 -> 0 | H55: =HLOOKUP(H$2,Supuestos!$D$3:$H$59,$B55,0)*G56 -> 0 | I55: =HLOOKUP(I$2,Supuestos!$D$3:$H$59,$B55,0)*H56 -> 0 | J55: =HLOOKUP(J$2,Supuestos!$D$3:$H$59,$B55,0)*I56 -> 0 | K55: =HLOOKUP(K$2,Supuestos!$D$3:$H$59,$B55,0)*J56 -> 0 | L55: =HLOOKUP(L$2,Supuestos!$D$3:$H$59,$B55,0)*K56 -> 0 | M55: =HLOOKUP(M$2,Supuestos!$D$3:$H$59,$B55,0)*L56 -> 0 | ... BM55: =HLOOKUP(BM$2,Supuestos!$D$3:$H$59,$B55,0)*BL56 -> 0
C56: ¿Ciclo completo? | E56: =IF(F$4=$E61,1,IF(SUM(E62:$F62)<E60,0,IF(MOD(SUM($E62:E$62)/E60,INT(SUM(E62:$F$62)/E60))=0,1,0))) -> 0 | F56: =IF(G$4=$E61,1,IF(SUM($F62:F62)<F60,0,IF(MOD(SUM($E62:F$62)/F60,INT(SUM($F62:F$62)/F60))=0,1,0))) -> 0 | G56: =IF(H$4=$E61,1,IF(SUM($F62:G62)<G60,0,IF(MOD(SUM($E62:G$62)/G60,INT(SUM($F62:G$62)/G60))=0,1,0))) -> 0 | H56: =IF(I$4=$E61,1,IF(SUM($F62:H62)<H60,0,IF(MOD(SUM($E62:H$62)/H60,INT(SUM($F62:H$62)/H60))=0,1,0))) -> 0 | I56: =IF(J$4=$E61,1,IF(SUM($F62:I62)<I60,0,IF(MOD(SUM($E62:I$62)/I60,INT(SUM($F62:I$62)/I60))=0,1,0))) -> 0 | J56: =IF(K$4=$E61,1,IF(SUM($F62:J62)<J60,0,IF(MOD(SUM($E62:J$62)/J60,INT(SUM($F62:J$62)/J60))=0,1,0))) -> 0 | K56: =IF(L$4=$E61,1,IF(SUM($F62:K62)<K60,0,IF(MOD(SUM($E62:K$62)/K60,INT(SUM($F62:K$62)/K60))=0,1,0))) -> 0 | L56: =IF(M$4=$E61,1,IF(SUM($F62:L62)<L60,0,IF(MOD(SUM($E62:L$62)/L60,INT(SUM($F62:L$62)/L60))=0,1,0))) -> 0 | M56: =IF(N$4=$E61,1,IF(SUM($F62:M62)<M60,0,IF(MOD(SUM($E62:M$62)/M60,INT(SUM($F62:M$62)/M60))=0,1,0))) -> 0 | ... BM56: =IF(BN$4=$E61,1,IF(SUM($F62:BM62)<BM60,0,IF(MOD(SUM($E62:BM$62)/BM60,INT(SUM($F62:BM$62)/BM60))=0,1,0))) -> 1
C57: Proyectos a dar de baja | F57: =IF(ISERROR(HLOOKUP(F$4,$F54:R55,2,0))=TRUE,0,HLOOKUP(F$4,$F54:R55,2,0)) -> 0 | G57: =IF(ISERROR(HLOOKUP(G$4,$F54:S55,2,0))=TRUE,0,HLOOKUP(G$4,$F54:S55,2,0)) -> 0 | H57: =IF(ISERROR(HLOOKUP(H$4,$F54:T55,2,0))=TRUE,0,HLOOKUP(H$4,$F54:T55,2,0)) -> 0 | I57: =IF(ISERROR(HLOOKUP(I$4,$F54:U55,2,0))=TRUE,0,HLOOKUP(I$4,$F54:U55,2,0)) -> 0 | J57: =IF(ISERROR(HLOOKUP(J$4,$F54:V55,2,0))=TRUE,0,HLOOKUP(J$4,$F54:V55,2,0)) -> 0 | K57: =IF(ISERROR(HLOOKUP(K$4,$F54:W55,2,0))=TRUE,0,HLOOKUP(K$4,$F54:W55,2,0)) -> 0 | L57: =IF(ISERROR(HLOOKUP(L$4,$F54:X55,2,0))=TRUE,0,HLOOKUP(L$4,$F54:X55,2,0)) -> 0 | M57: =IF(ISERROR(HLOOKUP(M$4,$F54:Y55,2,0))=TRUE,0,HLOOKUP(M$4,$F54:Y55,2,0)) -> 0 | ... BM57: =IF(ISERROR(HLOOKUP(BM$4,$F54:BY55,2,0))=TRUE,0,HLOOKUP(BM$4,$F54:BY55,2,0)) -> 0
C58: Proyectos corrientes | F58: =F55-F57 -> 0 | G58: =F58+G55-G57 -> 0 | H58: =G58+H55-H57 -> 0 | I58: =H58+I55-I57 -> 0 | J58: =I58+J55-J57 -> 0 | K58: =J58+K55-K57 -> 0 | L58: =K58+L55-L57 -> 0 | M58: =L58+M55-M57 -> 0 | N58: =M58+N55-N57 -> 0 | ... BM58: =BL58+BM55-BM57 -> 0
B59: =MATCH(C59,Supuestos!$B$3:$B$149,0) -> 49 | C59: =Supuestos!B51 -> Duración Com. Target (meses) | E59: =Supuestos!D51 -> 3 | F59: =HLOOKUP(F$2,Supuestos!$D$3:$H$157,$B59,0) -> 3 | G59: =HLOOKUP(G$2,Supuestos!$D$3:$H$157,$B59,0) -> 3 | H59: =HLOOKUP(H$2,Supuestos!$D$3:$H$157,$B59,0) -> 3 | I59: =HLOOKUP(I$2,Supuestos!$D$3:$H$157,$B59,0) -> 3 | J59: =HLOOKUP(J$2,Supuestos!$D$3:$H$157,$B59,0) -> 3 | K59: =HLOOKUP(K$2,Supuestos!$D$3:$H$157,$B59,0) -> 3 | L59: =HLOOKUP(L$2,Supuestos!$D$3:$H$157,$B59,0) -> 3 | M59: =HLOOKUP(M$2,Supuestos!$D$3:$H$157,$B59,0) -> 3 | ... BM59: =HLOOKUP(BM$2,Supuestos!$D$3:$H$157,$B59,0) -> 3
B60: =MATCH(C60,Supuestos!$B$3:$B$149,0) -> 50 | C60: =Supuestos!B52 -> Frecuencia Com. Target (meses) | E60: =Supuestos!D52 -> 6 | F60: =HLOOKUP(F$2,Supuestos!$D$3:$H$157,$B60,0) -> 6 | G60: =HLOOKUP(G$2,Supuestos!$D$3:$H$157,$B60,0) -> 6 | H60: =HLOOKUP(H$2,Supuestos!$D$3:$H$157,$B60,0) -> 6 | I60: =HLOOKUP(I$2,Supuestos!$D$3:$H$157,$B60,0) -> 6 | J60: =HLOOKUP(J$2,Supuestos!$D$3:$H$157,$B60,0) -> 6 | K60: =HLOOKUP(K$2,Supuestos!$D$3:$H$157,$B60,0) -> 6 | L60: =HLOOKUP(L$2,Supuestos!$D$3:$H$157,$B60,0) -> 6 | M60: =HLOOKUP(M$2,Supuestos!$D$3:$H$157,$B60,0) -> 6 | ... BM60: =HLOOKUP(BM$2,Supuestos!$D$3:$H$157,$B60,0) -> 6
C61: Inicio (mes) | E61: =Supuestos!D83 -> 13
C62: Activo | E62: 0 | F62: =IF(E62=1,E62,IF($E61=F$4,1,0)) -> 0 | G62: =IF(F62=1,F62,IF($E61=G$4,1,0)) -> 0 | H62: =IF(G62=1,G62,IF($E61=H$4,1,0)) -> 0 | I62: =IF(H62=1,H62,IF($E61=I$4,1,0)) -> 0 | J62: =IF(I62=1,I62,IF($E61=J$4,1,0)) -> 0 | K62: =IF(J62=1,J62,IF($E61=K$4,1,0)) -> 0 | L62: =IF(K62=1,K62,IF($E61=L$4,1,0)) -> 0 | M62: =IF(L62=1,L62,IF($E61=M$4,1,0)) -> 0 | ... BM62: =IF(BL62=1,BL62,IF($E61=BM$4,1,0)) -> 1
C64: Vigilancia tecnológica v4.0 | F64: =F65*F66 -> 0 | G64: =G65*G66 -> 0 | H64: =H65*H66 -> 0 | I64: =I65*I66 -> 0 | J64: =J65*J66 -> 0 | K64: =K65*K66 -> 0 | L64: =L65*L66 -> 0 | M64: =M65*M66 -> 0 | ... BM64: =BM65*BM66 -> 22.815
B65: =MATCH(C65,Supuestos!$B$3:$B$149,0) -> 56 | C65: Precio por reporte | E65: =Supuestos!D58 -> 0.216 | F65: =HLOOKUP(F$2,Supuestos!$D$3:$H$59,$B$65,0) -> 0.216 | G65: =HLOOKUP(G$2,Supuestos!$D$3:$H$155,$B$65,0) -> 0.216 | H65: =HLOOKUP(H$2,Supuestos!$D$3:$H$155,$B$65,0) -> 0.216 | I65: =HLOOKUP(I$2,Supuestos!$D$3:$H$155,$B$65,0) -> 0.216 | J65: =HLOOKUP(J$2,Supuestos!$D$3:$H$155,$B$65,0) -> 0.216 | K65: =HLOOKUP(K$2,Supuestos!$D$3:$H$155,$B$65,0) -> 0.216 | L65: =HLOOKUP(L$2,Supuestos!$D$3:$H$155,$B$65,0) -> 0.216 | M65: =HLOOKUP(M$2,Supuestos!$D$3:$H$155,$B$65,0) -> 0.216 | N65: =HLOOKUP(N$2,Supuestos!$D$3:$H$155,$B$65,0) -> 0.216 | ... BM65: =HLOOKUP(BM$2,Supuestos!$D$3:$H$155,$B$65,0) -> 0.26
B66: =MATCH(C66,Supuestos!$B$3:$B$149,0) -> 51 | C66: Reportes x mes | F66: =HLOOKUP(F$2,Supuestos!$D$3:$H$155,$B$66,0)*F70 -> 0 | G66: =HLOOKUP(G$2,Supuestos!$D$3:$H$155,$B$66,0)*G70 -> 0 | H66: =HLOOKUP(H$2,Supuestos!$D$3:$H$155,$B$66,0)*H70 -> 0 | I66: =HLOOKUP(I$2,Supuestos!$D$3:$H$155,$B$66,0)*I70 -> 0 | J66: =HLOOKUP(J$2,Supuestos!$D$3:$H$155,$B$66,0)*J70 -> 0 | K66: =HLOOKUP(K$2,Supuestos!$D$3:$H$155,$B$66,0)*K70 -> 0 | L66: =HLOOKUP(L$2,Supuestos!$D$3:$H$155,$B$66,0)*L70 -> 0 | M66: =HLOOKUP(M$2,Supuestos!$D$3:$H$155,$B$66,0)*M70 -> 0 | ... BM66: =HLOOKUP(BM$2,Supuestos!$D$3:$H$155,$B$66,0)*BM70 -> 87.75
C68: Duración acceso (meses) | E68: 3
C69: Inicio (mes) | E69: =Supuestos!D84 -> 17
C70: Activo | E70: 0 | F70: =IF(E70=1,E70,IF($E69=F$4,1,0)) -> 0 | G70: =IF(F70=1,F70,IF($E69=G$4,1,0)) -> 0 | H70: =IF(G70=1,G70,IF($E69=H$4,1,0)) -> 0 | I70: =IF(H70=1,H70,IF($E69=I$4,1,0)) -> 0 | J70: =IF(I70=1,I70,IF($E69=J$4,1,0)) -> 0 | K70: =IF(J70=1,J70,IF($E69=K$4,1,0)) -> 0 | L70: =IF(K70=1,K70,IF($E69=L$4,1,0)) -> 0 | M70: =IF(L70=1,L70,IF($E69=M$4,1,0)) -> 0 | ... BM70: =IF(BL70=1,BL70,IF($E69=BM$4,1,0)) -> 1
B73: Ingresos Consultoría | F73: =F77+F91+F105+F119+F131+F143 -> 0 | G73: =G77+G91+G105+G119+G131+G143 -> 0 | H73: =H77+H91+H105+H119+H131+H143 -> 0 | I73: =I77+I91+I105+I119+I131+I143 -> 108 | J73: =J77+J91+J105+J119+J131+J143 -> 0 | K73: =K77+K91+K105+K119+K131+K143 -> 0 | L73: =L77+L91+L105+L119+L131+L143 -> 162 | M73: =M77+M91+M105+M119+M131+M143 -> 0 | ... BM73: =BM77+BM91+BM105+BM119+BM131+BM143 -> 0
C74: Innovación Abierta | F74: =F77+F91+F105+F119 -> 0 | G74: =G77+G91+G105+G119 -> 0 | H74: =H77+H91+H105+H119 -> 0 | I74: =I77+I91+I105+I119 -> 108 | J74: =J77+J91+J105+J119 -> 0 | K74: =K77+K91+K105+K119 -> 0 | L74: =L77+L91+L105+L119 -> 162 | M74: =M77+M91+M105+M119 -> 0 | ... BM74: =BM77+BM91+BM105+BM119 -> 0
C75: Consultoría Bogotech | F75: =F131+F143 -> 0 | G75: =G131+G143 -> 0 | H75: =H131+H143 -> 0 | I75: =I131+I143 -> 0 | J75: =J131+J143 -> 0 | K75: =K131+K143 -> 0 | L75: =L131+L143 -> 0 | M75: =M131+M143 -> 0 | ... BM75: =BM131+BM143 -> 0
C77: Alcance primario | F77: =(F78*F82)*F89 -> 0 | G77: =(G78*G82)*G89 -> 0 | H77: =(H78*H82)*H89 -> 0 | I77: =(I78*I82)*I89 -> 21.6 | J77: =(J78*J82)*J89 -> 0 | K77: =(K78*K82)*K89 -> 0 | L77: =(L78*L82)*L89 -> 0 | M77: =(M78*M82)*M89 -> 0 | ... BM77: =(BM78*BM82)*BM89 -> 0
B78: =MATCH(C78,Supuestos!$B$3:$B$185,0) -> 96 | C78: Valor Alcance primario | E78: =Supuestos!D98 -> 10.8 | F78: =HLOOKUP(F$2,Supuestos!$D$3:$H$129,$B$78,0) -> 10.8 | G78: =HLOOKUP(G$2,Supuestos!$D$3:$H$129,$B$78,0) -> 10.8 | H78: =HLOOKUP(H$2,Supuestos!$D$3:$H$129,$B$78,0) -> 10.8 | I78: =HLOOKUP(I$2,Supuestos!$D$3:$H$129,$B$78,0) -> 10.8 | J78: =HLOOKUP(J$2,Supuestos!$D$3:$H$129,$B$78,0) -> 10.8 | K78: =HLOOKUP(K$2,Supuestos!$D$3:$H$129,$B$78,0) -> 10.8 | L78: =HLOOKUP(L$2,Supuestos!$D$3:$H$129,$B$78,0) -> 10.8 | M78: =HLOOKUP(M$2,Supuestos!$D$3:$H$129,$B$78,0) -> 10.8 | ... BM78: =HLOOKUP(BM$2,Supuestos!$D$3:$H$129,$B$78,0) -> 12.155495
C81: Mes de vencicmiento | F81: =IF(F82>0,F$4+F86,0) -> 0 | G81: =IF(G82>0,G$4+G86,0) -> 0 | H81: =IF(H82>0,H$4+H86,0) -> 0 | I81: =IF(I82>0,I$4+I86,0) -> 10 | J81: =IF(J82>0,J$4+J86,0) -> 0 | K81: =IF(K82>0,K$4+K86,0) -> 0 | L81: =IF(L82>0,L$4+L86,0) -> 0 | M81: =IF(M82>0,M$4+M86,0) -> 0 | ... BM81: =IF(BM82>0,BM$4+BM86,0) -> 0
B82: =MATCH(C82,Supuestos!$B$3:$B$185,0) -> 7 | C82: =Supuestos!B9 -> Alcance Primario x frecuencia | F82: =HLOOKUP(F$2,Supuestos!$D$3:$H$157,$B82,0)*E83 -> 0 | G82: =HLOOKUP(G$2,Supuestos!$D$3:$H$157,$B82,0)*F83 -> 0 | H82: =HLOOKUP(H$2,Supuestos!$D$3:$H$157,$B82,0)*G83 -> 0 | I82: =HLOOKUP(I$2,Supuestos!$D$3:$H$157,$B82,0)*H83 -> 2 | J82: =HLOOKUP(J$2,Supuestos!$D$3:$H$157,$B82,0)*I83 -> 0 | K82: =HLOOKUP(K$2,Supuestos!$D$3:$H$157,$B82,0)*J83 -> 0 | L82: =HLOOKUP(L$2,Supuestos!$D$3:$H$157,$B82,0)*K83 -> 0 | M82: =HLOOKUP(M$2,Supuestos!$D$3:$H$157,$B82,0)*L83 -> 0 | ... BM82: =HLOOKUP(BM$2,Supuestos!$D$3:$H$157,$B82,0)*BL83 -> 0
C83: ¿Ciclo completo? | E83: =IF(F$4=$E88,1,IF(SUM(E89:$F89)<E87,0,IF(MOD(SUM($E89:E$89)/E87,INT(SUM(E89:$F$89)/E87))=0,1,0))) -> 0 | F83: =IF(G$4=$E88,1,IF(SUM($F89:F89)<F87,0,IF(MOD(SUM($E89:F$89)/F87,INT(SUM($F89:F$89)/F87))=0,1,0))) -> 0 | G83: =IF(H$4=$E88,1,IF(SUM($F89:G89)<G87,0,IF(MOD(SUM($E89:G$89)/G87,INT(SUM($F89:G$89)/G87))=0,1,0))) -> 0 | H83: =IF(I$4=$E88,1,IF(SUM($F89:H89)<H87,0,IF(MOD(SUM($E89:H$89)/H87,INT(SUM($F89:H$89)/H87))=0,1,0))) -> 1 | I83: =IF(J$4=$E88,1,IF(SUM($F89:I89)<I87,0,IF(MOD(SUM($E89:I$89)/I87,INT(SUM($F89:I$89)/I87))=0,1,0))) -> 0 | J83: =IF(K$4=$E88,1,IF(SUM($F89:J89)<J87,0,IF(MOD(SUM($E89:J$89)/J87,INT(SUM($F89:J$89)/J87))=0,1,0))) -> 0 | K83: =IF(L$4=$E88,1,IF(SUM($F89:K89)<K87,0,IF(MOD(SUM($E89:K$89)/K87,INT(SUM($F89:K$89)/K87))=0,1,0))) -> 0 | L83: =IF(M$4=$E88,1,IF(SUM($F89:L89)<L87,0,IF(MOD(SUM($E89:L$89)/L87,INT(SUM($F89:L$89)/L87))=0,1,0))) -> 0 | M83: =IF(N$4=$E88,1,IF(SUM($F89:M89)<M87,0,IF(MOD(SUM($E89:M$89)/M87,INT(SUM($F89:M$89)/M87))=0,1,0))) -> 0 | ... BM83: =IF(BN$4=$E88,1,IF(SUM($F89:BM89)<BM87,0,IF(MOD(SUM($E89:BM$89)/BM87,INT(SUM($F89:BM$89)/BM87))=0,1,0))) -> 0
C84: Consultorías a dar de baja | F84: =IF(ISERROR(HLOOKUP(F$4,$F81:$BM85,2,0))=TRUE,0,HLOOKUP(F$4,$F81:$BM85,2,0)) -> 0 | G84: =IF(ISERROR(HLOOKUP(G$4,$F81:$BM85,2,0))=TRUE,0,HLOOKUP(G$4,$F81:$BM85,2,0)) -> 0 | H84: =IF(ISERROR(HLOOKUP(H$4,$F81:$BM85,2,0))=TRUE,0,HLOOKUP(H$4,$F81:$BM85,2,0)) -> 0 | I84: =IF(ISERROR(HLOOKUP(I$4,$F81:$BM85,2,0))=TRUE,0,HLOOKUP(I$4,$F81:$BM85,2,0)) -> 0 | J84: =IF(ISERROR(HLOOKUP(J$4,$F81:$BM85,2,0))=TRUE,0,HLOOKUP(J$4,$F81:$BM85,2,0)) -> 0 | K84: =IF(ISERROR(HLOOKUP(K$4,$F81:$BM85,2,0))=TRUE,0,HLOOKUP(K$4,$F81:$BM85,2,0)) -> 0 | L84: =IF(ISERROR(HLOOKUP(L$4,$F81:$BM85,2,0))=TRUE,0,HLOOKUP(L$4,$F81:$BM85,2,0)) -> 0 | M84: =IF(ISERROR(HLOOKUP(M$4,$F81:$BM85,2,0))=TRUE,0,HLOOKUP(M$4,$F81:$BM85,2,0)) -> 0 | ... BM84: =IF(ISERROR(HLOOKUP(BM$4,$F81:$BM85,2,0))=TRUE,0,HLOOKUP(BM$4,$F81:$BM85,2,0)) -> 0
C85: Consultorías corrientes | F85: =E85+F82-F84 -> 0 | G85: =F85+G82-G84 -> 0 | H85: =G85+H82-H84 -> 0 | I85: =H85+I82-I84 -> 2 | J85: =I85+J82-J84 -> 2 | K85: =J85+K82-K84 -> 2 | L85: =K85+L82-L84 -> 2 | M85: =L85+M82-M84 -> 2 | ... BM85: =BL85+BM82-BM84 -> 8
B86: =MATCH(C86,Supuestos!$B$3:$B$185,0) -> 8 | C86: =Supuestos!B10 -> Duración Alcance Primario (meses) | E86: =Supuestos!I10 -> 6 | F86: =HLOOKUP(F$2,Supuestos!$D$3:$H$157,$B86,0) -> 6 | G86: =HLOOKUP(G$2,Supuestos!$D$3:$H$157,$B86,0) -> 6 | H86: =HLOOKUP(H$2,Supuestos!$D$3:$H$157,$B86,0) -> 6 | I86: =HLOOKUP(I$2,Supuestos!$D$3:$H$157,$B86,0) -> 6 | J86: =HLOOKUP(J$2,Supuestos!$D$3:$H$157,$B86,0) -> 6 | K86: =HLOOKUP(K$2,Supuestos!$D$3:$H$157,$B86,0) -> 6 | L86: =HLOOKUP(L$2,Supuestos!$D$3:$H$157,$B86,0) -> 6 | M86: =HLOOKUP(M$2,Supuestos!$D$3:$H$157,$B86,0) -> 6 | ... BM86: =HLOOKUP(BM$2,Supuestos!$D$3:$H$157,$B86,0) -> 6
B87: =MATCH(C87,Supuestos!$B$3:$B$185,0) -> 9 | C87: =Supuestos!B11 -> Frecuencia Alcance Primario (meses) | E87: =Supuestos!I11 -> 6 | F87: =HLOOKUP(F$2,Supuestos!$D$3:$H$157,$B87,0) -> 6 | G87: =HLOOKUP(G$2,Supuestos!$D$3:$H$157,$B87,0) -> 6 | H87: =HLOOKUP(H$2,Supuestos!$D$3:$H$157,$B87,0) -> 6 | I87: =HLOOKUP(I$2,Supuestos!$D$3:$H$157,$B87,0) -> 6 | J87: =HLOOKUP(J$2,Supuestos!$D$3:$H$157,$B87,0) -> 6 | K87: =HLOOKUP(K$2,Supuestos!$D$3:$H$157,$B87,0) -> 6 | L87: =HLOOKUP(L$2,Supuestos!$D$3:$H$157,$B87,0) -> 6 | M87: =HLOOKUP(M$2,Supuestos!$D$3:$H$157,$B87,0) -> 6 | ... BM87: =HLOOKUP(BM$2,Supuestos!$D$3:$H$157,$B87,0) -> 6
C88: Inicio (mes) | E88: =Supuestos!D88 -> 4
C89: Activo | E89: 0 | F89: =IF(E89=1,E89,IF($E88=F$4,1,0)) -> 0 | G89: =IF(F89=1,F89,IF($E88=G$4,1,0)) -> 0 | H89: =IF(G89=1,G89,IF($E88=H$4,1,0)) -> 0 | I89: =IF(H89=1,H89,IF($E88=I$4,1,0)) -> 1 | J89: =IF(I89=1,I89,IF($E88=J$4,1,0)) -> 1 | K89: =IF(J89=1,J89,IF($E88=K$4,1,0)) -> 1 | L89: =IF(K89=1,K89,IF($E88=L$4,1,0)) -> 1 | M89: =IF(L89=1,L89,IF($E88=M$4,1,0)) -> 1 | ... BM89: =IF(BL89=1,BL89,IF($E88=BM$4,1,0)) -> 1
C91: Alcance medio | F91: =(F92*F96)*F103 -> 0 | G91: =(G92*G96)*G103 -> 0 | H91: =(H92*H96)*H103 -> 0 | I91: =(I92*I96)*I103 -> 86.4 | J91: =(J92*J96)*J103 -> 0 | K91: =(K92*K96)*K103 -> 0 | L91: =(L92*L96)*L103 -> 0 | M91: =(M92*M96)*M103 -> 0 | ... BM91: =(BM92*BM96)*BM103 -> 0
B92: =MATCH(C92,Supuestos!$B$3:$B$185,0) -> 97 | C92: Valor Alcance medio | E92: =Supuestos!D99 -> 43.2 | F92: =HLOOKUP(F$2,Supuestos!$D$3:$H$129,$B$92,0) -> 43.2 | G92: =HLOOKUP(G$2,Supuestos!$D$3:$H$129,$B$92,0) -> 43.2 | H92: =HLOOKUP(H$2,Supuestos!$D$3:$H$129,$B$92,0) -> 43.2 | I92: =HLOOKUP(I$2,Supuestos!$D$3:$H$129,$B$92,0) -> 43.2 | J92: =HLOOKUP(J$2,Supuestos!$D$3:$H$129,$B$92,0) -> 43.2 | K92: =HLOOKUP(K$2,Supuestos!$D$3:$H$129,$B$92,0) -> 43.2 | L92: =HLOOKUP(L$2,Supuestos!$D$3:$H$129,$B$92,0) -> 43.2 | M92: =HLOOKUP(M$2,Supuestos!$D$3:$H$129,$B$92,0) -> 43.2 | ... BM92: =HLOOKUP(BM$2,Supuestos!$D$3:$H$129,$B$92,0) -> 48.621981
C95: Mes de vencicmiento | F95: =IF(F96>0,F$4+F100,0) -> 0 | G95: =IF(G96>0,G$4+G100,0) -> 0 | H95: =IF(H96>0,H$4+H100,0) -> 0 | I95: =IF(I96>0,I$4+I100,0) -> 12 | J95: =IF(J96>0,J$4+J100,0) -> 0 | K95: =IF(K96>0,K$4+K100,0) -> 0 | L95: =IF(L96>0,L$4+L100,0) -> 0 | M95: =IF(M96>0,M$4+M100,0) -> 0 | ... BM95: =IF(BM96>0,BM$4+BM100,0) -> 0
B96: =MATCH(C96,Supuestos!$B$3:$B$185,0) -> 10 | C96: =Supuestos!B12 -> Alcance Medio x frecuencia | F96: =HLOOKUP(F$2,Supuestos!$D$3:$H$157,$B96,0)*E97 -> 0 | G96: =HLOOKUP(G$2,Supuestos!$D$3:$H$157,$B96,0)*F97 -> 0 | H96: =HLOOKUP(H$2,Supuestos!$D$3:$H$157,$B96,0)*G97 -> 0 | I96: =HLOOKUP(I$2,Supuestos!$D$3:$H$157,$B96,0)*H97 -> 2 | J96: =HLOOKUP(J$2,Supuestos!$D$3:$H$157,$B96,0)*I97 -> 0 | K96: =HLOOKUP(K$2,Supuestos!$D$3:$H$157,$B96,0)*J97 -> 0 | L96: =HLOOKUP(L$2,Supuestos!$D$3:$H$157,$B96,0)*K97 -> 0 | M96: =HLOOKUP(M$2,Supuestos!$D$3:$H$157,$B96,0)*L97 -> 0 | ... BM96: =HLOOKUP(BM$2,Supuestos!$D$3:$H$157,$B96,0)*BL97 -> 0
C97: ¿Ciclo completo? | E97: =IF(F$4=$E102,1,IF(SUM(E103:$F103)<E101,0,IF(MOD(SUM($E103:E$103)/E101,INT(SUM(E103:$F$103)/E101))=0,1,0))) -> 0 | F97: =IF(G$4=$E102,1,IF(SUM($F103:F103)<F101,0,IF(MOD(SUM($E103:F$103)/F101,INT(SUM($F103:F$103)/F101))=0,1,0))) -> 0 | G97: =IF(H$4=$E102,1,IF(SUM($F103:G103)<G101,0,IF(MOD(SUM($E103:G$103)/G101,INT(SUM($F103:G$103)/G101))=0,1,0))) -> 0 | H97: =IF(I$4=$E102,1,IF(SUM($F103:H103)<H101,0,IF(MOD(SUM($E103:H$103)/H101,INT(SUM($F103:H$103)/H101))=0,1,0))) -> 1 | I97: =IF(J$4=$E102,1,IF(SUM($F103:I103)<I101,0,IF(MOD(SUM($E103:I$103)/I101,INT(SUM($F103:I$103)/I101))=0,1,0))) -> 0 | J97: =IF(K$4=$E102,1,IF(SUM($F103:J103)<J101,0,IF(MOD(SUM($E103:J$103)/J101,INT(SUM($F103:J$103)/J101))=0,1,0))) -> 0 | K97: =IF(L$4=$E102,1,IF(SUM($F103:K103)<K101,0,IF(MOD(SUM($E103:K$103)/K101,INT(SUM($F103:K$103)/K101))=0,1,0))) -> 0 | L97: =IF(M$4=$E102,1,IF(SUM($F103:L103)<L101,0,IF(MOD(SUM($E103:L$103)/L101,INT(SUM($F103:L$103)/L101))=0,1,0))) -> 0 | M97: =IF(N$4=$E102,1,IF(SUM($F103:M103)<M101,0,IF(MOD(SUM($E103:M$103)/M101,INT(SUM($F103:M$103)/M101))=0,1,0))) -> 0 | ... BM97: =IF(BN$4=$E102,1,IF(SUM($F103:BM103)<BM101,0,IF(MOD(SUM($E103:BM$103)/BM101,INT(SUM($F103:BM$103)/BM101))=0,1,0))) -> 0
C98: Consultorías a dar de baja | F98: =IF(ISERROR(HLOOKUP(F$4,$F95:$BM99,2,0))=TRUE,0,HLOOKUP(F$4,$F95:$BM99,2,0)) -> 0 | G98: =IF(ISERROR(HLOOKUP(G$4,$F95:$BM99,2,0))=TRUE,0,HLOOKUP(G$4,$F95:$BM99,2,0)) -> 0 | H98: =IF(ISERROR(HLOOKUP(H$4,$F95:$BM99,2,0))=TRUE,0,HLOOKUP(H$4,$F95:$BM99,2,0)) -> 0 | I98: =IF(ISERROR(HLOOKUP(I$4,$F95:$BM99,2,0))=TRUE,0,HLOOKUP(I$4,$F95:$BM99,2,0)) -> 0 | J98: =IF(ISERROR(HLOOKUP(J$4,$F95:$BM99,2,0))=TRUE,0,HLOOKUP(J$4,$F95:$BM99,2,0)) -> 0 | K98: =IF(ISERROR(HLOOKUP(K$4,$F95:$BM99,2,0))=TRUE,0,HLOOKUP(K$4,$F95:$BM99,2,0)) -> 0 | L98: =IF(ISERROR(HLOOKUP(L$4,$F95:$BM99,2,0))=TRUE,0,HLOOKUP(L$4,$F95:$BM99,2,0)) -> 0 | M98: =IF(ISERROR(HLOOKUP(M$4,$F95:$BM99,2,0))=TRUE,0,HLOOKUP(M$4,$F95:$BM99,2,0)) -> 0 | ... BM98: =IF(ISERROR(HLOOKUP(BM$4,$F95:$BM99,2,0))=TRUE,0,HLOOKUP(BM$4,$F95:$BM99,2,0)) -> 8
C99: Consultorías corrientes | F99: =E99+F96-F98 -> 0 | G99: =F99+G96-G98 -> 0 | H99: =G99+H96-H98 -> 0 | I99: =H99+I96-I98 -> 2 | J99: =I99+J96-J98 -> 2 | K99: =J99+K96-K98 -> 2 | L99: =K99+L96-L98 -> 2 | M99: =L99+M96-M98 -> 2 | ... BM99: =BL99+BM96-BM98 -> 8
B100: =MATCH(C100,Supuestos!$B$3:$B$185,0) -> 11 | C100: =Supuestos!B13 -> Duración Alcance Medio (meses) | E100: =Supuestos!I13 -> 8 | F100: =HLOOKUP(F$2,Supuestos!$D$3:$H$157,$B100,0) -> 8 | G100: =HLOOKUP(G$2,Supuestos!$D$3:$H$157,$B100,0) -> 8 | H100: =HLOOKUP(H$2,Supuestos!$D$3:$H$157,$B100,0) -> 8 | I100: =HLOOKUP(I$2,Supuestos!$D$3:$H$157,$B100,0) -> 8 | J100: =HLOOKUP(J$2,Supuestos!$D$3:$H$157,$B100,0) -> 8 | K100: =HLOOKUP(K$2,Supuestos!$D$3:$H$157,$B100,0) -> 8 | L100: =HLOOKUP(L$2,Supuestos!$D$3:$H$157,$B100,0) -> 8 | M100: =HLOOKUP(M$2,Supuestos!$D$3:$H$157,$B100,0) -> 8 | ... BM100: =HLOOKUP(BM$2,Supuestos!$D$3:$H$157,$B100,0) -> 8
B101: =MATCH(C101,Supuestos!$B$3:$B$185,0) -> 12 | C101: =Supuestos!B14 -> Frecuencia Alcance Medio (meses) | E101: =Supuestos!I14 -> 6 | F101: =HLOOKUP(F$2,Supuestos!$D$3:$H$157,$B101,0) -> 6 | G101: =HLOOKUP(G$2,Supuestos!$D$3:$H$157,$B101,0) -> 6 | H101: =HLOOKUP(H$2,Supuestos!$D$3:$H$157,$B101,0) -> 6 | I101: =HLOOKUP(I$2,Supuestos!$D$3:$H$157,$B101,0) -> 6 | J101: =HLOOKUP(J$2,Supuestos!$D$3:$H$157,$B101,0) -> 6 | K101: =HLOOKUP(K$2,Supuestos!$D$3:$H$157,$B101,0) -> 6 | L101: =HLOOKUP(L$2,Supuestos!$D$3:$H$157,$B101,0) -> 6 | M101: =HLOOKUP(M$2,Supuestos!$D$3:$H$157,$B101,0) -> 6 | ... BM101: =HLOOKUP(BM$2,Supuestos!$D$3:$H$157,$B101,0) -> 6
C102: Inicio (mes) | E102: =Supuestos!D89 -> 4
C103: Activo | E103: 0 | F103: =IF(E103=1,E103,IF($E102=F$4,1,0)) -> 0 | G103: =IF(F103=1,F103,IF($E102=G$4,1,0)) -> 0 | H103: =IF(G103=1,G103,IF($E102=H$4,1,0)) -> 0 | I103: =IF(H103=1,H103,IF($E102=I$4,1,0)) -> 1 | J103: =IF(I103=1,I103,IF($E102=J$4,1,0)) -> 1 | K103: =IF(J103=1,J103,IF($E102=K$4,1,0)) -> 1 | L103: =IF(K103=1,K103,IF($E102=L$4,1,0)) -> 1 | M103: =IF(L103=1,L103,IF($E102=M$4,1,0)) -> 1 | ... BM103: =IF(BL103=1,BL103,IF($E102=BM$4,1,0)) -> 1
C105: Alcance profundo | F105: =(F106*F110)*F117 -> 0 | G105: =(G106*G110)*G117 -> 0 | H105: =(H106*H110)*H117 -> 0 | I105: =(I106*I110)*I117 -> 0 | J105: =(J106*J110)*J117 -> 0 | K105: =(K106*K110)*K117 -> 0 | L105: =(L106*L110)*L117 -> 0 | M105: =(M106*M110)*M117 -> 0 | ... BM105: =(BM106*BM110)*BM117 -> 0
B106: =MATCH(C106,Supuestos!$B$3:$B$185,0) -> 98 | C106: Valor Alcance profundo | E106: =Supuestos!D100 -> 86.4 | F106: =HLOOKUP(F$2,Supuestos!$D$3:$H$129,$B$106,0) -> 86.4 | G106: =HLOOKUP(G$2,Supuestos!$D$3:$H$129,$B$106,0) -> 86.4 | H106: =HLOOKUP(H$2,Supuestos!$D$3:$H$129,$B$106,0) -> 86.4 | I106: =HLOOKUP(I$2,Supuestos!$D$3:$H$129,$B$106,0) -> 86.4 | J106: =HLOOKUP(J$2,Supuestos!$D$3:$H$129,$B$106,0) -> 86.4 | K106: =HLOOKUP(K$2,Supuestos!$D$3:$H$129,$B$106,0) -> 86.4 | L106: =HLOOKUP(L$2,Supuestos!$D$3:$H$129,$B$106,0) -> 86.4 | M106: =HLOOKUP(M$2,Supuestos!$D$3:$H$129,$B$106,0) -> 86.4 | ... BM106: =HLOOKUP(BM$2,Supuestos!$D$3:$H$129,$B$106,0) -> 97.243961
C109: Mes de vencicmiento | F109: =IF(F110>0,F$4+F114,0) -> 0 | G109: =IF(G110>0,G$4+G114,0) -> 0 | H109: =IF(H110>0,H$4+H114,0) -> 0 | I109: =IF(I110>0,I$4+I114,0) -> 0 | J109: =IF(J110>0,J$4+J114,0) -> 0 | K109: =IF(K110>0,K$4+K114,0) -> 0 | L109: =IF(L110>0,L$4+L114,0) -> 0 | M109: =IF(M110>0,M$4+M114,0) -> 0 | ... BM109: =IF(BM110>0,BM$4+BM114,0) -> 0
B110: =MATCH(C110,Supuestos!$B$3:$B$185,0) -> 13 | C110: =Supuestos!$B15 -> Alcance Profundo x frecuencia | F110: =HLOOKUP(F$2,Supuestos!$D$3:$H$157,$B110,0)*E111 -> 0 | G110: =HLOOKUP(G$2,Supuestos!$D$3:$H$157,$B110,0)*F111 -> 0 | H110: =HLOOKUP(H$2,Supuestos!$D$3:$H$157,$B110,0)*G111 -> 0 | I110: =HLOOKUP(I$2,Supuestos!$D$3:$H$157,$B110,0)*H111 -> 0 | J110: =HLOOKUP(J$2,Supuestos!$D$3:$H$157,$B110,0)*I111 -> 0 | K110: =HLOOKUP(K$2,Supuestos!$D$3:$H$157,$B110,0)*J111 -> 0 | L110: =HLOOKUP(L$2,Supuestos!$D$3:$H$157,$B110,0)*K111 -> 0 | M110: =HLOOKUP(M$2,Supuestos!$D$3:$H$157,$B110,0)*L111 -> 0 | ... BM110: =HLOOKUP(BM$2,Supuestos!$D$3:$H$157,$B110,0)*BL111 -> 0
C111: ¿Ciclo completo? | E111: =IF(F$4=$E116,1,IF(SUM(E117:$F117)<E115,0,IF(MOD(SUM($E117:E$117)/E115,INT(SUM(E117:$F$117)/E115))=0,1,0))) -> 0 | F111: =IF(G$4=$E116,1,IF(SUM($F117:F117)<F115,0,IF(MOD(SUM($E117:F$117)/F115,INT(SUM($F117:F$117)/F115))=0,1,0))) -> 0 | G111: =IF(H$4=$E116,1,IF(SUM($F117:G117)<G115,0,IF(MOD(SUM($E117:G$117)/G115,INT(SUM($F117:G$117)/G115))=0,1,0))) -> 0 | H111: =IF(I$4=$E116,1,IF(SUM($F117:H117)<H115,0,IF(MOD(SUM($E117:H$117)/H115,INT(SUM($F117:H$117)/H115))=0,1,0))) -> 0 | I111: =IF(J$4=$E116,1,IF(SUM($F117:I117)<I115,0,IF(MOD(SUM($E117:I$117)/I115,INT(SUM($F117:I$117)/I115))=0,1,0))) -> 0 | J111: =IF(K$4=$E116,1,IF(SUM($F117:J117)<J115,0,IF(MOD(SUM($E117:J$117)/J115,INT(SUM($F117:J$117)/J115))=0,1,0))) -> 0 | K111: =IF(L$4=$E116,1,IF(SUM($F117:K117)<K115,0,IF(MOD(SUM($E117:K$117)/K115,INT(SUM($F117:K$117)/K115))=0,1,0))) -> 0 | L111: =IF(M$4=$E116,1,IF(SUM($F117:L117)<L115,0,IF(MOD(SUM($E117:L$117)/L115,INT(SUM($F117:L$117)/L115))=0,1,0))) -> 0 | M111: =IF(N$4=$E116,1,IF(SUM($F117:M117)<M115,0,IF(MOD(SUM($E117:M$117)/M115,INT(SUM($F117:M$117)/M115))=0,1,0))) -> 0 | ... BM111: =IF(BN$4=$E116,1,IF(SUM($F117:BM117)<BM115,0,IF(MOD(SUM($E117:BM$117)/BM115,INT(SUM($F117:BM$117)/BM115))=0,1,0))) -> 0
C112: Consultorías a dar de baja | F112: =IF(ISERROR(HLOOKUP(F$4,$F109:$BM113,2,0))=TRUE,0,HLOOKUP(F$4,$F109:$BM113,2,0)) -> 0 | G112: =IF(ISERROR(HLOOKUP(G$4,$F109:$BM113,2,0))=TRUE,0,HLOOKUP(G$4,$F109:$BM113,2,0)) -> 0 | H112: =IF(ISERROR(HLOOKUP(H$4,$F109:$BM113,2,0))=TRUE,0,HLOOKUP(H$4,$F109:$BM113,2,0)) -> 0 | I112: =IF(ISERROR(HLOOKUP(I$4,$F109:$BM113,2,0))=TRUE,0,HLOOKUP(I$4,$F109:$BM113,2,0)) -> 0 | J112: =IF(ISERROR(HLOOKUP(J$4,$F109:$BM113,2,0))=TRUE,0,HLOOKUP(J$4,$F109:$BM113,2,0)) -> 0 | K112: =IF(ISERROR(HLOOKUP(K$4,$F109:$BM113,2,0))=TRUE,0,HLOOKUP(K$4,$F109:$BM113,2,0)) -> 0 | L112: =IF(ISERROR(HLOOKUP(L$4,$F109:$BM113,2,0))=TRUE,0,HLOOKUP(L$4,$F109:$BM113,2,0)) -> 0 | M112: =IF(ISERROR(HLOOKUP(M$4,$F109:$BM113,2,0))=TRUE,0,HLOOKUP(M$4,$F109:$BM113,2,0)) -> 0 | ... BM112: =IF(ISERROR(HLOOKUP(BM$4,$F109:$BM113,2,0))=TRUE,0,HLOOKUP(BM$4,$F109:$BM113,2,0)) -> 0
C113: Consultorías corrientes | F113: =E113+F110-F112 -> 0 | G113: =F113+G110-G112 -> 0 | H113: =G113+H110-H112 -> 0 | I113: =H113+I110-I112 -> 0 | J113: =I113+J110-J112 -> 0 | K113: =J113+K110-K112 -> 0 | L113: =K113+L110-L112 -> 0 | M113: =L113+M110-M112 -> 0 | ... BM113: =BL113+BM110-BM112 -> 16
B114: =MATCH(C114,Supuestos!$B$3:$B$185,0) -> 14 | C114: Duración Alcance Profundo (meses) | E114: =Supuestos!I16 -> 12 | F114: =HLOOKUP(F$2,Supuestos!$D$3:$H$157,$B114,0) -> 12 | G114: =HLOOKUP(G$2,Supuestos!$D$3:$H$157,$B114,0) -> 12 | H114: =HLOOKUP(H$2,Supuestos!$D$3:$H$157,$B114,0) -> 12 | I114: =HLOOKUP(I$2,Supuestos!$D$3:$H$157,$B114,0) -> 12 | J114: =HLOOKUP(J$2,Supuestos!$D$3:$H$157,$B114,0) -> 12 | K114: =HLOOKUP(K$2,Supuestos!$D$3:$H$157,$B114,0) -> 12 | L114: =HLOOKUP(L$2,Supuestos!$D$3:$H$157,$B114,0) -> 12 | M114: =HLOOKUP(M$2,Supuestos!$D$3:$H$157,$B114,0) -> 12 | ... BM114: =HLOOKUP(BM$2,Supuestos!$D$3:$H$157,$B114,0) -> 12
B115: =MATCH(C115,Supuestos!$B$3:$B$185,0) -> 15 | C115: Frecuencia Alcance Profundo (meses) | E115: =Supuestos!I17 -> 6 | F115: =HLOOKUP(F$2,Supuestos!$D$3:$H$157,$B115,0) -> 6 | G115: =HLOOKUP(G$2,Supuestos!$D$3:$H$157,$B115,0) -> 6 | H115: =HLOOKUP(H$2,Supuestos!$D$3:$H$157,$B115,0) -> 6 | I115: =HLOOKUP(I$2,Supuestos!$D$3:$H$157,$B115,0) -> 6 | J115: =HLOOKUP(J$2,Supuestos!$D$3:$H$157,$B115,0) -> 6 | K115: =HLOOKUP(K$2,Supuestos!$D$3:$H$157,$B115,0) -> 6 | L115: =HLOOKUP(L$2,Supuestos!$D$3:$H$157,$B115,0) -> 6 | M115: =HLOOKUP(M$2,Supuestos!$D$3:$H$157,$B115,0) -> 6 | ... BM115: =HLOOKUP(BM$2,Supuestos!$D$3:$H$157,$B115,0) -> 6
C116: Inicio (mes) | E116: =Supuestos!D90 -> 10
C117: Activo | E117: 0 | F117: =IF(E117=1,E117,IF($E116=F$4,1,0)) -> 0 | G117: =IF(F117=1,F117,IF($E116=G$4,1,0)) -> 0 | H117: =IF(G117=1,G117,IF($E116=H$4,1,0)) -> 0 | I117: =IF(H117=1,H117,IF($E116=I$4,1,0)) -> 0 | J117: =IF(I117=1,I117,IF($E116=J$4,1,0)) -> 0 | K117: =IF(J117=1,J117,IF($E116=K$4,1,0)) -> 0 | L117: =IF(K117=1,K117,IF($E116=L$4,1,0)) -> 0 | M117: =IF(L117=1,L117,IF($E116=M$4,1,0)) -> 0 | ... BM117: =IF(BL117=1,BL117,IF($E116=BM$4,1,0)) -> 1
C119: Gran proyecto | F119: =(F120*F122)*F129 -> 0 | G119: =(G120*G122)*G129 -> 0 | H119: =(H120*H122)*H129 -> 0 | I119: =(I120*I122)*I129 -> 0 | J119: =(J120*J122)*J129 -> 0 | K119: =(K120*K122)*K129 -> 0 | L119: =(L120*L122)*L129 -> 162 | M119: =(M120*M122)*M129 -> 0 | ... BM119: =(BM120*BM122)*BM129 -> 0
...

Sheet Equipo Núcleo
A1: ='Flujo de Caja'!$A$1 -> valores $ en COP '000,000 | F1: ='Ingresos detallado'!F1 -> Año | G1: ='Ingresos detallado'!G1 -> Año | H1: ='Ingresos detallado'!H1 -> Año | I1: ='Ingresos detallado'!I1 -> Año | J1: ='Ingresos detallado'!J1 -> Año | K1: ='Ingresos detallado'!K1 -> Año | L1: ='Ingresos detallado'!L1 -> Año | M1: ='Ingresos detallado'!M1 -> Año | ... BM1: ='Ingresos detallado'!BM1 -> Año
F2: ='Ingresos detallado'!F2 -> 1 | G2: ='Ingresos detallado'!G2 -> 1 | H2: ='Ingresos detallado'!H2 -> 1 | I2: ='Ingresos detallado'!I2 -> 1 | J2: ='Ingresos detallado'!J2 -> 1 | K2: ='Ingresos detallado'!K2 -> 1 | L2: ='Ingresos detallado'!L2 -> 1 | M2: ='Ingresos detallado'!M2 -> 1 | ... BM2: ='Ingresos detallado'!BM2 -> 5
F3: ='Ingresos detallado'!F3 -> Mes | G3: ='Ingresos detallado'!G3 -> Mes | H3: ='Ingresos detallado'!H3 -> Mes | I3: ='Ingresos detallado'!I3 -> Mes | J3: ='Ingresos detallado'!J3 -> Mes | K3: ='Ingresos detallado'!K3 -> Mes | L3: ='Ingresos detallado'!L3 -> Mes | M3: ='Ingresos detallado'!M3 -> Mes | ... BM3: ='Ingresos detallado'!BM3 -> Mes
F4: ='Ingresos detallado'!F4 -> 1 | G4: ='Ingresos detallado'!G4 -> 2 | H4: ='Ingresos detallado'!H4 -> 3 | I4: ='Ingresos detallado'!I4 -> 4 | J4: ='Ingresos detallado'!J4 -> 5 | K4: ='Ingresos detallado'!K4 -> 6 | L4: ='Ingresos detallado'!L4 -> 7 | M4: ='Ingresos detallado'!M4 -> 8 | ... BM4: ='Ingresos detallado'!BM4 -> 60
B6: Total Equipo Núcleo | F6: =F9+F17+F26+F34 -> 8 | G6: =G9+G17+G26+G34 -> 8 | H6: =H9+H17+H26+H34 -> 8 | I6: =I9+I17+I26+I34 -> 8 | J6: =J9+J17+J26+J34 -> 13 | K6: =K9+K17+K26+K34 -> 13 | L6: =L9+L17+L26+L34 -> 13 | M6: =M9+M17+M26+M34 -> 13 | ... BM6: =BM9+BM17+BM26+BM34 -> 47.27137
B7: =MATCH(C7,Supuestos!$B$3:$B$154,0) -> 4 | C7: =Supuestos!B6 -> Costos administrativos | D7: Administrativos | F7: =HLOOKUP(F$2,Supuestos!$D$3:$H$75,$B$7,0)*F6 -> 0.32 | G7: =HLOOKUP(G$2,Supuestos!$D$3:$H$75,$B$7,0)*G6 -> 0.32 | H7: =HLOOKUP(H$2,Supuestos!$D$3:$H$75,$B$7,0)*H6 -> 0.32 | I7: =HLOOKUP(I$2,Supuestos!$D$3:$H$75,$B$7,0)*I6 -> 0.32 | J7: =HLOOKUP(J$2,Supuestos!$D$3:$H$75,$B$7,0)*J6 -> 0.52 | K7: =HLOOKUP(K$2,Supuestos!$D$3:$H$75,$B$7,0)*K6 -> 0.52 | L7: =HLOOKUP(L$2,Supuestos!$D$3:$H$75,$B$7,0)*L6 -> 0.52 | M7: =HLOOKUP(M$2,Supuestos!$D$3:$H$75,$B$7,0)*M6 -> 0.52 | ... BM7: =HLOOKUP(BM$2,Supuestos!$D$3:$H$75,$B$7,0)*BM6 -> 1.8908548
C9: Dirección | F9: =(F10*(1+F11))*F14*F15 -> 8 | G9: =(G10*(1+G11))*G14*G15 -> 8 | H9: =(H10*(1+H11))*H14*H15 -> 8 | I9: =(I10*(1+I11))*I14*I15 -> 8 | J9: =(J10*(1+J11))*J14*J15 -> 8 | K9: =(K10*(1+K11))*K14*K15 -> 8 | L9: =(L10*(1+L11))*L14*L15 -> 8 | M9: =(M10*(1+M11))*M14*M15 -> 8 | ... BM9: =(BM10*(1+BM11))*BM14*BM15 -> 9.0040705
B10: =MATCH(C10,Supuestos!$B$3:$B$154,0) -> 61 | C10: Salario Dirección | E10: =Supuestos!D63 -> 8 | F10: =HLOOKUP(F$2,Supuestos!$D$3:$H$75,$B$10,0) -> 8 | G10: =HLOOKUP(G$2,Supuestos!$D$3:$H$75,$B$10,0) -> 8 | H10: =HLOOKUP(H$2,Supuestos!$D$3:$H$75,$B$10,0) -> 8 | I10: =HLOOKUP(I$2,Supuestos!$D$3:$H$75,$B$10,0) -> 8 | J10: =HLOOKUP(J$2,Supuestos!$D$3:$H$75,$B$10,0) -> 8 | K10: =HLOOKUP(K$2,Supuestos!$D$3:$H$75,$B$10,0) -> 8 | L10: =HLOOKUP(L$2,Supuestos!$D$3:$H$75,$B$10,0) -> 8 | M10: =HLOOKUP(M$2,Supuestos!$D$3:$H$75,$B$10,0) -> 8 | ... BM10: =HLOOKUP(BM$2,Supuestos!$D$3:$H$75,$B$10,0) -> 9.0040705
B11: =MATCH(C11,Supuestos!$B$3:$B$154,0) -> 3 | C11: Carga prestacional | F11: =HLOOKUP(F$2,Supuestos!$D$3:$H$181,$B11,0) -> 0 | G11: =HLOOKUP(G$2,Supuestos!$D$3:$H$181,$B$11,0) -> 0 | H11: =HLOOKUP(H$2,Supuestos!$D$3:$H$181,$B$11,0) -> 0 | I11: =HLOOKUP(I$2,Supuestos!$D$3:$H$181,$B$11,0) -> 0 | J11: =HLOOKUP(J$2,Supuestos!$D$3:$H$181,$B$11,0) -> 0 | K11: =HLOOKUP(K$2,Supuestos!$D$3:$H$181,$B$11,0) -> 0 | L11: =HLOOKUP(L$2,Supuestos!$D$3:$H$181,$B$11,0) -> 0 | M11: =HLOOKUP(M$2,Supuestos!$D$3:$H$181,$B$11,0) -> 0 | N11: =HLOOKUP(N$2,Supuestos!$D$3:$H$181,$B$11,0) -> 0 | ... BM11: =HLOOKUP(BM$2,Supuestos!$D$3:$H$181,$B$11,0) -> 0
C12: Renovación (meses) | E12: 12
C13: Inicio (mes) | E13: =Supuestos!D64 -> 1
B14: =MATCH(C14,Supuestos!$B$3:$B$154,0) -> 63 | C14: Cantidad Direccion plataforma | E14: =Supuestos!D65 -> 1 | F14: =HLOOKUP(F$2,Supuestos!$D$3:$H$155,$B$14,0) -> 1 | G14: =HLOOKUP(G$2,Supuestos!$D$3:$H$155,$B$14,0) -> 1 | H14: =HLOOKUP(H$2,Supuestos!$D$3:$H$155,$B$14,0) -> 1 | I14: =HLOOKUP(I$2,Supuestos!$D$3:$H$155,$B$14,0) -> 1 | J14: =HLOOKUP(J$2,Supuestos!$D$3:$H$155,$B$14,0) -> 1 | K14: =HLOOKUP(K$2,Supuestos!$D$3:$H$155,$B$14,0) -> 1 | L14: =HLOOKUP(L$2,Supuestos!$D$3:$H$155,$B$14,0) -> 1 | M14: =HLOOKUP(M$2,Supuestos!$D$3:$H$155,$B$14,0) -> 1 | ... BM14: =HLOOKUP(BM$2,Supuestos!$D$3:$H$155,$B$14,0) -> 1
C15: Activo | E15: 0 | F15: =IF(E15=1,E15,IF($E13=F$4,1,0)) -> 1 | G15: =IF(F15=1,F15,IF($E13=G$4,1,0)) -> 1 | H15: =IF(G15=1,G15,IF($E13=H$4,1,0)) -> 1 | I15: =IF(H15=1,H15,IF($E13=I$4,1,0)) -> 1 | J15: =IF(I15=1,I15,IF($E13=J$4,1,0)) -> 1 | K15: =IF(J15=1,J15,IF($E13=K$4,1,0)) -> 1 | L15: =IF(K15=1,K15,IF($E13=L$4,1,0)) -> 1 | M15: =IF(L15=1,L15,IF($E13=M$4,1,0)) -> 1 | ... BM15: =IF(BL15=1,BL15,IF($E13=BM$4,1,0)) -> 1
C17: Product Owner | F17: =(F18*(1+F19))*F22*F23 -> 0 | G17: =(G18*(1+G19))*G22*G23 -> 0 | H17: =(H18*(1+H19))*H22*H23 -> 0 | I17: =(I18*(1+I19))*I22*I23 -> 0 | J17: =(J18*(1+J19))*J22*J23 -> 5 | K17: =(K18*(1+K19))*K22*K23 -> 5 | L17: =(L18*(1+L19))*L22*L23 -> 5 | M17: =(M18*(1+M19))*M22*M23 -> 5 | ... BM17: =(BM18*(1+BM19))*BM22*BM23 -> 11.255088
B18: =MATCH(C18,Supuestos!$B$3:$B$154,0) -> 64 | C18: Salario Product Owner | E18: =Supuestos!D66 -> 5 | F18: =HLOOKUP(F$2,Supuestos!$D$3:$H$75,$B$18,0) -> 5 | G18: =HLOOKUP(G$2,Supuestos!$D$3:$H$75,$B$18,0) -> 5 | H18: =HLOOKUP(H$2,Supuestos!$D$3:$H$75,$B$18,0) -> 5 | I18: =HLOOKUP(I$2,Supuestos!$D$3:$H$75,$B$18,0) -> 5 | J18: =HLOOKUP(J$2,Supuestos!$D$3:$H$75,$B$18,0) -> 5 | K18: =HLOOKUP(K$2,Supuestos!$D$3:$H$75,$B$18,0) -> 5 | L18: =HLOOKUP(L$2,Supuestos!$D$3:$H$75,$B$18,0) -> 5 | M18: =HLOOKUP(M$2,Supuestos!$D$3:$H$75,$B$18,0) -> 5 | ... BM18: =HLOOKUP(BM$2,Supuestos!$D$3:$H$75,$B$18,0) -> 5.6275441
B19: =MATCH(C19,Supuestos!$B$3:$B$154,0) -> 3 | C19: Carga prestacional | F19: =HLOOKUP(F$2,Supuestos!$D$3:$H$181,$B19,0) -> 0 | G19: =HLOOKUP(G$2,Supuestos!$D$3:$H$181,$B19,0) -> 0 | H19: =HLOOKUP(H$2,Supuestos!$D$3:$H$181,$B19,0) -> 0 | I19: =HLOOKUP(I$2,Supuestos!$D$3:$H$181,$B19,0) -> 0 | J19: =HLOOKUP(J$2,Supuestos!$D$3:$H$181,$B19,0) -> 0 | K19: =HLOOKUP(K$2,Supuestos!$D$3:$H$181,$B19,0) -> 0 | L19: =HLOOKUP(L$2,Supuestos!$D$3:$H$181,$B19,0) -> 0 | M19: =HLOOKUP(M$2,Supuestos!$D$3:$H$181,$B19,0) -> 0 | ... BM19: =HLOOKUP(BM$2,Supuestos!$D$3:$H$181,$B19,0) -> 0
C20: Renovación (meses) | E20: 60
C21: Inicio (mes) | E21: =Supuestos!D67 -> 5
B22: =MATCH(C22,Supuestos!$B$3:$B$154,0) -> 66 | C22: Cantidad Product Owner | E22: =Supuestos!D68 -> 1 | F22: =HLOOKUP(F$2,Supuestos!$D$3:$H$155,$B$22,0) -> 1 | G22: =HLOOKUP(G$2,Supuestos!$D$3:$H$155,$B$22,0) -> 1 | H22: =HLOOKUP(H$2,Supuestos!$D$3:$H$155,$B$22,0) -> 1 | I22: =HLOOKUP(I$2,Supuestos!$D$3:$H$155,$B$22,0) -> 1 | J22: =HLOOKUP(J$2,Supuestos!$D$3:$H$155,$B$22,0) -> 1 | K22: =HLOOKUP(K$2,Supuestos!$D$3:$H$155,$B$22,0) -> 1 | L22: =HLOOKUP(L$2,Supuestos!$D$3:$H$155,$B$22,0) -> 1 | M22: =HLOOKUP(M$2,Supuestos!$D$3:$H$155,$B$22,0) -> 1 | ... BM22: =HLOOKUP(BM$2,Supuestos!$D$3:$H$155,$B$22,0) -> 2
C23: Activo | E23: 0 | F23: =IF(E23=1,E23,IF($E21=F$4,1,0)) -> 0 | G23: =IF(F23=1,F23,IF($E21=G$4,1,0)) -> 0 | H23: =IF(G23=1,G23,IF($E21=H$4,1,0)) -> 0 | I23: =IF(H23=1,H23,IF($E21=I$4,1,0)) -> 0 | J23: =IF(I23=1,I23,IF($E21=J$4,1,0)) -> 1 | K23: =IF(J23=1,J23,IF($E21=K$4,1,0)) -> 1 | L23: =IF(K23=1,K23,IF($E21=L$4,1,0)) -> 1 | M23: =IF(L23=1,L23,IF($E21=M$4,1,0)) -> 1 | ... BM23: =IF(BL23=1,BL23,IF($E21=BM$4,1,0)) -> 1
C26: Apoyo administrativo | F26: =(F27*(1+F28))*F31*F32 -> 0 | G26: =(G27*(1+G28))*G31*G32 -> 0 | H26: =(H27*(1+H28))*H31*H32 -> 0 | I26: =(I27*(1+I28))*I31*I32 -> 0 | J26: =(J27*(1+J28))*J31*J32 -> 0 | K26: =(K27*(1+K28))*K31*K32 -> 0 | L26: =(L27*(1+L28))*L31*L32 -> 0 | M26: =(M27*(1+M28))*M31*M32 -> 0 | ... BM26: =(BM27*(1+BM28))*BM31*BM32 -> 22.510176
B27: =MATCH(C27,Supuestos!$B$3:$B$154,0) -> 67 | C27: Salario apoyo plataforma | E27: =Supuestos!D69 -> 2.5 | F27: =HLOOKUP(F$2,Supuestos!$D$3:$H$75,$B$27,0) -> 2.5 | G27: =HLOOKUP(G$2,Supuestos!$D$3:$H$75,$B$27,0) -> 2.5 | H27: =HLOOKUP(H$2,Supuestos!$D$3:$H$75,$B$27,0) -> 2.5 | I27: =HLOOKUP(I$2,Supuestos!$D$3:$H$75,$B$27,0) -> 2.5 | J27: =HLOOKUP(J$2,Supuestos!$D$3:$H$75,$B$27,0) -> 2.5 | K27: =HLOOKUP(K$2,Supuestos!$D$3:$H$75,$B$27,0) -> 2.5 | L27: =HLOOKUP(L$2,Supuestos!$D$3:$H$75,$B$27,0) -> 2.5 | M27: =HLOOKUP(M$2,Supuestos!$D$3:$H$75,$B$27,0) -> 2.5 | ... BM27: =HLOOKUP(BM$2,Supuestos!$D$3:$H$75,$B$27,0) -> 2.813772
B28: =MATCH(C28,Supuestos!$B$3:$B$154,0) -> 3 | C28: Carga prestacional | F28: =HLOOKUP(F$2,Supuestos!$D$3:$H$181,$B28,0) -> 0 | G28: =HLOOKUP(G$2,Supuestos!$D$3:$H$181,$B28,0) -> 0 | H28: =HLOOKUP(H$2,Supuestos!$D$3:$H$181,$B28,0) -> 0 | I28: =HLOOKUP(I$2,Supuestos!$D$3:$H$181,$B28,0) -> 0 | J28: =HLOOKUP(J$2,Supuestos!$D$3:$H$181,$B28,0) -> 0 | K28: =HLOOKUP(K$2,Supuestos!$D$3:$H$181,$B28,0) -> 0 | L28: =HLOOKUP(L$2,Supuestos!$D$3:$H$181,$B28,0) -> 0 | M28: =HLOOKUP(M$2,Supuestos!$D$3:$H$181,$B28,0) -> 0 | ... BM28: =HLOOKUP(BM$2,Supuestos!$D$3:$H$181,$B28,0) -> 0
C29: Renovación (meses) | E29: 60
C30: Inicio (mes) | E30: =Supuestos!D70 -> 13
B31: =MATCH(C31,Supuestos!$B$3:$B$154,0) -> 69 | C31: Cantidad apoyo plataforma | E31: =Supuestos!D71 -> 1 | F31: =HLOOKUP(F$2,Supuestos!$D$3:$H$171,$B$31,0) -> 1 | G31: =HLOOKUP(G$2,Supuestos!$D$3:$H$171,$B$31,0) -> 1 | H31: =HLOOKUP(H$2,Supuestos!$D$3:$H$171,$B$31,0) -> 1 | I31: =HLOOKUP(I$2,Supuestos!$D$3:$H$171,$B$31,0) -> 1 | J31: =HLOOKUP(J$2,Supuestos!$D$3:$H$171,$B$31,0) -> 1 | K31: =HLOOKUP(K$2,Supuestos!$D$3:$H$171,$B$31,0) -> 1 | L31: =HLOOKUP(L$2,Supuestos!$D$3:$H$171,$B$31,0) -> 1 | M31: =HLOOKUP(M$2,Supuestos!$D$3:$H$171,$B$31,0) -> 1 | ... BM31: =HLOOKUP(BM$2,Supuestos!$D$3:$H$171,$B$31,0) -> 8
C32: Activo | E32: 0 | F32: =IF(E32=1,E32,IF($E30=F$4,1,0)) -> 0 | G32: =IF(F32=1,F32,IF($E30=G$4,1,0)) -> 0 | H32: =IF(G32=1,G32,IF($E30=H$4,1,0)) -> 0 | I32: =IF(H32=1,H32,IF($E30=I$4,1,0)) -> 0 | J32: =IF(I32=1,I32,IF($E30=J$4,1,0)) -> 0 | K32: =IF(J32=1,J32,IF($E30=K$4,1,0)) -> 0 | L32: =IF(K32=1,K32,IF($E30=L$4,1,0)) -> 0 | M32: =IF(L32=1,L32,IF($E30=M$4,1,0)) -> 0 | ... BM32: =IF(BL32=1,BL32,IF($E30=BM$4,1,0)) -> 1
C34: Gestión Comercial | F34: =(F35*(1+F36))*F39*F40 -> 0 | G34: =(G35*(1+G36))*G39*G40 -> 0 | H34: =(H35*(1+H36))*H39*H40 -> 0 | I34: =(I35*(1+I36))*I39*I40 -> 0 | J34: =(J35*(1+J36))*J39*J40 -> 0 | K34: =(K35*(1+K36))*K39*K40 -> 0 | L34: =(L35*(1+L36))*L39*L40 -> 0 | M34: =(M35*(1+M36))*M39*M40 -> 0 | ... BM34: =(BM35*(1+BM36))*BM39*BM40 -> 4.5020352
B35: =MATCH(C35,Supuestos!$B$3:$B$154,0) -> 70 | C35: Salario Gestión Comercial | E35: =Supuestos!D72 -> 4 | F35: =HLOOKUP(F$2,Supuestos!$D$3:$H$75,$B$35,0) -> 4 | G35: =HLOOKUP(G$2,Supuestos!$D$3:$H$75,$B$35,0) -> 4 | H35: =HLOOKUP(H$2,Supuestos!$D$3:$H$75,$B$35,0) -> 4 | I35: =HLOOKUP(I$2,Supuestos!$D$3:$H$75,$B$35,0) -> 4 | J35: =HLOOKUP(J$2,Supuestos!$D$3:$H$75,$B$35,0) -> 4 | K35: =HLOOKUP(K$2,Supuestos!$D$3:$H$75,$B$35,0) -> 4 | L35: =HLOOKUP(L$2,Supuestos!$D$3:$H$75,$B$35,0) -> 4 | M35: =HLOOKUP(M$2,Supuestos!$D$3:$H$75,$B$35,0) -> 4 | ... BM35: =HLOOKUP(BM$2,Supuestos!$D$3:$H$75,$B$35,0) -> 4.5020352
B36: =MATCH(C36,Supuestos!$B$3:$B$154,0) -> 3 | C36: Carga prestacional | F36: =HLOOKUP(F$2,Supuestos!$D$3:$H$181,$B36,0) -> 0 | G36: =HLOOKUP(G$2,Supuestos!$D$3:$H$181,$B36,0) -> 0 | H36: =HLOOKUP(H$2,Supuestos!$D$3:$H$181,$B36,0) -> 0 | I36: =HLOOKUP(I$2,Supuestos!$D$3:$H$181,$B36,0) -> 0 | J36: =HLOOKUP(J$2,Supuestos!$D$3:$H$181,$B36,0) -> 0 | K36: =HLOOKUP(K$2,Supuestos!$D$3:$H$181,$B36,0) -> 0 | L36: =HLOOKUP(L$2,Supuestos!$D$3:$H$181,$B36,0) -> 0 | M36: =HLOOKUP(M$2,Supuestos!$D$3:$H$181,$B36,0) -> 0 | ... BM36: =HLOOKUP(BM$2,Supuestos!$D$3:$H$181,$B36,0) -> 0
C37: Renovación (meses) | E37: 60
C38: Inicio (mes) | E38: =Supuestos!D73 -> 25
B39: =MATCH(C39,Supuestos!$B$3:$B$154,0) -> 72 | C39: Cantidad Comercial plataforma | E39: =Supuestos!D74 -> 1 | F39: =HLOOKUP(F$2,Supuestos!$D$3:$H$155,$B$39,0) -> 1 | G39: =HLOOKUP(G$2,Supuestos!$D$3:$H$155,$B$39,0) -> 1 | H39: =HLOOKUP(H$2,Supuestos!$D$3:$H$155,$B$39,0) -> 1 | I39: =HLOOKUP(I$2,Supuestos!$D$3:$H$155,$B$39,0) -> 1 | J39: =HLOOKUP(J$2,Supuestos!$D$3:$H$155,$B$39,0) -> 1 | K39: =HLOOKUP(K$2,Supuestos!$D$3:$H$155,$B$39,0) -> 1 | L39: =HLOOKUP(L$2,Supuestos!$D$3:$H$155,$B$39,0) -> 1 | M39: =HLOOKUP(M$2,Supuestos!$D$3:$H$155,$B$39,0) -> 1 | ... BM39: =HLOOKUP(BM$2,Supuestos!$D$3:$H$155,$B$39,0) -> 1
C40: Activo | E40: 0 | F40: =IF(E40=1,E40,IF($E38=F$4,1,0)) -> 0 | G40: =IF(F40=1,F40,IF($E38=G$4,1,0)) -> 0 | H40: =IF(G40=1,G40,IF($E38=H$4,1,0)) -> 0 | I40: =IF(H40=1,H40,IF($E38=I$4,1,0)) -> 0 | J40: =IF(I40=1,I40,IF($E38=J$4,1,0)) -> 0 | K40: =IF(J40=1,J40,IF($E38=K$4,1,0)) -> 0 | L40: =IF(K40=1,K40,IF($E38=L$4,1,0)) -> 0 | M40: =IF(L40=1,L40,IF($E38=M$4,1,0)) -> 0 | ... BM40: =IF(BL40=1,BL40,IF($E38=BM$4,1,0)) -> 1

Sheet Plataforma
A1: ='Flujo de Caja'!$A$1 -> valores $ en COP '000,000 | F1: ='Ingresos detallado'!F1 -> Año | G1: ='Ingresos detallado'!G1 -> Año | H1: ='Ingresos detallado'!H1 -> Año | I1: ='Ingresos detallado'!I1 -> Año | J1: ='Ingresos detallado'!J1 -> Año | K1: ='Ingresos detallado'!K1 -> Año | L1: ='Ingresos detallado'!L1 -> Año | M1: ='Ingresos detallado'!M1 -> Año | ... BM1: ='Ingresos detallado'!BM1 -> Año
F2: ='Ingresos detallado'!F2 -> 1 | G2: ='Ingresos detallado'!G2 -> 1 | H2: ='Ingresos detallado'!H2 -> 1 | I2: ='Ingresos detallado'!I2 -> 1 | J2: ='Ingresos detallado'!J2 -> 1 | K2: ='Ingresos detallado'!K2 -> 1 | L2: ='Ingresos detallado'!L2 -> 1 | M2: ='Ingresos detallado'!M2 -> 1 | ... BM2: ='Ingresos detallado'!BM2 -> 5
F3: ='Ingresos detallado'!F3 -> Mes | G3: ='Ingresos detallado'!G3 -> Mes | H3: ='Ingresos detallado'!H3 -> Mes | I3: ='Ingresos detallado'!I3 -> Mes | J3: ='Ingresos detallado'!J3 -> Mes | K3: ='Ingresos detallado'!K3 -> Mes | L3: ='Ingresos detallado'!L3 -> Mes | M3: ='Ingresos detallado'!M3 -> Mes | ... BM3: ='Ingresos detallado'!BM3 -> Mes
F4: ='Ingresos detallado'!F4 -> 1 | G4: ='Ingresos detallado'!G4 -> 2 | H4: ='Ingresos detallado'!H4 -> 3 | I4: ='Ingresos detallado'!I4 -> 4 | J4: ='Ingresos detallado'!J4 -> 5 | K4: ='Ingresos detallado'!K4 -> 6 | L4: ='Ingresos detallado'!L4 -> 7 | M4: ='Ingresos detallado'!M4 -> 8 | ... BM4: ='Ingresos detallado'!BM4 -> 60
B6: Total Costos Plataforma | F6: =F9+F23+F28+F40 -> 0.58333333 | G6: =G9+G23+G28+G40 -> 0.58333333 | H6: =H9+H23+H28+H40 -> 0.58333333 | I6: =I9+I23+I28+I40 -> 0.58333333 | J6: =J9+J23+J28+J40 -> 0.58333333 | K6: =K9+K23+K28+K40 -> 0.58333333 | L6: =L9+L23+L28+L40 -> 8.5833333 | M6: =M9+M23+M28+M40 -> 8.5833333 | ... BM6: =BM9+BM23+BM28+BM40 -> 38.923846
B7: =MATCH(C7,Supuestos!$B$3:$B$154,0) -> 4 | C7: =Supuestos!B6 -> Costos administrativos | D7: Administrativos | F7: =HLOOKUP(F$2,Supuestos!$D$3:$H$75,$B$7,0)*F6 -> 0.023333333 | G7: =HLOOKUP(G$2,Supuestos!$D$3:$H$75,$B$7,0)*G6 -> 0.023333333 | H7: =HLOOKUP(H$2,Supuestos!$D$3:$H$75,$B$7,0)*H6 -> 0.023333333 | I7: =HLOOKUP(I$2,Supuestos!$D$3:$H$75,$B$7,0)*I6 -> 0.023333333 | J7: =HLOOKUP(J$2,Supuestos!$D$3:$H$75,$B$7,0)*J6 -> 0.023333333 | K7: =HLOOKUP(K$2,Supuestos!$D$3:$H$75,$B$7,0)*K6 -> 0.023333333 | L7: =HLOOKUP(L$2,Supuestos!$D$3:$H$75,$B$7,0)*L6 -> 0.34333333 | M7: =HLOOKUP(M$2,Supuestos!$D$3:$H$75,$B$7,0)*M6 -> 0.34333333 | ... BM7: =HLOOKUP(BM$2,Supuestos!$D$3:$H$75,$B$7,0)*BM6 -> 1.5569539
C9: Desarrollo de SW | F9: =(F10*F12)+(F13*F15)+(F16*F18)+(F19*F21) -> 0 | G9: =(G10*G12)+(G13*G15)+(G16*G18)+(G19*G21) -> 0 | H9: =(H10*H12)+(H13*H15)+(H16*H18)+(H19*H21) -> 0 | I9: =(I10*I12)+(I13*I15)+(I16*I18)+(I19*I21) -> 0 | J9: =(J10*J12)+(J13*J15)+(J16*J18)+(J19*J21) -> 0 | K9: =(K10*K12)+(K13*K15)+(K16*K18)+(K19*K21) -> 0 | L9: =(L10*L12)+(L13*L15)+(L16*L18)+(L19*L21) -> 8 | M9: =(M10*M12)+(M13*M15)+(M16*M18)+(M19*M21) -> 8 | ... BM9: =(BM10*BM12)+(BM13*BM15)+(BM16*BM18)+(BM19*BM21) -> 15.757123
B10: =MATCH(C10,Supuestos!$B$3:$B$181,0) -> 152 | C10: Desarrollo | E10: 8 | F10: =HLOOKUP(F$2,Supuestos!$D$3:$H$181,$B$10,0) -> 8 | G10: =HLOOKUP(G$2,Supuestos!$D$3:$H$181,$B$10,0) -> 8 | H10: =HLOOKUP(H$2,Supuestos!$D$3:$H$181,$B$10,0) -> 8 | I10: =HLOOKUP(I$2,Supuestos!$D$3:$H$181,$B$10,0) -> 8 | J10: =HLOOKUP(J$2,Supuestos!$D$3:$H$181,$B$10,0) -> 8 | K10: =HLOOKUP(K$2,Supuestos!$D$3:$H$181,$B$10,0) -> 8 | L10: =HLOOKUP(L$2,Supuestos!$D$3:$H$181,$B$10,0) -> 8 | M10: =HLOOKUP(M$2,Supuestos!$D$3:$H$181,$B$10,0) -> 8 | ... BM10: =HLOOKUP(BM$2,Supuestos!$D$3:$H$181,$B$10,0) -> 9.0040705
C11: Inicio (mes) | E11: =Supuestos!D155 -> 7
C12: Activo | E12: 0 | F12: =IF(E12=1,E12,IF($E11=F$4,1,0)) -> 0 | G12: =IF(F12=1,F12,IF($E11=G$4,1,0)) -> 0 | H12: =IF(G12=1,G12,IF($E11=H$4,1,0)) -> 0 | I12: =IF(H12=1,H12,IF($E11=I$4,1,0)) -> 0 | J12: =IF(I12=1,I12,IF($E11=J$4,1,0)) -> 0 | K12: =IF(J12=1,J12,IF($E11=K$4,1,0)) -> 0 | L12: =IF(K12=1,K12,IF($E11=L$4,1,0)) -> 1 | M12: =IF(L12=1,L12,IF($E11=M$4,1,0)) -> 1 | ... BM12: =IF(BL12=1,BL12,IF($E11=BM$4,1,0)) -> 1
B13: =MATCH(C13,Supuestos!$B$3:$B$181,0) -> 154 | C13: UX y UI | E13: 2 | F13: =HLOOKUP(F$2,Supuestos!$D$3:$H$181,$B13,0) -> 2 | G13: =HLOOKUP(G$2,Supuestos!$D$3:$H$181,$B13,0) -> 2 | H13: =HLOOKUP(H$2,Supuestos!$D$3:$H$181,$B13,0) -> 2 | I13: =HLOOKUP(I$2,Supuestos!$D$3:$H$181,$B13,0) -> 2 | J13: =HLOOKUP(J$2,Supuestos!$D$3:$H$181,$B13,0) -> 2 | K13: =HLOOKUP(K$2,Supuestos!$D$3:$H$181,$B13,0) -> 2 | L13: =HLOOKUP(L$2,Supuestos!$D$3:$H$181,$B13,0) -> 2 | M13: =HLOOKUP(M$2,Supuestos!$D$3:$H$181,$B13,0) -> 2 | ... BM13: =HLOOKUP(BM$2,Supuestos!$D$3:$H$181,$B13,0) -> 2.2510176
C14: Inicio (mes) | E14: =Supuestos!D157 -> 13
C15: Activo | E15: 0 | F15: =IF(E15=1,E15,IF($E14=F$4,1,0)) -> 0 | G15: =IF(F15=1,F15,IF($E14=G$4,1,0)) -> 0 | H15: =IF(G15=1,G15,IF($E14=H$4,1,0)) -> 0 | I15: =IF(H15=1,H15,IF($E14=I$4,1,0)) -> 0 | J15: =IF(I15=1,I15,IF($E14=J$4,1,0)) -> 0 | K15: =IF(J15=1,J15,IF($E14=K$4,1,0)) -> 0 | L15: =IF(K15=1,K15,IF($E14=L$4,1,0)) -> 0 | M15: =IF(L15=1,L15,IF($E14=M$4,1,0)) -> 0 | ... BM15: =IF(BL15=1,BL15,IF($E14=BM$4,1,0)) -> 1
B16: =MATCH(C16,Supuestos!$B$3:$B$181,0) -> 156 | C16: QA | E16: 2 | F16: =HLOOKUP(F$2,Supuestos!$D$3:$H$181,$B16,0) -> 2 | G16: =HLOOKUP(G$2,Supuestos!$D$3:$H$181,$B16,0) -> 2 | H16: =HLOOKUP(H$2,Supuestos!$D$3:$H$181,$B16,0) -> 2 | I16: =HLOOKUP(I$2,Supuestos!$D$3:$H$181,$B16,0) -> 2 | J16: =HLOOKUP(J$2,Supuestos!$D$3:$H$181,$B16,0) -> 2 | K16: =HLOOKUP(K$2,Supuestos!$D$3:$H$181,$B16,0) -> 2 | L16: =HLOOKUP(L$2,Supuestos!$D$3:$H$181,$B16,0) -> 2 | M16: =HLOOKUP(M$2,Supuestos!$D$3:$H$181,$B16,0) -> 2 | ... BM16: =HLOOKUP(BM$2,Supuestos!$D$3:$H$181,$B16,0) -> 2.2510176
C17: Inicio (mes) | E17: =Supuestos!D159 -> 13
C18: Activo | E18: 0 | F18: =IF(E18=1,E18,IF($E17=F$4,1,0)) -> 0 | G18: =IF(F18=1,F18,IF($E17=G$4,1,0)) -> 0 | H18: =IF(G18=1,G18,IF($E17=H$4,1,0)) -> 0 | I18: =IF(H18=1,H18,IF($E17=I$4,1,0)) -> 0 | J18: =IF(I18=1,I18,IF($E17=J$4,1,0)) -> 0 | K18: =IF(J18=1,J18,IF($E17=K$4,1,0)) -> 0 | L18: =IF(K18=1,K18,IF($E17=L$4,1,0)) -> 0 | M18: =IF(L18=1,L18,IF($E17=M$4,1,0)) -> 0 | ... BM18: =IF(BL18=1,BL18,IF($E17=BM$4,1,0)) -> 1
B19: =MATCH(C19,Supuestos!$B$3:$B$181,0) -> 158 | C19: Servicio al Cliente | E19: 2 | F19: =HLOOKUP(F$2,Supuestos!$D$3:$H$181,$B19,0) -> 2 | G19: =HLOOKUP(G$2,Supuestos!$D$3:$H$181,$B19,0) -> 2 | H19: =HLOOKUP(H$2,Supuestos!$D$3:$H$181,$B19,0) -> 2 | I19: =HLOOKUP(I$2,Supuestos!$D$3:$H$181,$B19,0) -> 2 | J19: =HLOOKUP(J$2,Supuestos!$D$3:$H$181,$B19,0) -> 2 | K19: =HLOOKUP(K$2,Supuestos!$D$3:$H$181,$B19,0) -> 2 | L19: =HLOOKUP(L$2,Supuestos!$D$3:$H$181,$B19,0) -> 2 | M19: =HLOOKUP(M$2,Supuestos!$D$3:$H$181,$B19,0) -> 2 | ... BM19: =HLOOKUP(BM$2,Supuestos!$D$3:$H$181,$B19,0) -> 2.2510176
C20: Inicio (mes) | E20: =Supuestos!D161 -> 25
C21: Activo | E21: 0 | F21: =IF(E21=1,E21,IF($E20=F$4,1,0)) -> 0 | G21: =IF(F21=1,F21,IF($E20=G$4,1,0)) -> 0 | H21: =IF(G21=1,G21,IF($E20=H$4,1,0)) -> 0 | I21: =IF(H21=1,H21,IF($E20=I$4,1,0)) -> 0 | J21: =IF(I21=1,I21,IF($E20=J$4,1,0)) -> 0 | K21: =IF(J21=1,J21,IF($E20=K$4,1,0)) -> 0 | L21: =IF(K21=1,K21,IF($E20=L$4,1,0)) -> 0 | M21: =IF(L21=1,L21,IF($E20=M$4,1,0)) -> 0 | ... BM21: =IF(BL21=1,BL21,IF($E20=BM$4,1,0)) -> 1
C23: Capacidades Analítica | F23: =F24*F26 -> 0 | G23: =G24*G26 -> 0 | H23: =H24*H26 -> 0 | I23: =I24*I26 -> 0 | J23: =J24*J26 -> 0 | K23: =K24*K26 -> 0 | L23: =L24*L26 -> 0 | M23: =M24*M26 -> 0 | ... BM23: =BM24*BM26 -> 13.506106
B24: =MATCH(C24,Supuestos!$B$3:$B$181,0) -> 160 | C24: Capacidades Analítica | E24: 12 | F24: =HLOOKUP(F$2,Supuestos!$D$3:$H$181,$B24,0) -> 12 | G24: =HLOOKUP(G$2,Supuestos!$D$3:$H$181,$B24,0) -> 12 | H24: =HLOOKUP(H$2,Supuestos!$D$3:$H$181,$B24,0) -> 12 | I24: =HLOOKUP(I$2,Supuestos!$D$3:$H$181,$B24,0) -> 12 | J24: =HLOOKUP(J$2,Supuestos!$D$3:$H$181,$B24,0) -> 12 | K24: =HLOOKUP(K$2,Supuestos!$D$3:$H$181,$B24,0) -> 12 | L24: =HLOOKUP(L$2,Supuestos!$D$3:$H$181,$B24,0) -> 12 | M24: =HLOOKUP(M$2,Supuestos!$D$3:$H$181,$B24,0) -> 12 | ... BM24: =HLOOKUP(BM$2,Supuestos!$D$3:$H$181,$B24,0) -> 13.506106
C25: Inicio (mes) | E25: =Supuestos!D163 -> 19
C26: Activo | E26: 0 | F26: =IF(E26=1,E26,IF($E25=F$4,1,0)) -> 0 | G26: =IF(F26=1,F26,IF($E25=G$4,1,0)) -> 0 | H26: =IF(G26=1,G26,IF($E25=H$4,1,0)) -> 0 | I26: =IF(H26=1,H26,IF($E25=I$4,1,0)) -> 0 | J26: =IF(I26=1,I26,IF($E25=J$4,1,0)) -> 0 | K26: =IF(J26=1,J26,IF($E25=K$4,1,0)) -> 0 | L26: =IF(K26=1,K26,IF($E25=L$4,1,0)) -> 0 | M26: =IF(L26=1,L26,IF($E25=M$4,1,0)) -> 0 | ... BM26: =IF(BL26=1,BL26,IF($E25=BM$4,1,0)) -> 1
C28: Infraestructura | F28: =F29+(F30*F32)+(F33*F35)+(F36*F38) -> 0.58333333 | G28: =G29+(G30*G32)+(G33*G35)+(G36*G38) -> 0.58333333 | H28: =H29+(H30*H32)+(H33*H35)+(H36*H38) -> 0.58333333 | I28: =I29+(I30*I32)+(I33*I35)+(I36*I38) -> 0.58333333 | J28: =J29+(J30*J32)+(J33*J35)+(J36*J38) -> 0.58333333 | K28: =K29+(K30*K32)+(K33*K35)+(K36*K38) -> 0.58333333 | L28: =L29+(L30*L32)+(L33*L35)+(L36*L38) -> 0.58333333 | M28: =M29+(M30*M32)+(M33*M35)+(M36*M38) -> 0.58333333 | ... BM28: =BM29+(BM30*BM32)+(BM33*BM35)+(BM36*BM38) -> 5.158582
B29: =MATCH(C29,Supuestos!$B$3:$B$181,0) -> 163 | C29: Hosting actual | E29: =7/12 -> 0.58333333 | F29: =HLOOKUP(F$2,Supuestos!$D$3:$H$181,$B29,0) -> 0.58333333 | G29: =HLOOKUP(G$2,Supuestos!$D$3:$H$181,$B29,0) -> 0.58333333 | H29: =HLOOKUP(H$2,Supuestos!$D$3:$H$181,$B29,0) -> 0.58333333 | I29: =HLOOKUP(I$2,Supuestos!$D$3:$H$181,$B29,0) -> 0.58333333 | J29: =HLOOKUP(J$2,Supuestos!$D$3:$H$181,$B29,0) -> 0.58333333 | K29: =HLOOKUP(K$2,Supuestos!$D$3:$H$181,$B29,0) -> 0.58333333 | L29: =HLOOKUP(L$2,Supuestos!$D$3:$H$181,$B29,0) -> 0.58333333 | M29: =HLOOKUP(M$2,Supuestos!$D$3:$H$181,$B29,0) -> 0.58333333 | ... BM29: =HLOOKUP(BM$2,Supuestos!$D$3:$H$181,$B29,0) -> 0.65654681
B30: =MATCH(C30,Supuestos!$B$3:$B$181,0) -> 164 | C30: CMS | E30: 5 | F30: =HLOOKUP(F$2,Supuestos!$D$3:$H$181,$B30,0) -> 3 | G30: =HLOOKUP(G$2,Supuestos!$D$3:$H$181,$B30,0) -> 3 | H30: =HLOOKUP(H$2,Supuestos!$D$3:$H$181,$B30,0) -> 3 | I30: =HLOOKUP(I$2,Supuestos!$D$3:$H$181,$B30,0) -> 3 | J30: =HLOOKUP(J$2,Supuestos!$D$3:$H$181,$B30,0) -> 3 | K30: =HLOOKUP(K$2,Supuestos!$D$3:$H$181,$B30,0) -> 3 | L30: =HLOOKUP(L$2,Supuestos!$D$3:$H$181,$B30,0) -> 3 | M30: =HLOOKUP(M$2,Supuestos!$D$3:$H$181,$B30,0) -> 3 | ... BM30: =HLOOKUP(BM$2,Supuestos!$D$3:$H$181,$B30,0) -> 3.3765264
C31: Inicio (mes) | E31: =Supuestos!D167 -> 19
C32: Activo | E32: 0 | F32: =IF(E32=1,E32,IF($E31=F$4,1,0)) -> 0 | G32: =IF(F32=1,F32,IF($E31=G$4,1,0)) -> 0 | H32: =IF(G32=1,G32,IF($E31=H$4,1,0)) -> 0 | I32: =IF(H32=1,H32,IF($E31=I$4,1,0)) -> 0 | J32: =IF(I32=1,I32,IF($E31=J$4,1,0)) -> 0 | K32: =IF(J32=1,J32,IF($E31=K$4,1,0)) -> 0 | L32: =IF(K32=1,K32,IF($E31=L$4,1,0)) -> 0 | M32: =IF(L32=1,L32,IF($E31=M$4,1,0)) -> 0 | ... BM32: =IF(BL32=1,BL32,IF($E31=BM$4,1,0)) -> 1
B33: =MATCH(C33,Supuestos!$B$3:$B$181,0) -> 166 | C33: BBDD | E33: =Supuestos!D168 -> 1 | F33: =HLOOKUP(F$2,Supuestos!$D$3:$H$181,$B33,0) -> 1 | G33: =HLOOKUP(G$2,Supuestos!$D$3:$H$181,$B33,0) -> 1 | H33: =HLOOKUP(H$2,Supuestos!$D$3:$H$181,$B33,0) -> 1 | I33: =HLOOKUP(I$2,Supuestos!$D$3:$H$181,$B33,0) -> 1 | J33: =HLOOKUP(J$2,Supuestos!$D$3:$H$181,$B33,0) -> 1 | K33: =HLOOKUP(K$2,Supuestos!$D$3:$H$181,$B33,0) -> 1 | L33: =HLOOKUP(L$2,Supuestos!$D$3:$H$181,$B33,0) -> 1 | M33: =HLOOKUP(M$2,Supuestos!$D$3:$H$181,$B33,0) -> 1 | ... BM33: =HLOOKUP(BM$2,Supuestos!$D$3:$H$181,$B33,0) -> 1.1255088
C34: Inicio (mes) | E34: =Supuestos!D169 -> 13
C35: Activo | E35: 0 | F35: =IF(E35=1,E35,IF($E34=F$4,1,0)) -> 0 | G35: =IF(F35=1,F35,IF($E34=G$4,1,0)) -> 0 | H35: =IF(G35=1,G35,IF($E34=H$4,1,0)) -> 0 | I35: =IF(H35=1,H35,IF($E34=I$4,1,0)) -> 0 | J35: =IF(I35=1,I35,IF($E34=J$4,1,0)) -> 0 | K35: =IF(J35=1,J35,IF($E34=K$4,1,0)) -> 0 | L35: =IF(K35=1,K35,IF($E34=L$4,1,0)) -> 0 | M35: =IF(L35=1,L35,IF($E34=M$4,1,0)) -> 0 | ... BM35: =IF(BL35=1,BL35,IF($E34=BM$4,1,0)) -> 1
B36: =MATCH(C36,Supuestos!$B$3:$B$181,0) -> 168 | C36: AWS/Google Cloud Platform | E36: =Supuestos!D170 -> 0 | F36: =HLOOKUP(F$2,Supuestos!$D$3:$H$181,$B36,0) -> 0 | G36: =F36 -> 0 | H36: =G36 -> 0 | I36: =H36 -> 0 | J36: =I36 -> 0 | K36: =J36 -> 0 | L36: =K36 -> 0 | M36: =L36 -> 0 | N36: =M36 -> 0 | ... BM36: =BL36 -> 0
C37: Inicio (mes) | E37: =Supuestos!D171 -> 61
C38: Activo | E38: 0 | F38: =IF(E38=1,E38,IF($E37=F$4,1,0)) -> 0 | G38: =IF(F38=1,F38,IF($E37=G$4,1,0)) -> 0 | H38: =IF(G38=1,G38,IF($E37=H$4,1,0)) -> 0 | I38: =IF(H38=1,H38,IF($E37=I$4,1,0)) -> 0 | J38: =IF(I38=1,I38,IF($E37=J$4,1,0)) -> 0 | K38: =IF(J38=1,J38,IF($E37=K$4,1,0)) -> 0 | L38: =IF(K38=1,K38,IF($E37=L$4,1,0)) -> 0 | M38: =IF(L38=1,L38,IF($E37=M$4,1,0)) -> 0 | ... BM38: =IF(BL38=1,BL38,IF($E37=BM$4,1,0)) -> 0
C40: Estrategia Digital | F40: =F41*F43 -> 0 | G40: =G41*G43 -> 0 | H40: =H41*H43 -> 0 | I40: =I41*I43 -> 0 | J40: =J41*J43 -> 0 | K40: =K41*K43 -> 0 | L40: =L41*L43 -> 0 | M40: =M41*M43 -> 0 | ... BM40: =BM41*BM43 -> 4.5020352
B41: =MATCH(C41,Supuestos!$B$3:$B$181,0) -> 170 | C41: Estrategia Digital | E41: =Supuestos!D172 -> 4 | F41: =HLOOKUP(F$2,Supuestos!$D$3:$H$181,$B41,0) -> 4 | G41: =HLOOKUP(G$2,Supuestos!$D$3:$H$181,$B41,0) -> 4 | H41: =HLOOKUP(H$2,Supuestos!$D$3:$H$181,$B41,0) -> 4 | I41: =HLOOKUP(I$2,Supuestos!$D$3:$H$181,$B41,0) -> 4 | J41: =HLOOKUP(J$2,Supuestos!$D$3:$H$181,$B41,0) -> 4 | K41: =HLOOKUP(K$2,Supuestos!$D$3:$H$181,$B41,0) -> 4 | L41: =HLOOKUP(L$2,Supuestos!$D$3:$H$181,$B41,0) -> 4 | M41: =HLOOKUP(M$2,Supuestos!$D$3:$H$181,$B41,0) -> 4 | ... BM41: =HLOOKUP(BM$2,Supuestos!$D$3:$H$181,$B41,0) -> 4.5020352
C42: Inicio (mes) | E42: =Supuestos!D173 -> 13
C43: Activo | E43: 0 | F43: =IF(E43=1,E43,IF($E42=F$4,1,0)) -> 0 | G43: =IF(F43=1,F43,IF($E42=G$4,1,0)) -> 0 | H43: =IF(G43=1,G43,IF($E42=H$4,1,0)) -> 0 | I43: =IF(H43=1,H43,IF($E42=I$4,1,0)) -> 0 | J43: =IF(I43=1,I43,IF($E42=J$4,1,0)) -> 0 | K43: =IF(J43=1,J43,IF($E42=K$4,1,0)) -> 0 | L43: =IF(K43=1,K43,IF($E42=L$4,1,0)) -> 0 | M43: =IF(L43=1,L43,IF($E42=M$4,1,0)) -> 0 | ... BM43: =IF(BL43=1,BL43,IF($E42=BM$4,1,0)) -> 1

Sheet Consult_Bogotech
B1: ='Flujo de Caja'!$A$1 -> valores $ en COP '000,000 | F1: ='Ingresos detallado'!F1 -> Año | G1: ='Ingresos detallado'!G1 -> Año | H1: ='Ingresos detallado'!H1 -> Año | I1: ='Ingresos detallado'!I1 -> Año | J1: ='Ingresos detallado'!J1 -> Año | K1: ='Ingresos detallado'!K1 -> Año | L1: ='Ingresos detallado'!L1 -> Año | M1: ='Ingresos detallado'!M1 -> Año | ... BM1: ='Ingresos detallado'!BM1 -> Año
F2: ='Ingresos detallado'!F2 -> 1 | G2: ='Ingresos detallado'!G2 -> 1 | H2: ='Ingresos detallado'!H2 -> 1 | I2: ='Ingresos detallado'!I2 -> 1 | J2: ='Ingresos detallado'!J2 -> 1 | K2: ='Ingresos detallado'!K2 -> 1 | L2: ='Ingresos detallado'!L2 -> 1 | M2: ='Ingresos detallado'!M2 -> 1 | ... BM2: ='Ingresos detallado'!BM2 -> 5
F3: ='Ingresos detallado'!F3 -> Mes | G3: ='Ingresos detallado'!G3 -> Mes | H3: ='Ingresos detallado'!H3 -> Mes | I3: ='Ingresos detallado'!I3 -> Mes | J3: ='Ingresos detallado'!J3 -> Mes | K3: ='Ingresos detallado'!K3 -> Mes | L3: ='Ingresos detallado'!L3 -> Mes | M3: ='Ingresos detallado'!M3 -> Mes | ... BM3: ='Ingresos detallado'!BM3 -> Mes
F4: ='Ingresos detallado'!F4 -> 1 | G4: ='Ingresos detallado'!G4 -> 2 | H4: ='Ingresos detallado'!H4 -> 3 | I4: ='Ingresos detallado'!I4 -> 4 | J4: ='Ingresos detallado'!J4 -> 5 | K4: ='Ingresos detallado'!K4 -> 6 | L4: ='Ingresos detallado'!L4 -> 7 | M4: ='Ingresos detallado'!M4 -> 8 | ... BM4: ='Ingresos detallado'!BM4 -> 60
B6: Total Costos Consultoría | F6: =F25+F32+F39+F47 -> 0 | G6: =G25+G32+G39 -> 0 | H6: =H25+H32+H39 -> 0 | I6: =I25+I32+I39 -> 0 | J6: =J25+J32+J39 -> 0 | K6: =K25+K32+K39 -> 0 | L6: =L25+L32+L39 -> 0 | M6: =M25+M32+M39 -> 0 | N6: =N25+N32+N39 -> 0 | ... BM6: =BM25+BM32+BM39 -> 0
B7: =MATCH(C7,Supuestos!$B$3:$B$154,0) -> 4 | C7: =Supuestos!B6 -> Costos administrativos | D7: Administrativos | F7: =HLOOKUP(F$2,Supuestos!$D$3:$H$75,$B$7,0)*F6 -> 0 | G7: =HLOOKUP(G$2,Supuestos!$D$3:$H$75,$B$7,0)*G6 -> 0 | H7: =HLOOKUP(H$2,Supuestos!$D$3:$H$75,$B$7,0)*H6 -> 0 | I7: =HLOOKUP(I$2,Supuestos!$D$3:$H$75,$B$7,0)*I6 -> 0 | J7: =HLOOKUP(J$2,Supuestos!$D$3:$H$75,$B$7,0)*J6 -> 0 | K7: =HLOOKUP(K$2,Supuestos!$D$3:$H$75,$B$7,0)*K6 -> 0 | L7: =HLOOKUP(L$2,Supuestos!$D$3:$H$75,$B$7,0)*L6 -> 0 | M7: =HLOOKUP(M$2,Supuestos!$D$3:$H$75,$B$7,0)*M6 -> 0 | ... BM7: =HLOOKUP(BM$2,Supuestos!$D$3:$H$75,$B$7,0)*BM6 -> 0
C9: Proyectos activos
C10: Proyectos activos | F10: =SUM(F11:F14) -> 0 | G10: =SUM(G11:G14) -> 0 | H10: =SUM(H11:H14) -> 0 | I10: =SUM(I11:I14) -> 0 | J10: =SUM(J11:J14) -> 0 | K10: =SUM(K11:K14) -> 0 | L10: =SUM(L11:L14) -> 0 | M10: =SUM(M11:M14) -> 0 | ... BM10: =SUM(BM11:BM14) -> 0
C11: Solucion P - Expertos | F11: ='Ingresos detallado'!F137 -> 0 | G11: ='Ingresos detallado'!G137 -> 0 | H11: ='Ingresos detallado'!H137 -> 0 | I11: ='Ingresos detallado'!I137 -> 0 | J11: ='Ingresos detallado'!J137 -> 0 | K11: ='Ingresos detallado'!K137 -> 0 | L11: ='Ingresos detallado'!L137 -> 0 | M11: ='Ingresos detallado'!M137 -> 0 | ... BM11: ='Ingresos detallado'!BM137 -> 0
C12: Solucion P - Universidades | F12: ='Ingresos detallado'!F149 -> 0 | G12: ='Ingresos detallado'!G149 -> 0 | H12: ='Ingresos detallado'!H149 -> 0 | I12: ='Ingresos detallado'!I149 -> 0 | J12: ='Ingresos detallado'!J149 -> 0 | K12: ='Ingresos detallado'!K149 -> 0 | L12: ='Ingresos detallado'!L149 -> 0 | M12: ='Ingresos detallado'!M149 -> 0 | ... BM12: ='Ingresos detallado'!BM149 -> 0
C13: Segmentación Avanzada | F13: ='Ingresos detallado'!F48 -> 0 | G13: ='Ingresos detallado'!G48 -> 0 | H13: ='Ingresos detallado'!H48 -> 0 | I13: ='Ingresos detallado'!I48 -> 0 | J13: ='Ingresos detallado'!J48 -> 0 | K13: ='Ingresos detallado'!K48 -> 0 | L13: ='Ingresos detallado'!L48 -> 0 | M13: ='Ingresos detallado'!M48 -> 0 | ... BM13: ='Ingresos detallado'!BM48 -> 0
C14: Com. Estratégica | F14: ='Ingresos detallado'!F58 -> 0 | G14: ='Ingresos detallado'!G58 -> 0 | H14: ='Ingresos detallado'!H58 -> 0 | I14: ='Ingresos detallado'!I58 -> 0 | J14: ='Ingresos detallado'!J58 -> 0 | K14: ='Ingresos detallado'!K58 -> 0 | L14: ='Ingresos detallado'!L58 -> 0 | M14: ='Ingresos detallado'!M58 -> 0 | ... BM14: ='Ingresos detallado'!BM58 -> 0
C15: Vigilancia Tecnológica
C18: Consultores requeridos | F18: =SUM(F19:F21) -> 0 | G18: =SUM(G19:G21) -> 0 | H18: =SUM(H19:H21) -> 0 | I18: =SUM(I19:I21) -> 0 | J18: =SUM(J19:J21) -> 0 | K18: =SUM(K19:K21) -> 0 | L18: =SUM(L19:L21) -> 0 | M18: =SUM(M19:M21) -> 0 | ... BM18: =SUM(BM19:BM21) -> 0
C19: Senior | F19: =ROUNDUP((F11*Supuestos!$D$128)+(Consult_Bogotech!F12*Supuestos!$D$129)+(Consult_Bogotech!F13*Supuestos!$D$132)+(Consult_Bogotech!F14*Supuestos!$D$133),0) -> 0 | G19: =ROUNDUP((G11*Supuestos!$D$128)+(Consult_Bogotech!G12*Supuestos!$D$129)+(Consult_Bogotech!G13*Supuestos!$D$132)+(Consult_Bogotech!G14*Supuestos!$D$133),0) -> 0 | H19: =ROUNDUP((H11*Supuestos!$D$128)+(Consult_Bogotech!H12*Supuestos!$D$129)+(Consult_Bogotech!H13*Supuestos!$D$132)+(Consult_Bogotech!H14*Supuestos!$D$133),0) -> 0 | I19: =ROUNDUP((I11*Supuestos!$D$128)+(Consult_Bogotech!I12*Supuestos!$D$129)+(Consult_Bogotech!I13*Supuestos!$D$132)+(Consult_Bogotech!I14*Supuestos!$D$133),0) -> 0 | J19: =ROUNDUP((J11*Supuestos!$D$128)+(Consult_Bogotech!J12*Supuestos!$D$129)+(Consult_Bogotech!J13*Supuestos!$D$132)+(Consult_Bogotech!J14*Supuestos!$D$133),0) -> 0 | K19: =ROUNDUP((K11*Supuestos!$D$128)+(Consult_Bogotech!K12*Supuestos!$D$129)+(Consult_Bogotech!K13*Supuestos!$D$132)+(Consult_Bogotech!K14*Supuestos!$D$133),0) -> 0 | L19: =ROUNDUP((L11*Supuestos!$D$128)+(Consult_Bogotech!L12*Supuestos!$D$129)+(Consult_Bogotech!L13*Supuestos!$D$132)+(Consult_Bogotech!L14*Supuestos!$D$133),0) -> 0 | M19: =ROUNDUP((M11*Supuestos!$D$128)+(Consult_Bogotech!M12*Supuestos!$D$129)+(Consult_Bogotech!M13*Supuestos!$D$132)+(Consult_Bogotech!M14*Supuestos!$D$133),0) -> 0 | ... BM19: =ROUNDUP((BM11*Supuestos!$D$128)+(Consult_Bogotech!BM12*Supuestos!$D$129)+(Consult_Bogotech!BM13*Supuestos!$D$132)+(Consult_Bogotech!BM14*Supuestos!$D$133),0) -> 0
C20: Asociado/a | F20: =ROUNDUP((F11*Supuestos!$E$128)+(Consult_Bogotech!F12*Supuestos!E129)+(F13*Supuestos!$E$132)+(Consult_Bogotech!F14*Supuestos!$E$133),0) -> 0 | G20: =ROUNDUP((G11*Supuestos!$E$128)+(Consult_Bogotech!G12*Supuestos!F129)+(G13*Supuestos!$E$132)+(Consult_Bogotech!G14*Supuestos!$E$133),0) -> 0 | H20: =ROUNDUP((H11*Supuestos!$E$128)+(Consult_Bogotech!H12*Supuestos!G129)+(H13*Supuestos!$E$132)+(Consult_Bogotech!H14*Supuestos!$E$133),0) -> 0 | I20: =ROUNDUP((I11*Supuestos!$E$128)+(Consult_Bogotech!I12*Supuestos!H129)+(I13*Supuestos!$E$132)+(Consult_Bogotech!I14*Supuestos!$E$133),0) -> 0 | J20: =ROUNDUP((J11*Supuestos!$E$128)+(Consult_Bogotech!J12*Supuestos!I129)+(J13*Supuestos!$E$132)+(Consult_Bogotech!J14*Supuestos!$E$133),0) -> 0 | K20: =ROUNDUP((K11*Supuestos!$E$128)+(Consult_Bogotech!K12*Supuestos!J129)+(K13*Supuestos!$E$132)+(Consult_Bogotech!K14*Supuestos!$E$133),0) -> 0 | L20: =ROUNDUP((L11*Supuestos!$E$128)+(Consult_Bogotech!L12*Supuestos!K129)+(L13*Supuestos!$E$132)+(Consult_Bogotech!L14*Supuestos!$E$133),0) -> 0 | M20: =ROUNDUP((M11*Supuestos!$E$128)+(Consult_Bogotech!M12*Supuestos!L129)+(M13*Supuestos!$E$132)+(Consult_Bogotech!M14*Supuestos!$E$133),0) -> 0 | ... BM20: =ROUNDUP((BM11*Supuestos!$E$128)+(Consult_Bogotech!BM12*Supuestos!BL129)+(BM13*Supuestos!$E$132)+(Consult_Bogotech!BM14*Supuestos!$E$133),0) -> 0
C21: Apoyo | F21: =ROUNDUP((F11*Supuestos!$F$128)+(Consult_Bogotech!F12*Supuestos!$F$129)+(F13*Supuestos!$F$132)+(Consult_Bogotech!F14*Supuestos!$F$133),0) -> 0 | G21: =ROUNDUP((G11*Supuestos!$F$128)+(Consult_Bogotech!G12*Supuestos!$F$129)+(G13*Supuestos!$F$132)+(Consult_Bogotech!G14*Supuestos!$F$133),0) -> 0 | H21: =ROUNDUP((H11*Supuestos!$F$128)+(Consult_Bogotech!H12*Supuestos!$F$129)+(H13*Supuestos!$F$132)+(Consult_Bogotech!H14*Supuestos!$F$133),0) -> 0 | I21: =ROUNDUP((I11*Supuestos!$F$128)+(Consult_Bogotech!I12*Supuestos!$F$129)+(I13*Supuestos!$F$132)+(Consult_Bogotech!I14*Supuestos!$F$133),0) -> 0 | J21: =ROUNDUP((J11*Supuestos!$F$128)+(Consult_Bogotech!J12*Supuestos!$F$129)+(J13*Supuestos!$F$132)+(Consult_Bogotech!J14*Supuestos!$F$133),0) -> 0 | K21: =ROUNDUP((K11*Supuestos!$F$128)+(Consult_Bogotech!K12*Supuestos!$F$129)+(K13*Supuestos!$F$132)+(Consult_Bogotech!K14*Supuestos!$F$133),0) -> 0 | L21: =ROUNDUP((L11*Supuestos!$F$128)+(Consult_Bogotech!L12*Supuestos!$F$129)+(L13*Supuestos!$F$132)+(Consult_Bogotech!L14*Supuestos!$F$133),0) -> 0 | M21: =ROUNDUP((M11*Supuestos!$F$128)+(Consult_Bogotech!M12*Supuestos!$F$129)+(M13*Supuestos!$F$132)+(Consult_Bogotech!M14*Supuestos!$F$133),0) -> 0 | ... BM21: =ROUNDUP((BM11*Supuestos!$F$128)+(Consult_Bogotech!BM12*Supuestos!$F$129)+(BM13*Supuestos!$F$132)+(Consult_Bogotech!BM14*Supuestos!$F$133),0) -> 0
C25: Consultor/a Senior | F25: =(F26*(1+F27))*F30 -> 0 | G25: =(G26*(1+G27))*G30 -> 0 | H25: =(H26*(1+H27))*H30 -> 0 | I25: =(I26*(1+I27))*I30 -> 0 | J25: =(J26*(1+J27))*J30 -> 0 | K25: =(K26*(1+K27))*K30 -> 0 | L25: =(L26*(1+L27))*L30 -> 0 | M25: =(M26*(1+M27))*M30 -> 0 | ... BM25: =(BM26*(1+BM27))*BM30 -> 0
B26: =MATCH(C26,Supuestos!$B$3:$B$157,0) -> 135 | C26: Consultor/a Senior | E26: =Supuestos!D137 -> 12 | F26: =HLOOKUP(F$2,Supuestos!$D$3:$H$149,$B$26,0) -> 12 | G26: =HLOOKUP(G$2,Supuestos!$D$3:$H$149,$B$26,0) -> 12 | H26: =HLOOKUP(H$2,Supuestos!$D$3:$H$149,$B$26,0) -> 12 | I26: =HLOOKUP(I$2,Supuestos!$D$3:$H$149,$B$26,0) -> 12 | J26: =HLOOKUP(J$2,Supuestos!$D$3:$H$149,$B$26,0) -> 12 | K26: =HLOOKUP(K$2,Supuestos!$D$3:$H$149,$B$26,0) -> 12 | L26: =HLOOKUP(L$2,Supuestos!$D$3:$H$149,$B$26,0) -> 12 | M26: =HLOOKUP(M$2,Supuestos!$D$3:$H$149,$B$26,0) -> 12 | ... BM26: =HLOOKUP(BM$2,Supuestos!$D$3:$H$149,$B$26,0) -> 13.506106
B27: =MATCH(C27,Supuestos!$B$3:$B$157,0) -> 3 | C27: Carga prestacional | F27: =HLOOKUP(F$2,Supuestos!$D$3:$H$181,$B27,0) -> 0 | G27: =HLOOKUP(G$2,Supuestos!$D$3:$H$181,$B27,0) -> 0 | H27: =HLOOKUP(H$2,Supuestos!$D$3:$H$181,$B27,0) -> 0 | I27: =HLOOKUP(I$2,Supuestos!$D$3:$H$181,$B27,0) -> 0 | J27: =HLOOKUP(J$2,Supuestos!$D$3:$H$181,$B27,0) -> 0 | K27: =HLOOKUP(K$2,Supuestos!$D$3:$H$181,$B27,0) -> 0 | L27: =HLOOKUP(L$2,Supuestos!$D$3:$H$181,$B27,0) -> 0 | M27: =HLOOKUP(M$2,Supuestos!$D$3:$H$181,$B27,0) -> 0 | ... BM27: =HLOOKUP(BM$2,Supuestos!$D$3:$H$181,$B27,0) -> 0
C28: Renovación (meses) | E28: 12
C29: Inicio (mes) | E29: =Supuestos!D138 -> 10
C30: Cantidad | F30: =F19 -> 0 | G30: =G19 -> 0 | H30: =H19 -> 0 | I30: =I19 -> 0 | J30: =J19 -> 0 | K30: =K19 -> 0 | L30: =L19 -> 0 | M30: =M19 -> 0 | ... BM30: =BM19 -> 0
C32: Consultor/a asociado | F32: =(F33*(1+F34))*F37 -> 0 | G32: =(G33*(1+G34))*G37 -> 0 | H32: =(H33*(1+H34))*H37 -> 0 | I32: =(I33*(1+I34))*I37 -> 0 | J32: =(J33*(1+J34))*J37 -> 0 | K32: =(K33*(1+K34))*K37 -> 0 | L32: =(L33*(1+L34))*L37 -> 0 | M32: =(M33*(1+M34))*M37 -> 0 | ... BM32: =(BM33*(1+BM34))*BM37 -> 0
B33: =MATCH(C33,Supuestos!$B$3:$B$157,0) -> 138 | C33: Consultor/a Asociado/a | E33: =Supuestos!D140 -> 6 | F33: =HLOOKUP(F$2,Supuestos!$D$3:$H$149,$B$33,0) -> 6 | G33: =HLOOKUP(G$2,Supuestos!$D$3:$H$149,$B$33,0) -> 6 | H33: =HLOOKUP(H$2,Supuestos!$D$3:$H$149,$B$33,0) -> 6 | I33: =HLOOKUP(I$2,Supuestos!$D$3:$H$149,$B$33,0) -> 6 | J33: =HLOOKUP(J$2,Supuestos!$D$3:$H$149,$B$33,0) -> 6 | K33: =HLOOKUP(K$2,Supuestos!$D$3:$H$149,$B$33,0) -> 6 | L33: =HLOOKUP(L$2,Supuestos!$D$3:$H$149,$B$33,0) -> 6 | M33: =HLOOKUP(M$2,Supuestos!$D$3:$H$149,$B$33,0) -> 6 | ... BM33: =HLOOKUP(BM$2,Supuestos!$D$3:$H$149,$B$33,0) -> 6.7530529
B34: =MATCH(C34,Supuestos!$B$3:$B$157,0) -> 3 | C34: Carga prestacional | F34: =HLOOKUP(F$2,Supuestos!$D$3:$H$181,$B34,0) -> 0 | G34: =HLOOKUP(G$2,Supuestos!$D$3:$H$181,$B34,0) -> 0 | H34: =HLOOKUP(H$2,Supuestos!$D$3:$H$181,$B34,0) -> 0 | I34: =HLOOKUP(I$2,Supuestos!$D$3:$H$181,$B34,0) -> 0 | J34: =HLOOKUP(J$2,Supuestos!$D$3:$H$181,$B34,0) -> 0 | K34: =HLOOKUP(K$2,Supuestos!$D$3:$H$181,$B34,0) -> 0 | L34: =HLOOKUP(L$2,Supuestos!$D$3:$H$181,$B34,0) -> 0 | M34: =HLOOKUP(M$2,Supuestos!$D$3:$H$181,$B34,0) -> 0 | ... BM34: =HLOOKUP(BM$2,Supuestos!$D$3:$H$181,$B34,0) -> 0
C35: Renovación (meses) | E35: 60
C36: Inicio (mes) | E36: =Supuestos!D141 -> 7
C37: Cantidad | F37: =F20 -> 0 | G37: =G20 -> 0 | H37: =H20 -> 0 | I37: =I20 -> 0 | J37: =J20 -> 0 | K37: =K20 -> 0 | L37: =L20 -> 0 | M37: =M20 -> 0 | ... BM37: =BM20 -> 0
C39: Apoyo | F39: =(F40*(1+F41))*F44 -> 0 | G39: =(G40*(1+G41))*G44 -> 0 | H39: =(H40*(1+H41))*H44 -> 0 | I39: =(I40*(1+I41))*I44 -> 0 | J39: =(J40*(1+J41))*J44 -> 0 | K39: =(K40*(1+K41))*K44 -> 0 | L39: =(L40*(1+L41))*L44 -> 0 | M39: =(M40*(1+M41))*M44 -> 0 | ... BM39: =(BM40*(1+BM41))*BM44 -> 0
B40: =MATCH(C40,Supuestos!$B$3:$B$157,0) -> 141 | C40: Apoyo consultoría | E40: =Supuestos!D143 -> 2.5 | F40: =HLOOKUP(F$2,Supuestos!$D$3:$H$149,$B$40,0) -> 2.5 | G40: =HLOOKUP(G$2,Supuestos!$D$3:$H$149,$B$40,0) -> 2.5 | H40: =HLOOKUP(H$2,Supuestos!$D$3:$H$149,$B$40,0) -> 2.5 | I40: =HLOOKUP(I$2,Supuestos!$D$3:$H$149,$B$40,0) -> 2.5 | J40: =HLOOKUP(J$2,Supuestos!$D$3:$H$149,$B$40,0) -> 2.5 | K40: =HLOOKUP(K$2,Supuestos!$D$3:$H$149,$B$40,0) -> 2.5 | L40: =HLOOKUP(L$2,Supuestos!$D$3:$H$149,$B$40,0) -> 2.5 | M40: =HLOOKUP(M$2,Supuestos!$D$3:$H$149,$B$40,0) -> 2.5 | ... BM40: =HLOOKUP(BM$2,Supuestos!$D$3:$H$149,$B$40,0) -> 2.813772
B41: =MATCH(C41,Supuestos!$B$3:$B$157,0) -> 3 | C41: Carga prestacional | F41: =HLOOKUP(F$2,Supuestos!$D$3:$H$181,$B41,0) -> 0 | G41: =HLOOKUP(G$2,Supuestos!$D$3:$H$181,$B41,0) -> 0 | H41: =HLOOKUP(H$2,Supuestos!$D$3:$H$181,$B41,0) -> 0 | I41: =HLOOKUP(I$2,Supuestos!$D$3:$H$181,$B41,0) -> 0 | J41: =HLOOKUP(J$2,Supuestos!$D$3:$H$181,$B41,0) -> 0 | K41: =HLOOKUP(K$2,Supuestos!$D$3:$H$181,$B41,0) -> 0 | L41: =HLOOKUP(L$2,Supuestos!$D$3:$H$181,$B41,0) -> 0 | M41: =HLOOKUP(M$2,Supuestos!$D$3:$H$181,$B41,0) -> 0 | ... BM41: =HLOOKUP(BM$2,Supuestos!$D$3:$H$181,$B41,0) -> 0
C42: Renovación (meses) | E42: 60
C43: Inicio (mes) | E43: =Supuestos!D70 -> 13
C44: Cantidad | F44: =F21 -> 0 | G44: =G21 -> 0 | H44: =H21 -> 0 | I44: =I21 -> 0 | J44: =J21 -> 0 | K44: =K21 -> 0 | L44: =L21 -> 0 | M44: =M21 -> 0 | ... BM44: =BM21 -> 0
C47: Director/a cuentas consultoría | F47: =(F48*(1+F49))*F52*F53 -> 0 | G47: =(G48*(1+G49))*G52*G53 -> 0 | H47: =(H48*(1+H49))*H52*H53 -> 0 | I47: =(I48*(1+I49))*I52*I53 -> 0 | J47: =(J48*(1+J49))*J52*J53 -> 0 | K47: =(K48*(1+K49))*K52*K53 -> 0 | L47: =(L48*(1+L49))*L52*L53 -> 0 | M47: =(M48*(1+M49))*M52*M53 -> 0 | ... BM47: =(BM48*(1+BM49))*BM52*BM53 -> 0
B48: =MATCH(C48,Supuestos!$B$3:$B$157,0) -> 144 | C48: Director/a cuentas consultoría | E48: =Supuestos!D146 -> 6 | F48: =HLOOKUP(F$2,Supuestos!$D$3:$H$149,$B$48,0) -> 6 | G48: =HLOOKUP(G$2,Supuestos!$D$3:$H$149,$B$48,0) -> 6 | H48: =HLOOKUP(H$2,Supuestos!$D$3:$H$149,$B$48,0) -> 6 | I48: =HLOOKUP(I$2,Supuestos!$D$3:$H$149,$B$48,0) -> 6 | J48: =HLOOKUP(J$2,Supuestos!$D$3:$H$149,$B$48,0) -> 6 | K48: =HLOOKUP(K$2,Supuestos!$D$3:$H$149,$B$48,0) -> 6 | L48: =HLOOKUP(L$2,Supuestos!$D$3:$H$149,$B$48,0) -> 6 | M48: =HLOOKUP(M$2,Supuestos!$D$3:$H$149,$B$48,0) -> 6 | ... BM48: =HLOOKUP(BM$2,Supuestos!$D$3:$H$149,$B$48,0) -> 6.556362
B49: =MATCH(C49,Supuestos!$B$3:$B$157,0) -> 3 | C49: Carga prestacional | E49: 0 | F49: =HLOOKUP(F$2,Supuestos!$D$3:$H$181,$B49,0) -> 0 | G49: =HLOOKUP(G$2,Supuestos!$D$3:$H$181,$B49,0) -> 0 | H49: =HLOOKUP(H$2,Supuestos!$D$3:$H$181,$B49,0) -> 0 | I49: =HLOOKUP(I$2,Supuestos!$D$3:$H$181,$B49,0) -> 0 | J49: =HLOOKUP(J$2,Supuestos!$D$3:$H$181,$B49,0) -> 0 | K49: =HLOOKUP(K$2,Supuestos!$D$3:$H$181,$B49,0) -> 0 | L49: =HLOOKUP(L$2,Supuestos!$D$3:$H$181,$B49,0) -> 0 | M49: =HLOOKUP(M$2,Supuestos!$D$3:$H$181,$B49,0) -> 0 | ... BM49: =HLOOKUP(BM$2,Supuestos!$D$3:$H$181,$B49,0) -> 0
C50: Renovación (meses) | E50: 60
C51: Inicio (mes)
C52: Cantidad | E52: 0 | F52: =E52 -> 0 | G52: =F52 -> 0 | H52: =G52 -> 0 | I52: =H52 -> 0 | J52: =I52 -> 0 | K52: =J52 -> 0 | L52: =K52 -> 0 | M52: =L52 -> 0 | ... BM52: =BL52 -> 0
C53: Activo | E53: 0 | F53: =IF(E53=1,E53,IF($E51=F$4,1,0)) -> 0 | G53: =IF(F53=1,F53,IF($E51=G$4,1,0)) -> 0 | H53: =IF(G53=1,G53,IF($E51=H$4,1,0)) -> 0 | I53: =IF(H53=1,H53,IF($E51=I$4,1,0)) -> 0 | J53: =IF(I53=1,I53,IF($E51=J$4,1,0)) -> 0 | K53: =IF(J53=1,J53,IF($E51=K$4,1,0)) -> 0 | L53: =IF(K53=1,K53,IF($E51=L$4,1,0)) -> 0 | M53: =IF(L53=1,L53,IF($E51=M$4,1,0)) -> 0 | ... BM53: =IF(BL53=1,BL53,IF($E51=BM$4,1,0)) -> 0

Sheet Consult_Innov_Abierta
B1: ='Flujo de Caja'!$A$1 -> valores $ en COP '000,000 | F1: ='Ingresos detallado'!F1 -> Año | G1: ='Ingresos detallado'!G1 -> Año | H1: ='Ingresos detallado'!H1 -> Año | I1: ='Ingresos detallado'!I1 -> Año | J1: ='Ingresos detallado'!J1 -> Año | K1: ='Ingresos detallado'!K1 -> Año | L1: ='Ingresos detallado'!L1 -> Año | M1: ='Ingresos detallado'!M1 -> Año | ... BM1: ='Ingresos detallado'!BM1 -> Año
F2: ='Ingresos detallado'!F2 -> 1 | G2: ='Ingresos detallado'!G2 -> 1 | H2: ='Ingresos detallado'!H2 -> 1 | I2: ='Ingresos detallado'!I2 -> 1 | J2: ='Ingresos detallado'!J2 -> 1 | K2: ='Ingresos detallado'!K2 -> 1 | L2: ='Ingresos detallado'!L2 -> 1 | M2: ='Ingresos detallado'!M2 -> 1 | ... BM2: ='Ingresos detallado'!BM2 -> 5
F3: ='Ingresos detallado'!F3 -> Mes | G3: ='Ingresos detallado'!G3 -> Mes | H3: ='Ingresos detallado'!H3 -> Mes | I3: ='Ingresos detallado'!I3 -> Mes | J3: ='Ingresos detallado'!J3 -> Mes | K3: ='Ingresos detallado'!K3 -> Mes | L3: ='Ingresos detallado'!L3 -> Mes | M3: ='Ingresos detallado'!M3 -> Mes | ... BM3: ='Ingresos detallado'!BM3 -> Mes
F4: ='Ingresos detallado'!F4 -> 1 | G4: ='Ingresos detallado'!G4 -> 2 | H4: ='Ingresos detallado'!H4 -> 3 | I4: ='Ingresos detallado'!I4 -> 4 | J4: ='Ingresos detallado'!J4 -> 5 | K4: ='Ingresos detallado'!K4 -> 6 | L4: ='Ingresos detallado'!L4 -> 7 | M4: ='Ingresos detallado'!M4 -> 8 | ... BM4: ='Ingresos detallado'!BM4 -> 60
B6: Total Costos Consultoría Innov. Abierta | F6: =F23+F30+F37+F45 -> 0 | G6: =G23+G30+G37 -> 0 | H6: =H23+H30+H37 -> 0 | I6: =I23+I30+I37 -> 20.5 | J6: =J23+J30+J37 -> 20.5 | K6: =K23+K30+K37 -> 20.5 | L6: =L23+L30+L37 -> 23 | M6: =M23+M30+M37 -> 23 | N6: =N23+N30+N37 -> 23 | ... BM6: =BM23+BM30+BM37 -> 160.38501
B7: =MATCH(C7,Supuestos!$B$3:$B$154,0) -> 4 | C7: =Supuestos!B6 -> Costos administrativos | D7: Administrativos | F7: =HLOOKUP(F$2,Supuestos!$D$3:$H$75,$B$7,0)*F6 -> 0 | G7: =HLOOKUP(G$2,Supuestos!$D$3:$H$75,$B$7,0)*G6 -> 0 | H7: =HLOOKUP(H$2,Supuestos!$D$3:$H$75,$B$7,0)*H6 -> 0 | I7: =HLOOKUP(I$2,Supuestos!$D$3:$H$75,$B$7,0)*I6 -> 0.82 | J7: =HLOOKUP(J$2,Supuestos!$D$3:$H$75,$B$7,0)*J6 -> 0.82 | K7: =HLOOKUP(K$2,Supuestos!$D$3:$H$75,$B$7,0)*K6 -> 0.82 | L7: =HLOOKUP(L$2,Supuestos!$D$3:$H$75,$B$7,0)*L6 -> 0.92 | M7: =HLOOKUP(M$2,Supuestos!$D$3:$H$75,$B$7,0)*M6 -> 0.92 | ... BM7: =HLOOKUP(BM$2,Supuestos!$D$3:$H$75,$B$7,0)*BM6 -> 6.4154002
C9: Proyectos activos
C10: Proyectos Innov. Abierta activos | F10: =SUM(F11:F14) -> 0 | G10: =SUM(G11:G14) -> 0 | H10: =SUM(H11:H14) -> 0 | I10: =SUM(I11:I14) -> 4 | J10: =SUM(J11:J14) -> 4 | K10: =SUM(K11:K14) -> 4 | L10: =SUM(L11:L14) -> 5 | M10: =SUM(M11:M14) -> 5 | ... BM10: =SUM(BM11:BM14) -> 34
C11: Primario | F11: ='Ingresos detallado'!F85 -> 0 | G11: ='Ingresos detallado'!G85 -> 0 | H11: ='Ingresos detallado'!H85 -> 0 | I11: ='Ingresos detallado'!I85 -> 2 | J11: ='Ingresos detallado'!J85 -> 2 | K11: ='Ingresos detallado'!K85 -> 2 | L11: ='Ingresos detallado'!L85 -> 2 | M11: ='Ingresos detallado'!M85 -> 2 | ... BM11: ='Ingresos detallado'!BM85 -> 8
C12: Mediano | F12: ='Ingresos detallado'!F99 -> 0 | G12: ='Ingresos detallado'!G99 -> 0 | H12: ='Ingresos detallado'!H99 -> 0 | I12: ='Ingresos detallado'!I99 -> 2 | J12: ='Ingresos detallado'!J99 -> 2 | K12: ='Ingresos detallado'!K99 -> 2 | L12: ='Ingresos detallado'!L99 -> 2 | M12: ='Ingresos detallado'!M99 -> 2 | ... BM12: ='Ingresos detallado'!BM99 -> 8
C13: Profundo | F13: ='Ingresos detallado'!F113 -> 0 | G13: ='Ingresos detallado'!G113 -> 0 | H13: ='Ingresos detallado'!H113 -> 0 | I13: ='Ingresos detallado'!I113 -> 0 | J13: ='Ingresos detallado'!J113 -> 0 | K13: ='Ingresos detallado'!K113 -> 0 | L13: ='Ingresos detallado'!L113 -> 0 | M13: ='Ingresos detallado'!M113 -> 0 | ... BM13: ='Ingresos detallado'!BM113 -> 16
C14: Gran Proyecto y reto de ciudad | F14: ='Ingresos detallado'!F125 -> 0 | G14: ='Ingresos detallado'!G125 -> 0 | H14: ='Ingresos detallado'!H125 -> 0 | I14: ='Ingresos detallado'!I125 -> 0 | J14: ='Ingresos detallado'!J125 -> 0 | K14: ='Ingresos detallado'!K125 -> 0 | L14: ='Ingresos detallado'!L125 -> 1 | M14: ='Ingresos detallado'!M125 -> 1 | ... BM14: ='Ingresos detallado'!BM125 -> 2
C16: Consultores Innov. Abierta requeridos | F16: =SUM(F17:F19) -> 0 | G16: =SUM(G17:G19) -> 0 | H16: =SUM(H17:H19) -> 0 | I16: =SUM(I17:I19) -> 3 | J16: =SUM(J17:J19) -> 3 | K16: =SUM(K17:K19) -> 3 | L16: =SUM(L17:L19) -> 4 | M16: =SUM(M17:M19) -> 4 | ... BM16: =SUM(BM17:BM19) -> 23
C17: Senior | F17: =ROUNDUP((F11*Supuestos!$D$124)+(Consult_Innov_Abierta!F12*Supuestos!$D$125)+(Consult_Innov_Abierta!F13*Supuestos!$D$126)+(Consult_Innov_Abierta!F14*Supuestos!$D$127),0) -> 0 | G17: =ROUNDUP((G11*Supuestos!$D$124)+(Consult_Innov_Abierta!G12*Supuestos!$D$125)+(Consult_Innov_Abierta!G13*Supuestos!$D$126)+(Consult_Innov_Abierta!G14*Supuestos!$D$127),0) -> 0 | H17: =ROUNDUP((H11*Supuestos!$D$124)+(Consult_Innov_Abierta!H12*Supuestos!$D$125)+(Consult_Innov_Abierta!H13*Supuestos!$D$126)+(Consult_Innov_Abierta!H14*Supuestos!$D$127),0) -> 0 | I17: =ROUNDUP((I11*Supuestos!$D$124)+(Consult_Innov_Abierta!I12*Supuestos!$D$125)+(Consult_Innov_Abierta!I13*Supuestos!$D$126)+(Consult_Innov_Abierta!I14*Supuestos!$D$127),0) -> 1 | J17: =ROUNDUP((J11*Supuestos!$D$124)+(Consult_Innov_Abierta!J12*Supuestos!$D$125)+(Consult_Innov_Abierta!J13*Supuestos!$D$126)+(Consult_Innov_Abierta!J14*Supuestos!$D$127),0) -> 1 | K17: =ROUNDUP((K11*Supuestos!$D$124)+(Consult_Innov_Abierta!K12*Supuestos!$D$125)+(Consult_Innov_Abierta!K13*Supuestos!$D$126)+(Consult_Innov_Abierta!K14*Supuestos!$D$127),0) -> 1 | L17: =ROUNDUP((L11*Supuestos!$D$124)+(Consult_Innov_Abierta!L12*Supuestos!$D$125)+(Consult_Innov_Abierta!L13*Supuestos!$D$126)+(Consult_Innov_Abierta!L14*Supuestos!$D$127),0) -> 1 | M17: =ROUNDUP((M11*Supuestos!$D$124)+(Consult_Innov_Abierta!M12*Supuestos!$D$125)+(Consult_Innov_Abierta!M13*Supuestos!$D$126)+(Consult_Innov_Abierta!M14*Supuestos!$D$127),0) -> 1 | ... BM17: =ROUNDUP((BM11*Supuestos!$D$124)+(Consult_Innov_Abierta!BM12*Supuestos!$D$125)+(Consult_Innov_Abierta!BM13*Supuestos!$D$126)+(Consult_Innov_Abierta!BM14*Supuestos!$D$127),0) -> 6
C18: Asociado/a | F18: =ROUNDUP((F11*Supuestos!$E$124)+(Consult_Innov_Abierta!F12*Supuestos!$E$125)+(Consult_Innov_Abierta!F13*Supuestos!$E$126)+(Consult_Innov_Abierta!F14*Supuestos!$E$127),0) -> 0 | G18: =ROUNDUP((G11*Supuestos!$E$124)+(Consult_Innov_Abierta!G12*Supuestos!$E$125)+(Consult_Innov_Abierta!G13*Supuestos!$E$126)+(Consult_Innov_Abierta!G14*Supuestos!$E$127),0) -> 0 | H18: =ROUNDUP((H11*Supuestos!$E$124)+(Consult_Innov_Abierta!H12*Supuestos!$E$125)+(Consult_Innov_Abierta!H13*Supuestos!$E$126)+(Consult_Innov_Abierta!H14*Supuestos!$E$127),0) -> 0 | I18: =ROUNDUP((I11*Supuestos!$E$124)+(Consult_Innov_Abierta!I12*Supuestos!$E$125)+(Consult_Innov_Abierta!I13*Supuestos!$E$126)+(Consult_Innov_Abierta!I14*Supuestos!$E$127),0) -> 1 | J18: =ROUNDUP((J11*Supuestos!$E$124)+(Consult_Innov_Abierta!J12*Supuestos!$E$125)+(Consult_Innov_Abierta!J13*Supuestos!$E$126)+(Consult_Innov_Abierta!J14*Supuestos!$E$127),0) -> 1 | K18: =ROUNDUP((K11*Supuestos!$E$124)+(Consult_Innov_Abierta!K12*Supuestos!$E$125)+(Consult_Innov_Abierta!K13*Supuestos!$E$126)+(Consult_Innov_Abierta!K14*Supuestos!$E$127),0) -> 1 | L18: =ROUNDUP((L11*Supuestos!$E$124)+(Consult_Innov_Abierta!L12*Supuestos!$E$125)+(Consult_Innov_Abierta!L13*Supuestos!$E$126)+(Consult_Innov_Abierta!L14*Supuestos!$E$127),0) -> 1 | M18: =ROUNDUP((M11*Supuestos!$E$124)+(Consult_Innov_Abierta!M12*Supuestos!$E$125)+(Consult_Innov_Abierta!M13*Supuestos!$E$126)+(Consult_Innov_Abierta!M14*Supuestos!$E$127),0) -> 1 | ... BM18: =ROUNDUP((BM11*Supuestos!$E$124)+(Consult_Innov_Abierta!BM12*Supuestos!$E$125)+(Consult_Innov_Abierta!BM13*Supuestos!$E$126)+(Consult_Innov_Abierta!BM14*Supuestos!$E$127),0) -> 8
C19: Apoyo | F19: =ROUNDUP((F11*Supuestos!$F$124)+(Consult_Innov_Abierta!F12*Supuestos!$F$125)+(Consult_Innov_Abierta!F13*Supuestos!$F$126)+(Consult_Innov_Abierta!F14*Supuestos!$F$127),0) -> 0 | G19: =ROUNDUP((G11*Supuestos!$F$124)+(Consult_Innov_Abierta!G12*Supuestos!$F$125)+(Consult_Innov_Abierta!G13*Supuestos!$F$126)+(Consult_Innov_Abierta!G14*Supuestos!$F$127),0) -> 0 | H19: =ROUNDUP((H11*Supuestos!$F$124)+(Consult_Innov_Abierta!H12*Supuestos!$F$125)+(Consult_Innov_Abierta!H13*Supuestos!$F$126)+(Consult_Innov_Abierta!H14*Supuestos!$F$127),0) -> 0 | I19: =ROUNDUP((I11*Supuestos!$F$124)+(Consult_Innov_Abierta!I12*Supuestos!$F$125)+(Consult_Innov_Abierta!I13*Supuestos!$F$126)+(Consult_Innov_Abierta!I14*Supuestos!$F$127),0) -> 1 | J19: =ROUNDUP((J11*Supuestos!$F$124)+(Consult_Innov_Abierta!J12*Supuestos!$F$125)+(Consult_Innov_Abierta!J13*Supuestos!$F$126)+(Consult_Innov_Abierta!J14*Supuestos!$F$127),0) -> 1 | K19: =ROUNDUP((K11*Supuestos!$F$124)+(Consult_Innov_Abierta!K12*Supuestos!$F$125)+(Consult_Innov_Abierta!K13*Supuestos!$F$126)+(Consult_Innov_Abierta!K14*Supuestos!$F$127),0) -> 1 | L19: =ROUNDUP((L11*Supuestos!$F$124)+(Consult_Innov_Abierta!L12*Supuestos!$F$125)+(Consult_Innov_Abierta!L13*Supuestos!$F$126)+(Consult_Innov_Abierta!L14*Supuestos!$F$127),0) -> 2 | M19: =ROUNDUP((M11*Supuestos!$F$124)+(Consult_Innov_Abierta!M12*Supuestos!$F$125)+(Consult_Innov_Abierta!M13*Supuestos!$F$126)+(Consult_Innov_Abierta!M14*Supuestos!$F$127),0) -> 2 | ... BM19: =ROUNDUP((BM11*Supuestos!$F$124)+(Consult_Innov_Abierta!BM12*Supuestos!$F$125)+(Consult_Innov_Abierta!BM13*Supuestos!$F$126)+(Consult_Innov_Abierta!BM14*Supuestos!$F$127),0) -> 9
C23: Consultor/a Senior | F23: =(F24*(1+F25))*F28 -> 0 | G23: =(G24*(1+G25))*G28 -> 0 | H23: =(H24*(1+H25))*H28 -> 0 | I23: =(I24*(1+I25))*I28 -> 12 | J23: =(J24*(1+J25))*J28 -> 12 | K23: =(K24*(1+K25))*K28 -> 12 | L23: =(L24*(1+L25))*L28 -> 12 | M23: =(M24*(1+M25))*M28 -> 12 | ... BM23: =(BM24*(1+BM25))*BM28 -> 81.036634
B24: =MATCH(C24,Supuestos!$B$3:$B$157,0) -> 135 | C24: Consultor/a Senior | E24: =Supuestos!D137 -> 12 | F24: =HLOOKUP(F$2,Supuestos!$D$3:$H$149,$B$24,0) -> 12 | G24: =HLOOKUP(G$2,Supuestos!$D$3:$H$149,$B$24,0) -> 12 | H24: =HLOOKUP(H$2,Supuestos!$D$3:$H$149,$B$24,0) -> 12 | I24: =HLOOKUP(I$2,Supuestos!$D$3:$H$149,$B$24,0) -> 12 | J24: =HLOOKUP(J$2,Supuestos!$D$3:$H$149,$B$24,0) -> 12 | K24: =HLOOKUP(K$2,Supuestos!$D$3:$H$149,$B$24,0) -> 12 | L24: =HLOOKUP(L$2,Supuestos!$D$3:$H$149,$B$24,0) -> 12 | M24: =HLOOKUP(M$2,Supuestos!$D$3:$H$149,$B$24,0) -> 12 | ... BM24: =HLOOKUP(BM$2,Supuestos!$D$3:$H$149,$B$24,0) -> 13.506106
B25: =MATCH(C25,Supuestos!$B$3:$B$157,0) -> 3 | C25: Carga prestacional | F25: =HLOOKUP(F$2,Supuestos!$D$3:$H$181,$B25,0) -> 0 | G25: =HLOOKUP(G$2,Supuestos!$D$3:$H$181,$B25,0) -> 0 | H25: =HLOOKUP(H$2,Supuestos!$D$3:$H$181,$B25,0) -> 0 | I25: =HLOOKUP(I$2,Supuestos!$D$3:$H$181,$B25,0) -> 0 | J25: =HLOOKUP(J$2,Supuestos!$D$3:$H$181,$B25,0) -> 0 | K25: =HLOOKUP(K$2,Supuestos!$D$3:$H$181,$B25,0) -> 0 | L25: =HLOOKUP(L$2,Supuestos!$D$3:$H$181,$B25,0) -> 0 | M25: =HLOOKUP(M$2,Supuestos!$D$3:$H$181,$B25,0) -> 0 | ... BM25: =HLOOKUP(BM$2,Supuestos!$D$3:$H$181,$B25,0) -> 0
C26: Renovación (meses) | E26: 12
C27: Inicio (mes) | E27: =Supuestos!D138 -> 10
C28: Cantidad | F28: =F17 -> 0 | G28: =G17 -> 0 | H28: =H17 -> 0 | I28: =I17 -> 1 | J28: =J17 -> 1 | K28: =K17 -> 1 | L28: =L17 -> 1 | M28: =M17 -> 1 | ... BM28: =BM17 -> 6
C30: Consultor/a asociado | F30: =(F31*(1+F32))*F35 -> 0 | G30: =(G31*(1+G32))*G35 -> 0 | H30: =(H31*(1+H32))*H35 -> 0 | I30: =(I31*(1+I32))*I35 -> 6 | J30: =(J31*(1+J32))*J35 -> 6 | K30: =(K31*(1+K32))*K35 -> 6 | L30: =(L31*(1+L32))*L35 -> 6 | M30: =(M31*(1+M32))*M35 -> 6 | ... BM30: =(BM31*(1+BM32))*BM35 -> 54.024423
B31: =MATCH(C31,Supuestos!$B$3:$B$157,0) -> 138 | C31: Consultor/a Asociado/a | E31: =Supuestos!D140 -> 6 | F31: =HLOOKUP(F$2,Supuestos!$D$3:$H$149,$B$31,0) -> 6 | G31: =HLOOKUP(G$2,Supuestos!$D$3:$H$149,$B$31,0) -> 6 | H31: =HLOOKUP(H$2,Supuestos!$D$3:$H$149,$B$31,0) -> 6 | I31: =HLOOKUP(I$2,Supuestos!$D$3:$H$149,$B$31,0) -> 6 | J31: =HLOOKUP(J$2,Supuestos!$D$3:$H$149,$B$31,0) -> 6 | K31: =HLOOKUP(K$2,Supuestos!$D$3:$H$149,$B$31,0) -> 6 | L31: =HLOOKUP(L$2,Supuestos!$D$3:$H$149,$B$31,0) -> 6 | M31: =HLOOKUP(M$2,Supuestos!$D$3:$H$149,$B$31,0) -> 6 | ... BM31: =HLOOKUP(BM$2,Supuestos!$D$3:$H$149,$B$31,0) -> 6.7530529
B32: =MATCH(C32,Supuestos!$B$3:$B$157,0) -> 3 | C32: Carga prestacional | F32: =HLOOKUP(F$2,Supuestos!$D$3:$H$181,$B32,0) -> 0 | G32: =HLOOKUP(G$2,Supuestos!$D$3:$H$181,$B32,0) -> 0 | H32: =HLOOKUP(H$2,Supuestos!$D$3:$H$181,$B32,0) -> 0 | I32: =HLOOKUP(I$2,Supuestos!$D$3:$H$181,$B32,0) -> 0 | J32: =HLOOKUP(J$2,Supuestos!$D$3:$H$181,$B32,0) -> 0 | K32: =HLOOKUP(K$2,Supuestos!$D$3:$H$181,$B32,0) -> 0 | L32: =HLOOKUP(L$2,Supuestos!$D$3:$H$181,$B32,0) -> 0 | M32: =HLOOKUP(M$2,Supuestos!$D$3:$H$181,$B32,0) -> 0 | ... BM32: =HLOOKUP(BM$2,Supuestos!$D$3:$H$181,$B32,0) -> 0
C33: Renovación (meses) | E33: 60
C34: Inicio (mes) | E34: =Supuestos!D141 -> 7
C35: Cantidad | F35: =F18 -> 0 | G35: =G18 -> 0 | H35: =H18 -> 0 | I35: =I18 -> 1 | J35: =J18 -> 1 | K35: =K18 -> 1 | L35: =L18 -> 1 | M35: =M18 -> 1 | ... BM35: =BM18 -> 8
C37: Apoyo | F37: =(F38*(1+F39))*F42 -> 0 | G37: =(G38*(1+G39))*G42 -> 0 | H37: =(H38*(1+H39))*H42 -> 0 | I37: =(I38*(1+I39))*I42 -> 2.5 | J37: =(J38*(1+J39))*J42 -> 2.5 | K37: =(K38*(1+K39))*K42 -> 2.5 | L37: =(L38*(1+L39))*L42 -> 5 | M37: =(M38*(1+M39))*M42 -> 5 | ... BM37: =(BM38*(1+BM39))*BM42 -> 25.323948
B38: =MATCH(C38,Supuestos!$B$3:$B$157,0) -> 141 | C38: Apoyo consultoría | E38: =Supuestos!D143 -> 2.5 | F38: =HLOOKUP(F$2,Supuestos!$D$3:$H$149,$B$38,0) -> 2.5 | G38: =HLOOKUP(G$2,Supuestos!$D$3:$H$149,$B$38,0) -> 2.5 | H38: =HLOOKUP(H$2,Supuestos!$D$3:$H$149,$B$38,0) -> 2.5 | I38: =HLOOKUP(I$2,Supuestos!$D$3:$H$149,$B$38,0) -> 2.5 | J38: =HLOOKUP(J$2,Supuestos!$D$3:$H$149,$B$38,0) -> 2.5 | K38: =HLOOKUP(K$2,Supuestos!$D$3:$H$149,$B$38,0) -> 2.5 | L38: =HLOOKUP(L$2,Supuestos!$D$3:$H$149,$B$38,0) -> 2.5 | M38: =HLOOKUP(M$2,Supuestos!$D$3:$H$149,$B$38,0) -> 2.5 | ... BM38: =HLOOKUP(BM$2,Supuestos!$D$3:$H$149,$B$38,0) -> 2.813772
B39: =MATCH(C39,Supuestos!$B$3:$B$157,0) -> 3 | C39: Carga prestacional | F39: =HLOOKUP(F$2,Supuestos!$D$3:$H$181,$B39,0) -> 0 | G39: =HLOOKUP(G$2,Supuestos!$D$3:$H$181,$B39,0) -> 0 | H39: =HLOOKUP(H$2,Supuestos!$D$3:$H$181,$B39,0) -> 0 | I39: =HLOOKUP(I$2,Supuestos!$D$3:$H$181,$B39,0) -> 0 | J39: =HLOOKUP(J$2,Supuestos!$D$3:$H$181,$B39,0) -> 0 | K39: =HLOOKUP(K$2,Supuestos!$D$3:$H$181,$B39,0) -> 0 | L39: =HLOOKUP(L$2,Supuestos!$D$3:$H$181,$B39,0) -> 0 | M39: =HLOOKUP(M$2,Supuestos!$D$3:$H$181,$B39,0) -> 0 | ... BM39: =HLOOKUP(BM$2,Supuestos!$D$3:$H$181,$B39,0) -> 0
C40: Renovación (meses) | E40: 60
C41: Inicio (mes) | E41: =Supuestos!D70 -> 13
C42: Cantidad | F42: =F19 -> 0 | G42: =G19 -> 0 | H42: =H19 -> 0 | I42: =I19 -> 1 | J42: =J19 -> 1 | K42: =K19 -> 1 | L42: =L19 -> 2 | M42: =M19 -> 2 | ... BM42: =BM19 -> 9
C45: Director/a cuentas consultoría | F45: =(F46*(1+F47))*F50*F51 -> 0 | G45: =(G46*(1+G47))*G50*G51 -> 0 | H45: =(H46*(1+H47))*H50*H51 -> 0 | I45: =(I46*(1+I47))*I50*I51 -> 0 | J45: =(J46*(1+J47))*J50*J51 -> 0 | K45: =(K46*(1+K47))*K50*K51 -> 0 | L45: =(L46*(1+L47))*L50*L51 -> 0 | M45: =(M46*(1+M47))*M50*M51 -> 0 | ... BM45: =(BM46*(1+BM47))*BM50*BM51 -> 0
B46: =MATCH(C46,Supuestos!$B$3:$B$157,0) -> 144 | C46: Director/a cuentas consultoría | E46: =Supuestos!D146 -> 6 | F46: =HLOOKUP(F$2,Supuestos!$D$3:$H$149,$B$46,0) -> 6 | G46: =HLOOKUP(G$2,Supuestos!$D$3:$H$149,$B$46,0) -> 6 | H46: =HLOOKUP(H$2,Supuestos!$D$3:$H$149,$B$46,0) -> 6 | I46: =HLOOKUP(I$2,Supuestos!$D$3:$H$149,$B$46,0) -> 6 | J46: =HLOOKUP(J$2,Supuestos!$D$3:$H$149,$B$46,0) -> 6 | K46: =HLOOKUP(K$2,Supuestos!$D$3:$H$149,$B$46,0) -> 6 | L46: =HLOOKUP(L$2,Supuestos!$D$3:$H$149,$B$46,0) -> 6 | M46: =HLOOKUP(M$2,Supuestos!$D$3:$H$149,$B$46,0) -> 6 | ... BM46: =HLOOKUP(BM$2,Supuestos!$D$3:$H$149,$B$46,0) -> 6.556362
B47: =MATCH(C47,Supuestos!$B$3:$B$157,0) -> 3 | C47: Carga prestacional | E47: 0 | F47: =HLOOKUP(F$2,Supuestos!$D$3:$H$181,$B47,0) -> 0 | G47: =HLOOKUP(G$2,Supuestos!$D$3:$H$181,$B47,0) -> 0 | H47: =HLOOKUP(H$2,Supuestos!$D$3:$H$181,$B47,0) -> 0 | I47: =HLOOKUP(I$2,Supuestos!$D$3:$H$181,$B47,0) -> 0 | J47: =HLOOKUP(J$2,Supuestos!$D$3:$H$181,$B47,0) -> 0 | K47: =HLOOKUP(K$2,Supuestos!$D$3:$H$181,$B47,0) -> 0 | L47: =HLOOKUP(L$2,Supuestos!$D$3:$H$181,$B47,0) -> 0 | M47: =HLOOKUP(M$2,Supuestos!$D$3:$H$181,$B47,0) -> 0 | ... BM47: =HLOOKUP(BM$2,Supuestos!$D$3:$H$181,$B47,0) -> 0
C48: Renovación (meses) | E48: 60
C49: Inicio (mes)
C50: Cantidad | E50: 0 | F50: =E50 -> 0 | G50: =F50 -> 0 | H50: =G50 -> 0 | I50: =H50 -> 0 | J50: =I50 -> 0 | K50: =J50 -> 0 | L50: =K50 -> 0 | M50: =L50 -> 0 | ... BM50: =BL50 -> 0
C51: Activo | E51: 0 | F51: =IF(E51=1,E51,IF($E49=F$4,1,0)) -> 0 | G51: =IF(F51=1,F51,IF($E49=G$4,1,0)) -> 0 | H51: =IF(G51=1,G51,IF($E49=H$4,1,0)) -> 0 | I51: =IF(H51=1,H51,IF($E49=I$4,1,0)) -> 0 | J51: =IF(I51=1,I51,IF($E49=J$4,1,0)) -> 0 | K51: =IF(J51=1,J51,IF($E49=K$4,1,0)) -> 0 | L51: =IF(K51=1,K51,IF($E49=L$4,1,0)) -> 0 | M51: =IF(L51=1,L51,IF($E49=M$4,1,0)) -> 0 | ... BM51: =IF(BL51=1,BL51,IF($E49=BM$4,1,0)) -> 0

Sheet Flujo Mensual
A1: ='Flujo de Caja'!$A$1 -> valores $ en COP '000,000 | F1: ='Ingresos detallado'!F1 -> Año | G1: ='Ingresos detallado'!G1 -> Año | H1: ='Ingresos detallado'!H1 -> Año | I1: ='Ingresos detallado'!I1 -> Año | J1: ='Ingresos detallado'!J1 -> Año | K1: ='Ingresos detallado'!K1 -> Año | L1: ='Ingresos detallado'!L1 -> Año | M1: ='Ingresos detallado'!M1 -> Año | ... BM1: ='Ingresos detallado'!BM1 -> Año
F2: ='Ingresos detallado'!F2 -> 1 | G2: ='Ingresos detallado'!G2 -> 1 | H2: ='Ingresos detallado'!H2 -> 1 | I2: ='Ingresos detallado'!I2 -> 1 | J2: ='Ingresos detallado'!J2 -> 1 | K2: ='Ingresos detallado'!K2 -> 1 | L2: ='Ingresos detallado'!L2 -> 1 | M2: ='Ingresos detallado'!M2 -> 1 | ... BM2: ='Ingresos detallado'!BM2 -> 5
F3: ='Ingresos detallado'!F3 -> Mes | G3: ='Ingresos detallado'!G3 -> Mes | H3: ='Ingresos detallado'!H3 -> Mes | I3: ='Ingresos detallado'!I3 -> Mes | J3: ='Ingresos detallado'!J3 -> Mes | K3: ='Ingresos detallado'!K3 -> Mes | L3: ='Ingresos detallado'!L3 -> Mes | M3: ='Ingresos detallado'!M3 -> Mes | ... BM3: ='Ingresos detallado'!BM3 -> Mes
F4: ='Ingresos detallado'!F4 -> 1 | G4: ='Ingresos detallado'!G4 -> 2 | H4: ='Ingresos detallado'!H4 -> 3 | I4: ='Ingresos detallado'!I4 -> 4 | J4: ='Ingresos detallado'!J4 -> 5 | K4: ='Ingresos detallado'!K4 -> 6 | L4: ='Ingresos detallado'!L4 -> 7 | M4: ='Ingresos detallado'!M4 -> 8 | ... BM4: ='Ingresos detallado'!BM4 -> 60
D6: Ingresos | F6: ='Ingresos detallado'!F6 -> 0 | G6: ='Ingresos detallado'!G6 -> 0 | H6: ='Ingresos detallado'!H6 -> 0 | I6: ='Ingresos detallado'!I6 -> 119.34 | J6: ='Ingresos detallado'!J6 -> 0 | K6: ='Ingresos detallado'!K6 -> 0 | L6: ='Ingresos detallado'!L6 -> 184.68 | M6: ='Ingresos detallado'!M6 -> 0 | ... BM6: ='Ingresos detallado'!BM6 -> 22.815
D7: Egresos | F7: ='Equipo Núcleo'!F6+Plataforma!F6+Consult_Bogotech!F6 -> 8.5833333 | G7: ='Equipo Núcleo'!G6+Plataforma!G6+Consult_Bogotech!G6 -> 8.5833333 | H7: ='Equipo Núcleo'!H6+Plataforma!H6+Consult_Bogotech!H6 -> 8.5833333 | I7: ='Equipo Núcleo'!I6+Plataforma!I6+Consult_Bogotech!I6 -> 8.5833333 | J7: ='Equipo Núcleo'!J6+Plataforma!J6+Consult_Bogotech!J6 -> 13.583333 | K7: ='Equipo Núcleo'!K6+Plataforma!K6+Consult_Bogotech!K6 -> 13.583333 | L7: ='Equipo Núcleo'!L6+Plataforma!L6+Consult_Bogotech!L6 -> 21.583333 | M7: ='Equipo Núcleo'!M6+Plataforma!M6+Consult_Bogotech!M6 -> 21.583333 | ... BM7: ='Equipo Núcleo'!BM6+Plataforma!BM6+Consult_Bogotech!BM6 -> 86.195216
D8: Saldo | F8: =F6-F7 -> -8.5833333 | G8: =G6-G7 -> -8.5833333 | H8: =H6-H7 -> -8.5833333 | I8: =I6-I7 -> 110.75667 | J8: =J6-J7 -> -13.583333 | K8: =K6-K7 -> -13.583333 | L8: =L6-L7 -> 163.09667 | M8: =M6-M7 -> -21.583333 | ... BM8: =BM6-BM7 -> -63.380216
D9: Acumulado | F9: =F8 -> -8.5833333 | G9: =F9+G8 -> -17.166667 | H9: =G9+H8 -> -25.75 | I9: =H9+I8 -> 85.006667 | J9: =I9+J8 -> 71.423333 | K9: =J9+K8 -> 57.84 | L9: =K9+L8 -> 220.93667 | M9: =L9+M8 -> 199.35333 | N9: =M9+N8 -> 177.77 | ... BM9: =BL9+BM8 -> 9326.7628
D10: ¿Es negativo? | F10: =IF(F9<0,1,0) -> 1 | G10: =IF(G9<0,1,0) -> 1 | H10: =IF(H9<0,1,0) -> 1 | I10: =IF(I9<0,1,0) -> 0 | J10: =IF(J9<0,1,0) -> 0 | K10: =IF(K9<0,1,0) -> 0 | L10: =IF(L9<0,1,0) -> 0 | M10: =IF(M9<0,1,0) -> 0 | ... BM10: =IF(BM9<0,1,0) -> 0
D12: Meses en negativo | F12: =SUM(F10:BM10) -> 3
D13: Negativo máximo | F13: =MIN($F$8:$BM$8) -> -177.61936
D14: Acumulado máximo (neg) | F14: =MIN($F$9:$BM$9) -> -25.75

Sheet Mes minimo
A1: ='Flujo de Caja'!$A$1 -> valores $ en COP '000,000
D2: Año | E2: Año | F2: Año | G2: Año | H2: Año
A3: 1 | D3: 1 | E3: 2 | F3: 3 | G3: 4 | H3: 5
A4: 2 | B4: Ipc | D4: 0.03 | E4: =D4 -> 0.03 | F4: =E4 -> 0.03 | G4: =F4 -> 0.03 | H4: =G4 -> 0.03
A5: 3 | B5: Carga prestacional | D5: 0 | E5: =D5 -> 0 | F5: =E5 -> 0 | G5: =F5 -> 0 | H5: =G5 -> 0
A6: 4 | B6: Costos administrativos | D6: 0.04 | E6: =D6 -> 0.04 | F6: =E6 -> 0.04 | G6: =F6 -> 0.04 | H6: =G6 -> 0.04
A7: 5
B8: Ingresos | D8: =D9+D12 -> 32 | E8: =E9+E12 -> 43.26 | F8: =F9+F12 -> 44.5578 | G8: =G9+G12 -> 45.894534 | H8: =H9+H12 -> 47.27137
B9: Ventas Lic. Básica | D9: =D11*D10 -> 12 | E9: =E11*E10 -> 12.36 | F9: =F11*F10 -> 12.7308 | G9: =G11*G10 -> 13.112724 | H9: =H11*H10 -> 13.506106
B10: Precio Lic. Básica | D10: =3 -> 3 | E10: =D10*(1+D$4) -> 3.09 | F10: =E10*(1+E$4) -> 3.1827 | G10: =F10*(1+F$4) -> 3.278181 | H10: =G10*(1+G$4) -> 3.3765264
B11: Cant Lic. Básica | D11: 4 | E11: 4 | F11: 4 | G11: 4 | H11: 4
B12: Ventas Lic. Premium | D12: =D14*D13 -> 20 | E12: =E14*E13 -> 30.9 | F12: =F14*F13 -> 31.827 | G12: =G14*G13 -> 32.78181 | H12: =H14*H13 -> 33.765264
B13: Precio Lic. Premium | D13: 5 | E13: =D13*(1+D$4) -> 5.15 | F13: =E13*(1+E$4) -> 5.3045 | G13: =F13*(1+F$4) -> 5.463635 | H13: =G13*(1+G$4) -> 5.6275441
B14: Cant Lic. Básica | D14: 4 | E14: 6 | F14: 6 | G14: 6 | H14: 6
B16: Egresos | D16: =D17+D22 -> 213 | E16: =E17+E22 -> 161.84 | F16: =F17+F22 -> 166.6952 | G16: =G17+G22 -> 171.69606 | H16: =H17+H22 -> 176.84694
B17: Equipo Plataforma | D17: =SUM(D18:D20) -> 156 | E17: =SUM(E18:E20) -> 128.88 | F17: =SUM(F18:F20) -> 132.7464 | G17: =SUM(G18:G20) -> 136.72879 | H17: =SUM(H18:H20) -> 140.83066
B18: Salario Dirección | D18: =8*12 -> 96 | E18: =D18*(1+D4) -> 98.88 | F18: =E18*(1+E4) -> 101.8464 | G18: =F18*(1+F4) -> 104.90179 | H18: =G18*(1+G4) -> 108.04885
B19: Salario Product Owner | D19: =5*12 -> 60 | E19: 0 | F19: 0 | G19: 0 | H19: 0
B20: Salario Apoyo plataforma | D20: 0 | E20: =2.5*12 -> 30 | F20: =E20*(1+E$4) -> 30.9 | G20: =F20*(1+F$4) -> 31.827 | H20: =G20*(1+G$4) -> 32.78181
B22: Costos Plataforma | D22: =SUM(D23:D26) -> 57 | E22: =SUM(E23:E26) -> 32.96 | F22: =SUM(F23:F26) -> 33.9488 | G22: =SUM(G23:G26) -> 34.967264 | H22: =SUM(H23:H26) -> 36.016282
B23: Desarrollo | D23: 50 | E23: =D23*(1+D$4)/2 -> 25.75 | F23: =E23*(1+E$4) -> 26.5225 | G23: =F23*(1+F$4) -> 27.318175 | H23: =G23*(1+G$4) -> 28.13772
B24: UX y UI | D24: 0 | E24: =D24*(1+D$4) -> 0 | F24: =E24*(1+E$4) -> 0 | G24: =F24*(1+F$4) -> 0 | H24: =G24*(1+G$4) -> 0
B25: Hosting actual | D25: 7 | E25: =D25*(1+D4) -> 7.21 | F25: =E25*(1+E4) -> 7.4263 | G25: =F25*(1+F4) -> 7.649089 | H25: =G25*(1+G4) -> 7.8785617
B26: Estrategia Digital | D26: 0 | E26: 0 | F26: =E26*(1+E4) -> 0 | G26: =F26*(1+F4) -> 0 | H26: =G26*(1+G4) -> 0
B28: Saldo | D28: =D8-D16 -> -181 | E28: =E8-E16 -> -118.58 | F28: =F8-F16 -> -122.1374 | G28: =G8-G16 -> -125.80152 | H28: =H8-H16 -> -129.57557
B30: Otros Ingresos | D30: =SUM(D31:D32) -> 149 | E30: =SUM(E31:E32) -> 0 | F30: =SUM(F31:F32) -> 0 | G30: =SUM(G31:G32) -> 0 | H30: =SUM(H31:H32) -> 0
B31: Convenio nnn de 2020 | D31: 149
B32: Patrocinios | D32: 0 | E32: 0 | F32: 0 | G32: 0 | H32: 0
B34: Saldo pendiente | D34: =D28+D31 -> -32 | E34: =E28+E31 -> -118.58 | F34: =F28+F31 -> -122.1374 | G34: =G28+G31 -> -125.80152 | H34: =H28+H31 -> -129.57557
